Workbook
Name ИНФРСНКП: '1_ЦК -потери'!$E$11
Name Месяц: '1_ЦК'!$I$2
Name ФСК: '4_ЦК'!$F$310
Name Цбр: '5_ЦК'!$K$302
Name Црсв: '5_ЦК'!$K$298
Name Шапка: '1_ЦК'!$A$2
Name Шапка2: '1_ЦК -потери'!$A$2

Sheet 1_ЦК
A1: Предельные уровни нерегулируемых цен на электрическую энергию (мощность), поставляемую
A2: покупателям (потребителям) АО «НЭСК» в ноябре 2022г.
A4: I. Первая ценовая категория
A5: (для объемов покупки э/э (мощности), учет которых осуществляется в целом за расчетный период)
A6: 1.1. Предельный уровень нерегулируемых цен (по договорам энергоснабжения)
A7: Наименование подгрупп потребителей, дифференцированных в зависимости от величины максимальной мощности энергопринимающих устройств | D7: Предельный уровень свободных (нерегулируемых) цен на э/э (мощность), (руб./МВт*ч без НДС) | I7: Структура нерегулируемой цены в соответствии с требованиями п.89 Основных положений функционирования розничных рынков электрической энергии, утвержденных Постановлением Правительства РФ от 04.05.2012 №442
I8: Средневзвешенная нерегулируемая цена на электрическую энергию (мощность) | J8: Тарифы на услуги по передаче электрической энергии | O8: Плата за иные услуги, оказание которых является неотъемлемой частью процесса поставки электрической энергии потребителям | P8: Cбытовая надбавка
D9: ВН | E9: ГН | F9: СН1 | G9: СН2 | H9: НН | J9: ВН | K9: ГН | L9: СН1 | M9: СН2 | N9: НН
A10: 1 | D10: 2=3+4+5+6 | I10: 3 | J10: 4 | O10: 5 | P10: 6
A11: менее 150 кВт | D11: =$I11+$J11+$O11+#REF! -> #REF! | E11: =$I11+$K11+$O11+#REF! -> #REF! | F11: =$I11+$L11+$O11+#REF! -> #REF! | G11: =$I11+$M11+$O11+#REF! -> #REF! | H11: =$I11+$N11+$O11+#REF! -> #REF! | I11: =H29 -> 1544.42 | J11: 2016.72 | K11: 0 | L11: 2644.05 | M11: 4085.56 | N11: 5446.53 | O11: 6.61 | P11: 0
A12: менее 670 кВт | D12: =$I12+$J12+$O12+P12 -> 5958.61 | E12: =$I12+$K12+$O12+#REF! -> #REF! | F12: =$I12+$L12+$O12+P12 -> 6585.94 | G12: =$I12+$M12+$O12+P12 -> 8027.45 | H12: =$I12+$N12+$O12+P12 -> 9388.42 | I12: 3151.06 | J12: 2016.72 | K12: 0 | L12: 2644.05 | M12: 4085.56 | N12: 5446.53 | O12: 6.61 | P12: 784.22
A13: от 670 кВт до 10 МВт | D13: =$I13+$J13+$O13+P13 -> 5537.69 | E13: =$I13+$K13+$O13+#REF! -> #REF! | F13: =$I13+$L13+$O13+P13 -> 6165.02 | G13: =$I13+$M13+$O13+P13 -> 7606.53 | H13: =$I13+$N13+$O13+P13 -> 8967.5 | I13: 3151.06 | J13: 2016.72 | K13: 0 | L13: 2644.05 | M13: 4085.56 | N13: 5446.53 | O13: 6.61 | P13: 363.3
A14: не менее 10 МВт | D14: =$I14+$J14+$O14+P14 -> 5435.8 | E14: =$I14+$K14+$O14+#REF! -> #REF! | F14: =$I14+$L14+$O14+P14 -> 6063.13 | G14: =$I14+$M14+$O14+P14 -> 7504.64 | H14: =$I14+$N14+$O14+P14 -> 8865.61 | I14: 3151.06 | J14: 2016.72 | K14: 0 | L14: 2644.05 | M14: 4085.56 | N14: 5446.53 | O14: 6.61 | P14: 261.41
A17: 1.2. Предельный уровень нерегулируемых цен (по договорам купли - продажи).
A18: Наименование подгрупп потребителей, дифференцированных в зависимости от величины максимальной мощности энергопринимающих устройств | D18: Предельный уровень свободных (нерегулируемых) цен на э/э (мощность), (руб./МВт*ч без НДС) | I18: Структура нерегулируемой цены в соответствии с требованиями п.89 Основных положений функционирования розничных рынков электрической энергии, утвержденных Постановлением Правительства РФ от 04.05.2012 №442
I19: Средневзвешенная нерегулируемая цена на электрическую энергию (мощность) | J19: =J8 -> Тарифы на услуги по передаче электрической энергии | O19: Плата за иные услуги, оказание которых является неотъемлемой частью процесса поставки электрической энергии потребителям | P19: =P8 -> Cбытовая надбавка
D20: ВН | E20: ГН | F20: СН1 | G20: СН2 | H20: НН | J20: ВН | K20: ГН | L20: СН1 | M20: СН2 | N20: НН
A21: 1 | D21: 2=3+4+5+6 | I21: 3 | J21: 4 | O21: 5 | P21: 6
A22: менее 150 кВт | D22: =$I22+$J22+$O22+#REF! -> #REF! | E22: =$I22+$K22+$O22+#REF! -> #REF! | F22: =$I22+$L22+$O22+#REF! -> #REF! | G22: =$I22+$M22+$O22+#REF! -> #REF! | H22: =$I22+$N22+$O22+#REF! -> #REF! | I22: =I11 -> 1544.42 | O22: =O11 -> 6.61 | P22: =P11 -> 0
A23: менее 670 кВт | D23: =$I23+$J23+$O23+P23 -> 3941.89 | E23: =$I23+$K23+$O23+#REF! -> #REF! | F23: =$I23+$L23+$O23+P23 -> 3941.89 | G23: =$I23+$M23+$O23+P23 -> 3941.89 | H23: =$I23+$N23+$O23+P23 -> 3941.89 | I23: =I12 -> 3151.06 | O23: =O12 -> 6.61 | P23: =P12 -> 784.22
A24: от 670 кВт до 10 МВт | D24: =$I24+$J24+$O24+P24 -> 3520.97 | E24: =$I24+$K24+$O24+#REF! -> #REF! | F24: =$I24+$L24+$O24+P24 -> 3520.97 | G24: =$I24+$M24+$O24+P24 -> 3520.97 | H24: =$I24+$N24+$O24+P24 -> 3520.97 | I24: =I13 -> 3151.06 | O24: =O13 -> 6.61 | P24: =P13 -> 363.3
A25: не менее 10 МВт | D25: =$I25+$J25+$O25+P25 -> 3419.08 | E25: =$I25+$K25+$O25+#REF! -> #REF! | F25: =$I25+$L25+$O25+P25 -> 3419.08 | G25: =$I25+$M25+$O25+P25 -> 3419.08 | H25: =$I25+$N25+$O25+P25 -> 3419.08 | I25: =I14 -> 3151.06 | O25: =O14 -> 6.61 | P25: =P14 -> 261.41
B29: Средневзвешенная нерегулируемая цена на электрическую энергию (мощность), используемая для расчета предельного уровня нерегулируемых цен для первой ценовой категории (без НДС) | G29: рублей/МВт·ч | H29: =ROUND(H32+H33*H34,2)+H61 -> 1544.42
B31: Составляющие расчета средневзвешенной нерегулируемой цены на электрическую энергию (мощность), используемой для расчета предельного уровня нерегулируемых цен для первой ценовой категории: | G31: Ед.изм. | H31: Величина
A32: а) | B32: средневзвешенная нергегулируемая цена на электрическую энергию на оптовом рынке | G32: рублей/МВт·ч | H32: 1544.42
A33: б) | B33: средневзвешенная нергегулируемая цена на мощность на оптовом рынке | G33: рублей/МВт | H33: 894843.36
A34: в) | B34: коэффициент оплаты мощности потребителями (покупателями), осуществляющими расчеты по первой ценовой категории | G34: 1/час | H34: 0
A35: г) | B35: объем фактического пикового потребления гарантирующего поставщика на оптовом рынке | G35: МВт | H35: 0
A36: д) | B36: величина мощности, соответствующей покупке электрической энергии гарантирующим поставщиком у производителей электрической энергии (мощности) на розничных рынках | G36: МВт | H36: 0
A37: е) | B37: сумма величин мощности, оплачиваемой на розничном рынке потребителями (покупателями), осуществляющими расчеты по второй - шестой ценовым категориям, в том числе: | G37: МВт | H37: =ROUND(H38+H39+H40+H41+H42,3) -> 0.251
B38: по второй ценовой категории | G38: МВт | H38: 0
B39: по третьей ценовой категории | G39: МВт | H39: 0.251
B40: по четвертой ценовой категории | G40: МВт | H40: 0
B41: по пятой ценовой категории | G41: МВт | H41: 0
B42: по шестой ценовой категории | G42: МВт | H42: 0
A43: ж) | B43: объем потребления мощности населением и приравненными к нему категориями потребителей | G43: МВт | H43: 0
A44: з) | B44: объем потребления электрической энергии потребителями (покупателями), осуществляющими расчеты по второй ценовой категории,в том числе: | G44: МВт∙ч | H44: =ROUND(H46+H47+H48+H50+H51,3) -> 0.754
B45: для трех зон суток | G45: МВт∙ч | H45: =ROUND(H46+H47+H48,3) -> 0
B46: по ночной зоне суток | G46: МВт∙ч | H46: 0
B47: по полупиковой зоне суток | G47: МВт∙ч | H47: 0
B48: по пиковой зоне суток | G48: МВт∙ч | H48: 0
B49: для двух зон суток | G49: МВт∙ч | H49: =ROUND(H50+H51,3) -> 0.754
B50: по ночной зоне суток | G50: МВт∙ч | H50: 0.33
B51: по пиковой зоне суток | G51: МВт∙ч | H51: 0.424
A52: и) | B52: фактический объем потребления электрической энергии гарантирующим поставщиком на оптовом рынке | G52: МВт∙ч | H52: 0
A53: к) | B53: объем покупки электрической энергии гарантирующим поставщиком у производителей электрической энергии (мощности) на розничных рынках | G53: МВт∙ч | H53: 0
A54: л) | B54: сумма объемов потребления электрической энергии потребителями (покупателями), осуществляющими расчеты по второй - шестой ценовым категориям, в том числе: | G54: МВт∙ч | H54: =ROUND(H55+H56+H57+H58+H59,3) -> 122.076
B55: по второй ценовой категории | G55: МВт∙ч | H55: 0.754
B56: по третьей ценовой категории | G56: МВт∙ч | H56: 121.322
B57: по четвертой ценовой категории | G57: МВт∙ч | H57: 0
B58: по пятой ценовой категории | G58: МВт∙ч | H58: 0
B59: по шестой ценовой категории | G59: МВт∙ч | H59: 0
A60: м) | B60: объем потребления электрической энергии населением и приравненными к нему категориями потребителей | G60: МВт∙ч | H60: 0
A61: н) | B61: величина изменения средневзвешенной нерегулируемой цены на электрическую энергию (мощность), связанная с учетом данных за предыдущие расчетные периоды | G61: рублей/МВт·ч | H61: 0

Sheet 1_ЦК -потери
A1: Предельные уровни нерегулируемых цен на электрическую энергию (мощность), приобретаемую сетевыми организациями в целях компенсации потерь
A2: у АО «НЭСК» в ноябре 2022г.
A4: I. Первая ценовая категория
A5: (для объемов покупки э/э (мощности), учет которых осуществляется в целом за расчетный период)
A7: 1. 3. Предельный уровень нерегулируемых цен (по договорам купли - продажи) для сетевых организаций, приобретающих электрическую энергию в целях компенсации потерь.
A8: Наименование показателя | B8: Предельный уровень свободных (нерегулируемых) цен на э/э (мощность), (руб./МВт*ч без НДС) | C8: Средневзвешенная нерегулируемая цена на электрическую энергию (мощность) | D8: Плата за иные услуги, оказание которых является неотъемлемой частью процесса поставки электрической энергии потребителям | E8: Cбытовая надбавка
A10: 1 | B10: 2=3+4+5 | C10: 3 | D10: 4 | E10: 5
A11: В отношении величин непревышения фактических объемов потерь электрической энергии над объемами потерь, учтенными в сводном прогнозном балансе за соответствующий расчетный период в отношении сетевой организации | B11: =C11+D11+E11 -> 3800.69 | C11: ='1_ЦК'!I13 -> 3151.06 | D11: ='1_ЦК'!O13 -> 6.61 | E11: 643.02
A12: В отношении величин превышения фактических объемов потерь электрической энергии над объемами потерь, учтенными в сводном прогнозном балансе соответствующий расчетный период в отношении сетевой организации | B12: =C12+D12+E12 -> 3520.97 | C12: =C11 -> 3151.06 | D12: =D11 -> 6.61 | E12: ='1_ЦК'!P13 -> 363.3
A14: Примечание:
A15: в соответствии с требованиями п. 96 Основных положений функционирования розничных рынков электрической энергии, утвержденных Постановлением Правительства РФ от 04.05.2012 №442 (в редакции Постановления Правительства РФ от от 30.12.2012 N 1482), при расчете предельных уровней свободных (нерегулируемых) цен на электрическую энергию (мощность) в отношении:
A16: величин непревышения фактических объемов потерь электрической энергии над объемами потерь, учтенными в сводном прогнозном балансе за соответствующий расчетный период в отношении сетевой организации, используется сбытовая надбавка гарантирующего поставщика, установленная в отношении сетевых организаций;
A17: величин превышения фактических объемов потерь электрической энергии над объемами потерь, учтенными в сводном прогнозном балансе за соответствующий расчетный период в отношении сетевой организации, используется сбытовая надбавка гарантирующего поставщика, установленная в отношении потребителей, относящихся к подгруппе группы "прочие потребители" с максимальной мощностью энергопринимающих устройств от 670 кВт до 10 МВт.

Sheet 2_ЦК
A1: Предельные уровни нерегулируемых цен на электрическую энергию (мощность), поставляемую
A2: =Шапка -> покупателям (потребителям) АО «НЭСК» в ноябре 2022г.
A4: II. Вторая ценовая категория
A5: (для объемов покупки э/э (мощности), учет которых осуществляется по зонам суток расчетного периода)
A6: 1. Предельный уровень нерегулируемых цен для трех зон суток, руб./МВт*ч без НДС
A7: 1.1. Предельный уровень нерегулируемых цен для 3 зон суток (по договорам энергоснабжения)
A8: Зоны суток | B8: Наименование подгрупп потребителей, дифференцированных в зависимости от величины максимальной мощности энергопринимающих устройств | D8: Предельный уровень свободных (нерегулируемых) цен на э/э (мощность), (руб./МВт*ч без НДС) | I8: Структура нерегулируемой цены в соответствии с требованиями п.89 Основных положений функционирования розничных рынков электрической энергии, утвержденных Постановлением Правительства РФ от 04.05.2012 №442
I9: Дифференцированная по зонам суток расчетного периода средневзвешенная нерегулируемая цена на электрическую энергию (мощность) на оптовом рынке | J9: ='1_ЦК'!J8:N8 -> Тарифы на услуги по передаче электрической энергии | O9: Плата за иные услуги, оказание которых является неотъемлемой частью процесса поставки электрической энергии потребителям | P9: ='1_ЦК'!P8:P8 -> Cбытовая надбавка
D10: ВН | E10: ГН | F10: СН1 | G10: СН2 | H10: НН | J10: ВН | K10: ГН | L10: СН1 | M10: СН2 | N10: НН
A11: 1 | D11: 2=3+4+5+6 | I11: 3 | J11: 4 | O11: 5 | P11: 6
A12: Ночь | B12: менее 150 кВт | D12: =$I12+$J12+$O12+#REF! -> #REF! | E12: =$I12+$K12+$O12+#REF! -> #REF! | F12: =$I12+$L12+$O12+#REF! -> #REF! | G12: =$I12+$M12+$O12+#REF! -> #REF! | H12: =$I12+$N12+$O12+#REF! -> #REF! | I12: 946.6 | J12: ='1_ЦК'!J11 -> 2016.72 | K12: ='1_ЦК'!K11 -> 0 | L12: ='1_ЦК'!L11 -> 2644.05 | M12: ='1_ЦК'!M11 -> 4085.56 | N12: ='1_ЦК'!N11 -> 5446.53 | O12: ='1_ЦК'!O11 -> 6.61 | P12: ='1_ЦК'!P11 -> 0
B13: менее 670 кВт | D13: =$I13+$J13+$O13+P13 -> 3754.15 | E13: =$I13+$K13+$O13+#REF! -> #REF! | F13: =$I13+$L13+$O13+P13 -> 4381.48 | G13: =$I13+$M13+$O13+P13 -> 5822.99 | H13: =$I13+$N13+$O13+P13 -> 7183.96 | I13: 946.6 | J13: =J12 -> 2016.72 | K13: =K12 -> 0 | L13: =L12 -> 2644.05 | M13: =M12 -> 4085.56 | N13: =N12 -> 5446.53 | O13: =O12 -> 6.61 | P13: ='1_ЦК'!P12 -> 784.22
B14: от 670 кВт до 10 МВт | D14: =$I14+$J14+$O14+P14 -> 3333.23 | E14: =$I14+$K14+$O14+#REF! -> #REF! | F14: =$I14+$L14+$O14+P14 -> 3960.56 | G14: =$I14+$M14+$O14+P14 -> 5402.07 | H14: =$I14+$N14+$O14+P14 -> 6763.04 | I14: 946.6 | J14: =J13 -> 2016.72 | K14: =K13 -> 0 | L14: =L13 -> 2644.05 | M14: =M13 -> 4085.56 | N14: =N13 -> 5446.53 | O14: =O13 -> 6.61 | P14: ='1_ЦК'!P13 -> 363.3
B15: не менее 10 МВт | D15: =$I15+$J15+$O15+P15 -> 3231.34 | E15: =$I15+$K15+$O15+#REF! -> #REF! | F15: =$I15+$L15+$O15+P15 -> 3858.67 | G15: =$I15+$M15+$O15+P15 -> 5300.18 | H15: =$I15+$N15+$O15+P15 -> 6661.15 | I15: 946.6 | J15: =J14 -> 2016.72 | K15: =K14 -> 0 | L15: =L14 -> 2644.05 | M15: =M14 -> 4085.56 | N15: =N14 -> 5446.53 | O15: =O14 -> 6.61 | P15: ='1_ЦК'!P14 -> 261.41
A16: Полупик | B16: менее 150 кВт | D16: =$I16+$J16+$O16+P16 -> 5388.19 | E16: =$I16+$K16+$O16+#REF! -> #REF! | F16: =$I16+$L16+$O16+P16 -> 6015.52 | G16: =$I16+$M16+$O16+P16 -> 7457.03 | H16: =$I16+$N16+$O16+P16 -> 8818 | I16: 3364.86 | J16: =J15 -> 2016.72 | K16: =K15 -> 0 | L16: =L15 -> 2644.05 | M16: =M15 -> 4085.56 | N16: =N15 -> 5446.53 | O16: =O15 -> 6.61 | P16: =P12 -> 0
B17: менее 670 кВт | D17: =$I17+$J17+$O17+P17 -> 6172.41 | E17: =$I17+$K17+$O17+#REF! -> #REF! | F17: =$I17+$L17+$O17+P17 -> 6799.74 | G17: =$I17+$M17+$O17+P17 -> 8241.25 | H17: =$I17+$N17+$O17+P17 -> 9602.22 | I17: 3364.86 | J17: =J16 -> 2016.72 | K17: =K16 -> 0 | L17: =L16 -> 2644.05 | M17: =M16 -> 4085.56 | N17: =N16 -> 5446.53 | O17: =O16 -> 6.61 | P17: =P13 -> 784.22
B18: от 670 кВт до 10 МВт | D18: =$I18+$J18+$O18+P18 -> 5751.49 | E18: =$I18+$K18+$O18+#REF! -> #REF! | F18: =$I18+$L18+$O18+P18 -> 6378.82 | G18: =$I18+$M18+$O18+P18 -> 7820.33 | H18: =$I18+$N18+$O18+P18 -> 9181.3 | I18: 3364.86 | J18: =J17 -> 2016.72 | K18: =K17 -> 0 | L18: =L17 -> 2644.05 | M18: =M17 -> 4085.56 | N18: =N17 -> 5446.53 | O18: =O17 -> 6.61 | P18: =P14 -> 363.3
B19: не менее 10 МВт | D19: =$I19+$J19+$O19+P19 -> 5649.6 | E19: =$I19+$K19+$O19+#REF! -> #REF! | F19: =$I19+$L19+$O19+P19 -> 6276.93 | G19: =$I19+$M19+$O19+P19 -> 7718.44 | H19: =$I19+$N19+$O19+P19 -> 9079.41 | I19: 3364.86 | J19: =J18 -> 2016.72 | K19: =K18 -> 0 | L19: =L18 -> 2644.05 | M19: =M18 -> 4085.56 | N19: =N18 -> 5446.53 | O19: =O18 -> 6.61 | P19: =P15 -> 261.41
A20: Пик | B20: менее 150 кВт | D20: =$I20+$J20+$O20+P20 -> 13018.3 | E20: =$I20+$K20+$O20+#REF! -> #REF! | F20: =$I20+$L20+$O20+P20 -> 13645.63 | G20: =$I20+$M20+$O20+P20 -> 15087.14 | H20: =$I20+$N20+$O20+P20 -> 16448.11 | I20: 10994.97 | J20: =J19 -> 2016.72 | K20: =K19 -> 0 | L20: =L19 -> 2644.05 | M20: =M19 -> 4085.56 | N20: =N19 -> 5446.53 | O20: =O19 -> 6.61 | P20: =P16 -> 0
B21: менее 670 кВт | D21: =$I21+$J21+$O21+P21 -> 13802.52 | E21: =$I21+$K21+$O21+#REF! -> #REF! | F21: =$I21+$L21+$O21+P21 -> 14429.85 | G21: =$I21+$M21+$O21+P21 -> 15871.36 | H21: =$I21+$N21+$O21+P21 -> 17232.33 | I21: 10994.97 | J21: =J20 -> 2016.72 | K21: =K20 -> 0 | L21: =L20 -> 2644.05 | M21: =M20 -> 4085.56 | N21: =N20 -> 5446.53 | O21: =O20 -> 6.61 | P21: =P17 -> 784.22
B22: от 670 кВт до 10 МВт | D22: =$I22+$J22+$O22+P22 -> 13381.6 | E22: =$I22+$K22+$O22+#REF! -> #REF! | F22: =$I22+$L22+$O22+P22 -> 14008.93 | G22: =$I22+$M22+$O22+P22 -> 15450.44 | H22: =$I22+$N22+$O22+P22 -> 16811.41 | I22: 10994.97 | J22: =J21 -> 2016.72 | K22: =K21 -> 0 | L22: =L21 -> 2644.05 | M22: =M21 -> 4085.56 | N22: =N21 -> 5446.53 | O22: =O21 -> 6.61 | P22: =P18 -> 363.3
B23: не менее 10 МВт | D23: =$I23+$J23+$O23+P23 -> 13279.71 | E23: =$I23+$K23+$O23+#REF! -> #REF! | F23: =$I23+$L23+$O23+P23 -> 13907.04 | G23: =$I23+$M23+$O23+P23 -> 15348.55 | H23: =$I23+$N23+$O23+P23 -> 16709.52 | I23: 10994.97 | J23: =J22 -> 2016.72 | K23: =K22 -> 0 | L23: =L22 -> 2644.05 | M23: =M22 -> 4085.56 | N23: =N22 -> 5446.53 | O23: =O22 -> 6.61 | P23: =P19 -> 261.41
A28: 1.2. Предельный уровень нерегулируемых цен для 3 зон суток (по договорам купли - продажи)
A29: Зоны суток | B29: Наименование подгрупп потребителей, дифференцированных в зависимости от величины максимальной мощности энергопринимающих устройств | D29: Предельный уровень свободных (нерегулируемых) цен на э/э (мощность), (руб./МВт*ч без НДС) | I29: Структура нерегулируемой цены в соответствии с требованиями п.89 Основных положений функционирования розничных рынков электрической энергии, утвержденных Постановлением Правительства РФ от 04.05.2012 №442
I30: Дифференцированная по зонам суток расчетного периода средневзвешенная нерегулируемая цена на электрическую энергию (мощность) на оптовом рынке | J30: =J9 -> Тарифы на услуги по передаче электрической энергии | O30: Плата за иные услуги, оказание которых является неотъемлемой частью процесса поставки электрической энергии потребителям | P30: =P9 -> Cбытовая надбавка
D31: ВН | E31: ГН | F31: СН1 | G31: СН2 | H31: НН | J31: ВН | K31: ГН | L31: СН1 | M31: СН2 | N31: НН
A32: 1 | D32: 2=3+4+5+6 | I32: 3 | J32: 4 | O32: 5 | P32: 6
A33: Ночь | B33: менее 150 кВт | D33: =$I33+$J33+$O33+#REF! -> #REF! | E33: =$I33+$K33+$O33+#REF! -> #REF! | F33: =$I33+$L33+$O33+#REF! -> #REF! | G33: =$I33+$M33+$O33+#REF! -> #REF! | H33: =$I33+$N33+$O33+#REF! -> #REF! | I33: =I12 -> 946.6 | O33: =O12 -> 6.61 | P33: =P12 -> 0
B34: менее 670 кВт | D34: =$I34+$J34+$O34+P34 -> 1737.43 | E34: =$I34+$K34+$O34+#REF! -> #REF! | F34: =$I34+$L34+$O34+P34 -> 1737.43 | G34: =$I34+$M34+$O34+P34 -> 1737.43 | H34: =$I34+$N34+$O34+P34 -> 1737.43 | I34: =I13 -> 946.6 | O34: =O13 -> 6.61 | P34: =P13 -> 784.22
B35: от 670 кВт до 10 МВт | D35: =$I35+$J35+$O35+P35 -> 1316.51 | E35: =$I35+$K35+$O35+#REF! -> #REF! | F35: =$I35+$L35+$O35+P35 -> 1316.51 | G35: =$I35+$M35+$O35+P35 -> 1316.51 | H35: =$I35+$N35+$O35+P35 -> 1316.51 | I35: =I14 -> 946.6 | O35: =O14 -> 6.61 | P35: =P14 -> 363.3
B36: не менее 10 МВт | D36: =$I36+$J36+$O36+P36 -> 1214.62 | E36: =$I36+$K36+$O36+#REF! -> #REF! | F36: =$I36+$L36+$O36+P36 -> 1214.62 | G36: =$I36+$M36+$O36+P36 -> 1214.62 | H36: =$I36+$N36+$O36+P36 -> 1214.62 | I36: =I15 -> 946.6 | O36: =O15 -> 6.61 | P36: =P15 -> 261.41
A37: Полупик | B37: менее 150 кВт | D37: =$I37+$J37+$O37+P37 -> 3371.47 | E37: =$I37+$K37+$O37+#REF! -> #REF! | F37: =$I37+$L37+$O37+#REF! -> #REF! | G37: =$I37+$M37+$O37+P37 -> 3371.47 | H37: =$I37+$N37+$O37+P37 -> 3371.47 | I37: =I16 -> 3364.86 | O37: =O16 -> 6.61 | P37: =P33 -> 0
B38: менее 670 кВт | D38: =$I38+$J38+$O38+P38 -> 4155.69 | E38: =$I38+$K38+$O38+#REF! -> #REF! | F38: =$I38+$L38+$O38+P38 -> 4155.69 | G38: =$I38+$M38+$O38+P38 -> 4155.69 | H38: =$I38+$N38+$O38+P38 -> 4155.69 | I38: =I17 -> 3364.86 | O38: =O17 -> 6.61 | P38: =P34 -> 784.22
B39: от 670 кВт до 10 МВт | D39: =$I39+$J39+$O39+P39 -> 3734.77 | E39: =$I39+$K39+$O39+#REF! -> #REF! | F39: =$I39+$L39+$O39+P39 -> 3734.77 | G39: =$I39+$M39+$O39+P39 -> 3734.77 | H39: =$I39+$N39+$O39+P39 -> 3734.77 | I39: =I18 -> 3364.86 | O39: =O18 -> 6.61 | P39: =P35 -> 363.3
B40: не менее 10 МВт | D40: =$I40+$J40+$O40+P40 -> 3632.88 | E40: =$I40+$K40+$O40+#REF! -> #REF! | F40: =$I40+$L40+$O40+P40 -> 3632.88 | G40: =$I40+$M40+$O40+P40 -> 3632.88 | H40: =$I40+$N40+$O40+P40 -> 3632.88 | I40: =I19 -> 3364.86 | O40: =O19 -> 6.61 | P40: =P36 -> 261.41
A41: Пик | B41: менее 150 кВт | D41: =$I41+$J41+$O41+P41 -> 11001.58 | E41: =$I41+$K41+$O41+#REF! -> #REF! | F41: =$I41+$L41+$O41+P41 -> 11001.58 | G41: =$I41+$M41+$O41+P41 -> 11001.58 | H41: =$I41+$N41+$O41+P41 -> 11001.58 | I41: =I20 -> 10994.97 | O41: =O20 -> 6.61 | P41: =P37 -> 0
B42: менее 670 кВт | D42: =$I42+$J42+$O42+P42 -> 11785.8 | E42: =$I42+$K42+$O42+#REF! -> #REF! | F42: =$I42+$L42+$O42+P42 -> 11785.8 | G42: =$I42+$M42+$O42+P42 -> 11785.8 | H42: =$I42+$N42+$O42+P42 -> 11785.8 | I42: =I21 -> 10994.97 | O42: =O21 -> 6.61 | P42: =P38 -> 784.22
B43: от 670 кВт до 10 МВт | D43: =$I43+$J43+$O43+P43 -> 11364.88 | E43: =$I43+$K43+$O43+#REF! -> #REF! | F43: =$I43+$L43+$O43+P43 -> 11364.88 | G43: =$I43+$M43+$O43+P43 -> 11364.88 | H43: =$I43+$N43+$O43+P43 -> 11364.88 | I43: =I22 -> 10994.97 | O43: =O22 -> 6.61 | P43: =P39 -> 363.3
B44: не менее 10 МВт | D44: =$I44+$J44+$O44+P44 -> 11262.99 | E44: =$I44+$K44+$O44+#REF! -> #REF! | F44: =$I44+$L44+$O44+P44 -> 11262.99 | G44: =$I44+$M44+$O44+P44 -> 11262.99 | H44: =$I44+$N44+$O44+P44 -> 11262.99 | I44: =I23 -> 10994.97 | O44: =O23 -> 6.61 | P44: =P40 -> 261.41
A49: 2. Предельный уровень нерегулируемых цен для двух зон суток, руб./МВт∙ч без НДС
A50: 2.1. Предельный уровень нерегулируемых цен для 2 зон суток (по договорам энергоснабжения)
A51: Зоны суток | B51: Наименование подгрупп потребителей, дифференцированных в зависимости от величины максимальной мощности энергопринимающих устройств | D51: Предельный уровень свободных (нерегулируемых) цен на э/э (мощность), (руб./МВт*ч без НДС) | I51: Структура нерегулируемой цены в соответствии с требованиями п.89 Основных положений функционирования розничных рынков электрической энергии, утвержденных Постановлением Правительства РФ от 04.05.2012 №442
I52: Дифференцированная по зонам суток расчетного периода средневзвешенная нерегулируемая цена на электрическую энергию (мощность) на оптовом рынке | J52: =J30 -> Тарифы на услуги по передаче электрической энергии | O52: Плата за иные услуги, оказание которых является неотъемлемой частью процесса поставки электрической энергии потребителям | P52: =P30 -> Cбытовая надбавка
D53: ВН | E53: ГН | F53: СН1 | G53: СН2 | H53: НН | J53: ВН | K53: ГН | L53: СН1 | M53: СН2 | N53: НН
A54: 1 | D54: 2=3+4+5+6 | I54: 3 | J54: 4 | O54: 5 | P54: 6
A55: Ночная зона | B55: менее 150 кВт | D55: =$I55+$J55+$O55+P55 -> 2969.93 | E55: =$I55+$K55+$O55+#REF! -> #REF! | F55: =$I55+$L55+$O55+P55 -> 3597.26 | G55: =$I55+$M55+$O55+P55 -> 5038.77 | H55: =$I55+$N55+$O55+P55 -> 6399.74 | I55: 946.6 | J55: =J12 -> 2016.72 | K55: =K12 -> 0 | L55: =L12 -> 2644.05 | M55: =M12 -> 4085.56 | N55: =N12 -> 5446.53 | O55: =O12 -> 6.61 | P55: =P12 -> 0
B56: менее 670 кВт | D56: =$I56+$J56+$O56+P56 -> 3754.15 | E56: =$I56+$K56+$O56+#REF! -> #REF! | F56: =$I56+$L56+$O56+P56 -> 4381.48 | G56: =$I56+$M56+$O56+P56 -> 5822.99 | H56: =$I56+$N56+$O56+P56 -> 7183.96 | I56: 946.6 | J56: =J13 -> 2016.72 | K56: =K13 -> 0 | L56: =L13 -> 2644.05 | M56: =M13 -> 4085.56 | N56: =N13 -> 5446.53 | O56: =O13 -> 6.61 | P56: =P13 -> 784.22
B57: от 670 кВт до 10 МВт | D57: =$I57+$J57+$O57+P57 -> 3333.23 | E57: =$I57+$K57+$O57+#REF! -> #REF! | F57: =$I57+$L57+$O57+P57 -> 3960.56 | G57: =$I57+$M57+$O57+P57 -> 5402.07 | H57: =$I57+$N57+$O57+P57 -> 6763.04 | I57: 946.6 | J57: =J14 -> 2016.72 | K57: =K14 -> 0 | L57: =L14 -> 2644.05 | M57: =M14 -> 4085.56 | N57: =N14 -> 5446.53 | O57: =O14 -> 6.61 | P57: =P14 -> 363.3
B58: не менее 10 МВт | D58: =$I58+$J58+$O58+P58 -> 3231.34 | E58: =$I58+$K58+$O58+#REF! -> #REF! | F58: =$I58+$L58+$O58+P58 -> 3858.67 | G58: =$I58+$M58+$O58+P58 -> 5300.18 | H58: =$I58+$N58+$O58+P58 -> 6661.15 | I58: 946.6 | J58: =J15 -> 2016.72 | K58: =K15 -> 0 | L58: =L15 -> 2644.05 | M58: =M15 -> 4085.56 | N58: =N15 -> 5446.53 | O58: =O15 -> 6.61 | P58: =P15 -> 261.41
A59: Дневная зона | B59: менее 150 кВт | D59: =$I59+$J59+$O59+P59 -> 7511.12 | E59: =$I59+$K59+$O59+#REF! -> #REF! | F59: =$I59+$L59+$O59+P59 -> 8138.45 | G59: =$I59+$M59+$O59+P59 -> 9579.96 | H59: =$I59+$N59+$O59+P59 -> 10940.93 | I59: 5487.79 | J59: =J16 -> 2016.72 | K59: =K16 -> 0 | L59: =L16 -> 2644.05 | M59: =M16 -> 4085.56 | N59: =N16 -> 5446.53 | O59: =O16 -> 6.61 | P59: =P16 -> 0
B60: менее 670 кВт | D60: =$I60+$J60+$O60+P60 -> 8295.34 | E60: =$I60+$K60+$O60+#REF! -> #REF! | F60: =$I60+$L60+$O60+P60 -> 8922.67 | G60: =$I60+$M60+$O60+P60 -> 10364.18 | H60: =$I60+$N60+$O60+P60 -> 11725.15 | I60: 5487.79 | J60: =J17 -> 2016.72 | K60: =K17 -> 0 | L60: =L17 -> 2644.05 | M60: =M17 -> 4085.56 | N60: =N17 -> 5446.53 | O60: =O17 -> 6.61 | P60: =P17 -> 784.22
B61: от 670 кВт до 10 МВт | D61: =$I61+$J61+$O61+P61 -> 7874.42 | E61: =$I61+$K61+$O61+#REF! -> #REF! | F61: =$I61+$L61+$O61+P61 -> 8501.75 | G61: =$I61+$M61+$O61+P61 -> 9943.26 | H61: =$I61+$N61+$O61+P61 -> 11304.23 | I61: 5487.79 | J61: =J18 -> 2016.72 | K61: =K18 -> 0 | L61: =L18 -> 2644.05 | M61: =M18 -> 4085.56 | N61: =N18 -> 5446.53 | O61: =O18 -> 6.61 | P61: =P18 -> 363.3
B62: не менее 10 МВт | D62: =$I62+$J62+$O62+P62 -> 7772.53 | E62: =$I62+$K62+$O62+#REF! -> #REF! | F62: =$I62+$L62+$O62+P62 -> 8399.86 | G62: =$I62+$M62+$O62+P62 -> 9841.37 | H62: =$I62+$N62+$O62+P62 -> 11202.34 | I62: 5487.79 | J62: =J19 -> 2016.72 | K62: =K19 -> 0 | L62: =L19 -> 2644.05 | M62: =M19 -> 4085.56 | N62: =N19 -> 5446.53 | O62: =O19 -> 6.61 | P62: =P19 -> 261.41
A66: 2.2. Предельный уровень нерегулируемых цен для 2 зон суток (по договорам купли - продажи)
A67: Зоны суток | B67: Наименование подгрупп потребителей, дифференцированных в зависимости от величины максимальной мощности энергопринимающих устройств | D67: Предельный уровень свободных (нерегулируемых) цен на э/э (мощность), (руб./МВт*ч без НДС) | I67: Структура нерегулируемой цены в соответствии с требованиями п.89 Основных положений функционирования розничных рынков электрической энергии, утвержденных Постановлением Правительства РФ от 04.05.2012 №442
I68: Дифференцированная по зонам суток расчетного периода средневзвешенная нерегулируемая цена на электрическую энергию (мощность) на оптовом рынке | J68: =J52 -> Тарифы на услуги по передаче электрической энергии | O68: Плата за иные услуги, оказание которых является неотъемлемой частью процесса поставки электрической энергии потребителям | P68: =P52 -> Cбытовая надбавка
D69: ВН | E69: ГН | F69: СН1 | G69: СН2 | H69: НН | J69: ВН | K69: ГН | L69: СН1 | M69: СН2 | N69: НН
A70: 1 | D70: 2=3+4+5+6 | I70: 3 | J70: 4 | O70: 5 | P70: 6
A71: Ночная зона | B71: менее 150 кВт | D71: =$I71+$J71+$O71+P71 -> 953.21 | E71: =$I71+$K71+$O71+#REF! -> #REF! | F71: =$I71+$L71+$O71+P71 -> 953.21 | G71: =$I71+$M71+$O71+P71 -> 953.21 | H71: =$I71+$N71+$O71+P71 -> 953.21 | I71: =I55 -> 946.6 | O71: =O55 -> 6.61 | P71: =P55 -> 0
B72: менее 670 кВт | D72: =$I72+$J72+$O72+P72 -> 1737.43 | E72: =$I72+$K72+$O72+#REF! -> #REF! | F72: =$I72+$L72+$O72+P72 -> 1737.43 | G72: =$I72+$M72+$O72+P72 -> 1737.43 | H72: =$I72+$N72+$O72+P72 -> 1737.43 | I72: =I56 -> 946.6 | O72: =O56 -> 6.61 | P72: =P56 -> 784.22
B73: от 670 кВт до 10 МВт | D73: =$I73+$J73+$O73+P73 -> 1316.51 | E73: =$I73+$K73+$O73+#REF! -> #REF! | F73: =$I73+$L73+$O73+P73 -> 1316.51 | G73: =$I73+$M73+$O73+P73 -> 1316.51 | H73: =$I73+$N73+$O73+P73 -> 1316.51 | I73: =I57 -> 946.6 | O73: =O57 -> 6.61 | P73: =P57 -> 363.3
B74: не менее 10 МВт | D74: =$I74+$J74+$O74+P74 -> 1214.62 | E74: =$I74+$K74+$O74+#REF! -> #REF! | F74: =$I74+$L74+$O74+P74 -> 1214.62 | G74: =$I74+$M74+$O74+P74 -> 1214.62 | H74: =$I74+$N74+$O74+P74 -> 1214.62 | I74: =I58 -> 946.6 | O74: =O58 -> 6.61 | P74: =P58 -> 261.41
A75: Дневная зона | B75: менее 150 кВт | D75: =$I75+$J75+$O75+P75 -> 5494.4 | E75: =$I75+$K75+$O75+#REF! -> #REF! | F75: =$I75+$L75+$O75+P75 -> 5494.4 | G75: =$I75+$M75+$O75+P75 -> 5494.4 | H75: =$I75+$N75+$O75+P75 -> 5494.4 | I75: =I59 -> 5487.79 | O75: =O59 -> 6.61 | P75: =P59 -> 0
B76: менее 670 кВт | D76: =$I76+$J76+$O76+P76 -> 6278.62 | E76: =$I76+$K76+$O76+#REF! -> #REF! | F76: =$I76+$L76+$O76+P76 -> 6278.62 | G76: =$I76+$M76+$O76+P76 -> 6278.62 | H76: =$I76+$N76+$O76+P76 -> 6278.62 | I76: =I60 -> 5487.79 | O76: =O60 -> 6.61 | P76: =P60 -> 784.22
B77: от 670 кВт до 10 МВт | D77: =$I77+$J77+$O77+P77 -> 5857.7 | E77: =$I77+$K77+$O77+#REF! -> #REF! | F77: =$I77+$L77+$O77+P77 -> 5857.7 | G77: =$I77+$M77+$O77+P77 -> 5857.7 | H77: =$I77+$N77+$O77+P77 -> 5857.7 | I77: =I61 -> 5487.79 | O77: =O61 -> 6.61 | P77: =P61 -> 363.3
B78: не менее 10 МВт | D78: =$I78+$J78+$O78+P78 -> 5755.81 | E78: =$I78+$K78+$O78+#REF! -> #REF! | F78: =$I78+$L78+$O78+P78 -> 5755.81 | G78: =$I78+$M78+$O78+P78 -> 5755.81 | H78: =$I78+$N78+$O78+P78 -> 5755.81 | I78: =I62 -> 5487.79 | O78: =O62 -> 6.61 | P78: =P62 -> 261.41

Sheet 3_ЦК
A1: Предельные уровни нерегулируемых цен на электрическую энергию (мощность), поставляемую
A2: =Шапка -> покупателям (потребителям) АО «НЭСК» в ноябре 2022г.
A3: III. Третья ценовая категория
A4: (для объемов покупки э/э(мощности), в отношении которых за расчетный период осуществляются почасовой учет, но не осуществляется почасовое планирование, а стоимость услуг по передаче э/э определяется по тарифу на услуги по передаче электрической энергии в одноставочном выражении)
A5: 1. Потребители с максимальной мощностью энергопринимающих устройств менее 670 кВт | AA5: Потребители с максимальной мощностью энергопринимающих устройств от 150 кВт до 670 кВт
A6: 1.1. Ставка за электрическую энергию предельного уровня нерегулируемой цены
A8: Дата | B8: Ставка для фактических почасовых объемов покупки электрической энергии (по договору купли-продажи) | AA8: Структура нерегулируемой цены в соответствии с требованиями п.91 Основных положений функционирования розничных рынков электрической энергии, утвержденных Постановлением Правительства РФ от 04.05.2012 №442
B9: (рублей/МВт·ч без НДС) | AA9: Дифференцированная по часам расчетного периода нерегулируемая цена на э/э на ОРЭМ, определяемая по результатам конкурентного отбора ценовых заявок на сутки вперед и конкурентного отбора заявок для балансирования системы, руб./МВт·ч без НДС | AY9: Сбытовая надбавка ГП | AZ9: Плата за иные услуги, оказание которых является неотъемлемой частью процесса поставки электрической энергии потребителям
B10: 0:00 - 1:00 | C10: 1:00 - 2:00 | D10: 2:00 - 3:00 | E10: 3:00 - 4:00 | F10: 4:00 - 5:00 | G10: 5:00- 6:00 | H10: 6:00 - 7:00 | I10: 7:00- 8:00 | J10: 8:00 - 9:00 | K10: 9:00 - 10:00 | L10: 10:00 - 11:00 | M10: 11:00 - 12:00 | N10: 12:00 - 13:00 | O10: 13:00 - 14:00 | P10: 14:00 - 15:00 | Q10: 15:00 - 16:00 | R10: 16:00 - 17:00 | S10: 17:00 -18:00 | T10: 18:00 - 19:00 | U10: 19:00 - 20:00 | V10: 20:00 - 21:00 | W10: 21:00 - 22:00 | X10: 22:00 - 23:00 | Y10: 23:00 - 24:00 | AA10: 0:00 - 1:00 | AB10: 1:00 - 2:00 | AC10: 2:00 - 3:00 | AD10: 3:00 - 4:00 | AE10: 4:00 - 5:00 | AF10: 5:00- 6:00 | AG10: 6:00 - 7:00 | AH10: 7:00- 8:00 | AI10: 8:00 - 9:00 | AJ10: 9:00 - 10:00 | AK10: 10:00 - 11:00 | AL10: 11:00 - 12:00 | AM10: 12:00 - 13:00 | AN10: 13:00 - 14:00 | AO10: 14:00 - 15:00 | AP10: 15:00 - 16:00 | AQ10: 16:00 - 17:00 | AR10: 17:00 -18:00 | AS10: 18:00 - 19:00 | AT10: 19:00 - 20:00 | AU10: 20:00 - 21:00 | AV10: 21:00 - 22:00 | AW10: 22:00 - 23:00 | AX10: 23:00 - 24:00
A11: 1=2+3+4 | AA11: 2 | AY11: 3 | AZ11: 4
A12: 1 | B12: =AA12+$AZ12+$AY12 -> 1158.83 | C12: =AB12+$AZ12+$AY12 -> 1149.75 | D12: =AC12+$AZ12+$AY12 -> 1117.5 | E12: =AD12+$AZ12+$AY12 -> 944.55 | F12: =AE12+$AZ12+$AY12 -> 1141.79 | G12: =AF12+$AZ12+$AY12 -> 1144.96 | H12: =AG12+$AZ12+$AY12 -> 1917.35 | I12: =AH12+$AZ12+$AY12 -> 2208.14 | ... Y12: =AX12+$AZ12+$AY12 -> 1427.14 | AA12: 368 | AB12: 358.92 | AC12: 326.67 | AD12: 153.72 | AE12: 350.96 | AF12: 354.13 | AG12: 1126.52 | AH12: 1417.31 | AI12: 1537.64 | AJ12: 1601.19 | AK12: 1601.14 | AL12: 1590.89 | AM12: 1573.52 | AN12: 1571.08 | AO12: 1564.86 | AP12: 1523.25 | AQ12: 1526.74 | AR12: 1553.33 | AS12: 1868.82 | AT12: 1868.59 | AU12: 1875.17 | AV12: 1497.57 | AW12: 1216.83 | AX12: 636.31 | AY12: 784.22 | AZ12: 6.61
A13: 2 | B13: =AA13+$AZ13+$AY13 -> 1147.53 | C13: =AB13+$AZ13+$AY13 -> 1094.78 | D13: =AC13+$AZ13+$AY13 -> 809.49 | E13: =AD13+$AZ13+$AY13 -> 809.49 | F13: =AE13+$AZ13+$AY13 -> 809.52 | G13: =AF13+$AZ13+$AY13 -> 1130.67 | H13: =AG13+$AZ13+$AY13 -> 1905.49 | I13: =AH13+$AZ13+$AY13 -> 2232.46 | ... Y13: =AX13+$AZ13+$AY13 -> 1900.76 | AA13: 356.7 | AB13: 303.95 | AC13: 18.66 | AD13: 18.66 | AE13: 18.69 | AF13: 339.84 | AG13: 1114.66 | AH13: 1441.63 | AI13: 1724.19 | AJ13: 1875.08 | AK13: 1878.94 | AL13: 1874.3 | AM13: 1861.95 | AN13: 1863.3 | AO13: 1866.86 | AP13: 1867.15 | AQ13: 1874.42 | AR13: 1932.77 | AS13: 1979.66 | AT13: 1975.66 | AU13: 1923.23 | AV13: 1901.03 | AW13: 1368.78 | AX13: 1109.93 | AY13: 784.22 | AZ13: 6.61
A14: 3 | B14: =AA14+$AZ14+$AY14 -> 1734.86 | C14: =AB14+$AZ14+$AY14 -> 1379.67 | D14: =AC14+$AZ14+$AY14 -> 1119.47 | E14: =AD14+$AZ14+$AY14 -> 1086.64 | F14: =AE14+$AZ14+$AY14 -> 1678.25 | G14: =AF14+$AZ14+$AY14 -> 1781.34 | H14: =AG14+$AZ14+$AY14 -> 2011.56 | I14: =AH14+$AZ14+$AY14 -> 2333.27 | ... Y14: =AX14+$AZ14+$AY14 -> 2140.1 | AA14: 944.03 | AB14: 588.84 | AC14: 328.64 | AD14: 295.81 | AE14: 887.42 | AF14: 990.51 | AG14: 1220.73 | AH14: 1542.44 | AI14: 1914.02 | AJ14: 1970.43 | AK14: 1978.47 | AL14: 1947.43 | AM14: 1925.99 | AN14: 1926.38 | AO14: 1927.38 | AP14: 1925.9 | AQ14: 1944.64 | AR14: 2013.39 | AS14: 2059.78 | AT14: 2087.25 | AU14: 2030.65 | AV14: 2003.62 | AW14: 1895.68 | AX14: 1349.27 | AY14: 784.22 | AZ14: 6.61
A15: 4 | B15: =AA15+$AZ15+$AY15 -> 2079.47 | C15: =AB15+$AZ15+$AY15 -> 1924.17 | D15: =AC15+$AZ15+$AY15 -> 1850.17 | E15: =AD15+$AZ15+$AY15 -> 1799.84 | F15: =AE15+$AZ15+$AY15 -> 1824.27 | G15: =AF15+$AZ15+$AY15 -> 1917.55 | H15: =AG15+$AZ15+$AY15 -> 2039.45 | I15: =AH15+$AZ15+$AY15 -> 2153.35 | ... Y15: =AX15+$AZ15+$AY15 -> 2126.88 | AA15: 1288.64 | AB15: 1133.34 | AC15: 1059.34 | AD15: 1009.01 | AE15: 1033.44 | AF15: 1126.72 | AG15: 1248.62 | AH15: 1362.52 | AI15: 1857.33 | AJ15: 1912.26 | AK15: 1928.43 | AL15: 1916.26 | AM15: 1914.85 | AN15: 1902.23 | AO15: 1919.54 | AP15: 1931.44 | AQ15: 1954.51 | AR15: 2050.97 | AS15: 2065.6 | AT15: 2073.72 | AU15: 2058.24 | AV15: 1948.69 | AW15: 1865.83 | AX15: 1336.05 | AY15: 784.22 | AZ15: 6.61
A16: 5 | B16: =AA16+$AZ16+$AY16 -> 1995.6 | C16: =AB16+$AZ16+$AY16 -> 1888.36 | D16: =AC16+$AZ16+$AY16 -> 1838.68 | E16: =AD16+$AZ16+$AY16 -> 1900.96 | F16: =AE16+$AZ16+$AY16 -> 1924.21 | G16: =AF16+$AZ16+$AY16 -> 2156.42 | H16: =AG16+$AZ16+$AY16 -> 2124.65 | I16: =AH16+$AZ16+$AY16 -> 2221.46 | ... Y16: =AX16+$AZ16+$AY16 -> 2130.72 | AA16: 1204.77 | AB16: 1097.53 | AC16: 1047.85 | AD16: 1110.13 | AE16: 1133.38 | AF16: 1365.59 | AG16: 1333.82 | AH16: 1430.63 | AI16: 1817.89 | AJ16: 1863.59 | AK16: 1867.9 | AL16: 1870.72 | AM16: 1867.57 | AN16: 1863.76 | AO16: 1868.68 | AP16: 1868.44 | AQ16: 1882.2 | AR16: 1931.31 | AS16: 1944.73 | AT16: 1947.47 | AU16: 1921.81 | AV16: 1886.6 | AW16: 1764.88 | AX16: 1339.89 | AY16: 784.22 | AZ16: 6.61
A17: 6 | B17: =AA17+$AZ17+$AY17 -> 1913.67 | C17: =AB17+$AZ17+$AY17 -> 1842.43 | D17: =AC17+$AZ17+$AY17 -> 1787.73 | E17: =AD17+$AZ17+$AY17 -> 1748.35 | F17: =AE17+$AZ17+$AY17 -> 1756.65 | G17: =AF17+$AZ17+$AY17 -> 1797.44 | H17: =AG17+$AZ17+$AY17 -> 1833.88 | I17: =AH17+$AZ17+$AY17 -> 1943.46 | ... Y17: =AX17+$AZ17+$AY17 -> 2045.54 | AA17: 1122.84 | AB17: 1051.6 | AC17: 996.9 | AD17: 957.52 | AE17: 965.82 | AF17: 1006.61 | AG17: 1043.05 | AH17: 1152.63 | AI17: 1347.87 | AJ17: 1809.73 | AK17: 1830.64 | AL17: 1827.75 | AM17: 1804.08 | AN17: 1797.03 | AO17: 1801.84 | AP17: 1808.09 | AQ17: 1832.21 | AR17: 1863.16 | AS17: 1880.02 | AT17: 1868.19 | AU17: 1865.11 | AV17: 1855.01 | AW17: 1365.13 | AX17: 1254.71 | AY17: 784.22 | AZ17: 6.61
A18: 7 | B18: =AA18+$AZ18+$AY18 -> 1806.18 | C18: =AB18+$AZ18+$AY18 -> 1663.3 | D18: =AC18+$AZ18+$AY18 -> 1660.8 | E18: =AD18+$AZ18+$AY18 -> 1526.72 | F18: =AE18+$AZ18+$AY18 -> 1719.99 | G18: =AF18+$AZ18+$AY18 -> 1802.73 | H18: =AG18+$AZ18+$AY18 -> 1935.45 | I18: =AH18+$AZ18+$AY18 -> 2232.85 | ... Y18: =AX18+$AZ18+$AY18 -> 1933.1 | AA18: 1015.35 | AB18: 872.47 | AC18: 869.97 | AD18: 735.89 | AE18: 929.16 | AF18: 1011.9 | AG18: 1144.62 | AH18: 1442.02 | AI18: 1857.87 | AJ18: 1927.25 | AK18: 1938.27 | AL18: 1919.18 | AM18: 1888.73 | AN18: 1899.53 | AO18: 1892.31 | AP18: 1901.21 | AQ18: 1918.26 | AR18: 1941.93 | AS18: 1973.75 | AT18: 1984.49 | AU18: 1923.71 | AV18: 1869.73 | AW18: 1375.22 | AX18: 1142.27 | AY18: 784.22 | AZ18: 6.61
A19: 8 | B19: =AA19+$AZ19+$AY19 -> 1762.64 | C19: =AB19+$AZ19+$AY19 -> 1448.1 | D19: =AC19+$AZ19+$AY19 -> 1391.17 | E19: =AD19+$AZ19+$AY19 -> 1364.49 | F19: =AE19+$AZ19+$AY19 -> 1664.86 | G19: =AF19+$AZ19+$AY19 -> 1758.36 | H19: =AG19+$AZ19+$AY19 -> 1940.35 | I19: =AH19+$AZ19+$AY19 -> 2230.58 | ... Y19: =AX19+$AZ19+$AY19 -> 1915.64 | AA19: 971.81 | AB19: 657.27 | AC19: 600.34 | AD19: 573.66 | AE19: 874.03 | AF19: 967.53 | AG19: 1149.52 | AH19: 1439.75 | AI19: 1856.86 | AJ19: 1921.66 | AK19: 1915.9 | AL19: 1899.12 | AM19: 1880.73 | AN19: 1893.26 | AO19: 1902.12 | AP19: 1910.55 | AQ19: 1917.8 | AR19: 1924.18 | AS19: 1953.73 | AT19: 1955.8 | AU19: 1897.34 | AV19: 1823.96 | AW19: 1336.19 | AX19: 1124.81 | AY19: 784.22 | AZ19: 6.61
A20: 9 | B20: =AA20+$AZ20+$AY20 -> 1802.77 | C20: =AB20+$AZ20+$AY20 -> 1720.84 | D20: =AC20+$AZ20+$AY20 -> 1635.59 | E20: =AD20+$AZ20+$AY20 -> 1485.56 | F20: =AE20+$AZ20+$AY20 -> 1733.69 | G20: =AF20+$AZ20+$AY20 -> 1839.99 | H20: =AG20+$AZ20+$AY20 -> 2041.14 | I20: =AH20+$AZ20+$AY20 -> 2360.26 | ... Y20: =AX20+$AZ20+$AY20 -> 2015.79 | AA20: 1011.94 | AB20: 930.01 | AC20: 844.76 | AD20: 694.73 | AE20: 942.86 | AF20: 1049.16 | AG20: 1250.31 | AH20: 1569.43 | AI20: 1948.63 | AJ20: 2045.66 | AK20: 2045.01 | AL20: 2036.19 | AM20: 2026.77 | AN20: 2021.65 | AO20: 2033.71 | AP20: 2035.26 | AQ20: 2041.82 | AR20: 2077.7 | AS20: 2094.79 | AT20: 2066.55 | AU20: 2050.99 | AV20: 1947.99 | AW20: 1654.37 | AX20: 1224.96 | AY20: 784.22 | AZ20: 6.61
A21: 10 | B21: =AA21+$AZ21+$AY21 -> 1836.03 | C21: =AB21+$AZ21+$AY21 -> 1736.53 | D21: =AC21+$AZ21+$AY21 -> 1684.98 | E21: =AD21+$AZ21+$AY21 -> 1418.08 | F21: =AE21+$AZ21+$AY21 -> 1733.81 | G21: =AF21+$AZ21+$AY21 -> 1866.07 | H21: =AG21+$AZ21+$AY21 -> 2095.03 | I21: =AH21+$AZ21+$AY21 -> 2496.77 | ... Y21: =AX21+$AZ21+$AY21 -> 1962.24 | AA21: 1045.2 | AB21: 945.7 | AC21: 894.15 | AD21: 627.25 | AE21: 942.98 | AF21: 1075.24 | AG21: 1304.2 | AH21: 1705.94 | AI21: 1962.11 | AJ21: 2012.77 | AK21: 2031.56 | AL21: 2016.54 | AM21: 1972.36 | AN21: 1985.78 | AO21: 2004.64 | AP21: 2020.34 | AQ21: 2033.95 | AR21: 2080.24 | AS21: 2099.48 | AT21: 2093.27 | AU21: 2060.99 | AV21: 1979.05 | AW21: 1432.28 | AX21: 1171.41 | AY21: 784.22 | AZ21: 6.61
A22: 11 | B22: =AA22+$AZ22+$AY22 -> 1827.72 | C22: =AB22+$AZ22+$AY22 -> 1740.03 | D22: =AC22+$AZ22+$AY22 -> 1610.37 | E22: =AD22+$AZ22+$AY22 -> 1379.42 | F22: =AE22+$AZ22+$AY22 -> 1736.64 | G22: =AF22+$AZ22+$AY22 -> 1911.23 | H22: =AG22+$AZ22+$AY22 -> 2200.38 | I22: =AH22+$AZ22+$AY22 -> 2648.56 | ... Y22: =AX22+$AZ22+$AY22 -> 2056.57 | AA22: 1036.89 | AB22: 949.2 | AC22: 819.54 | AD22: 588.59 | AE22: 945.81 | AF22: 1120.4 | AG22: 1409.55 | AH22: 1857.73 | AI22: 2047.91 | AJ22: 2079.61 | AK22: 2076.3 | AL22: 2064.58 | AM22: 2033.25 | AN22: 2042.55 | AO22: 2047.86 | AP22: 2051.64 | AQ22: 2061.18 | AR22: 2099.12 | AS22: 2115.48 | AT22: 2091.77 | AU22: 2081.04 | AV22: 2044.46 | AW22: 1831.88 | AX22: 1265.74 | AY22: 784.22 | AZ22: 6.61
A23: 12 | B23: =AA23+$AZ23+$AY23 -> 1912.44 | C23: =AB23+$AZ23+$AY23 -> 1786.69 | D23: =AC23+$AZ23+$AY23 -> 1737.47 | E23: =AD23+$AZ23+$AY23 -> 1709.57 | F23: =AE23+$AZ23+$AY23 -> 1732.26 | G23: =AF23+$AZ23+$AY23 -> 1796.64 | H23: =AG23+$AZ23+$AY23 -> 1913.88 | I23: =AH23+$AZ23+$AY23 -> 2032.91 | ... Y23: =AX23+$AZ23+$AY23 -> 2095.85 | AA23: 1121.61 | AB23: 995.86 | AC23: 946.64 | AD23: 918.74 | AE23: 941.43 | AF23: 1005.81 | AG23: 1123.05 | AH23: 1242.08 | AI23: 1838.54 | AJ23: 1943.92 | AK23: 1959.58 | AL23: 1955.52 | AM23: 1940.78 | AN23: 1924.34 | AO23: 1934.85 | AP23: 1952.95 | AQ23: 1991.66 | AR23: 2058.83 | AS23: 2082.11 | AT23: 2064.67 | AU23: 2014.69 | AV23: 1971.5 | AW23: 1928.13 | AX23: 1305.02 | AY23: 784.22 | AZ23: 6.61
... A41: 30 | B41: =AA41+$AZ41+$AY41 -> 1744.07 | C41: =AB41+$AZ41+$AY41 -> 1639.01 | D41: =AC41+$AZ41+$AY41 -> 1567.79 | E41: =AD41+$AZ41+$AY41 -> 1538.94 | F41: =AE41+$AZ41+$AY41 -> 1627.52 | G41: =AF41+$AZ41+$AY41 -> 1818.95 | H41: =AG41+$AZ41+$AY41 -> 1975.97 | I41: =AH41+$AZ41+$AY41 -> 2297.81 | ... Y41: =AX41+$AZ41+$AY41 -> 1822.77 | AA41: 953.24 | AB41: 848.18 | AC41: 776.96 | AD41: 748.11 | AE41: 836.69 | AF41: 1028.12 | AG41: 1185.14 | AH41: 1506.98 | AI41: 1880.61 | AJ41: 1927.44 | AK41: 1935.59 | AL41: 1915.16 | AM41: 1896.57 | AN41: 1896.53 | AO41: 1894.32 | AP41: 1927.55 | AQ41: 1925 | AR41: 1965.72 | AS41: 1939 | AT41: 2011.88 | AU41: 1919.98 | AV41: 1886.75 | AW41: 1746.38 | AX41: 1031.94 | AY41: 784.22 | AZ41: 6.61
A42: 31 | B42: =AA42+$AZ42+$AY42 -> 0 | C42: =AB42+$AZ42+$AY42 -> 0 | D42: =AC42+$AZ42+$AY42 -> 0 | E42: =AD42+$AZ42+$AY42 -> 0 | F42: =AE42+$AZ42+$AY42 -> 0 | G42: =AF42+$AZ42+$AY42 -> 0 | H42: =AG42+$AZ42+$AY42 -> 0 | I42: =AH42+$AZ42+$AY42 -> 0 | ... Y42: =AX42+$AZ42+$AY42 -> 0 | AA42: 0 | AB42: 0 | AC42: 0 | AD42: 0 | AE42: 0 | AF42: 0 | AG42: 0 | AH42: 0 | AI42: 0 | AJ42: 0 | AK42: 0 | AL42: 0 | AM42: 0 | AN42: 0 | AO42: 0 | AP42: 0 | AQ42: 0 | AR42: 0 | AS42: 0 | AT42: 0 | AU42: 0 | AV42: 0 | AW42: 0 | AX42: 0 | AY42: 0 | AZ42: 0 | BA42: =IF(AW42>0,BA41,IF(AW42<0,0)) -> FALSE
B43: ПО УРОВНЯМ НАПРЯЖЕНИЯ | AA43: =SUM(AA12:AX42) -> 1120067.7
A44: Дата | B44: Ставка для фактических почасовых объемов покупки электрической энергии, отпущенных на уровне напряжения ВН по договору энергоснабжения | AA44: Структура нерегулируемой цены в соответствии с требованиями п.91 Основных положений функционирования розничных рынков электрической энергии, утвержденных Постановлением Правительства РФ от 04.05.2012 №442
B45: (рублей/МВт·ч без НДС) | AA45: Дифференцированная по часам расчетного периода нерегулируемая цена на э/э на ОРЭМ, определяемая по результатам конкурентного отбора ценовых заявок на сутки вперед и конкурентного отбора заявок для балансирования системы, руб./МВт·ч без НДС | AY45: Сбытовая надбавка ГП | AZ45: Плата за иные услуги, оказание которых является неотъемлемой частью процесса поставки электрической энергии потребителям | BA45: Тарифы на услуги по передаче электрической энергии
B46: 0:00 - 1:00 | C46: 1:00 - 2:00 | D46: 2:00 - 3:00 | E46: 3:00 - 4:00 | F46: 4:00 - 5:00 | G46: 5:00- 6:00 | H46: 6:00 - 7:00 | I46: 7:00- 8:00 | J46: 8:00 - 9:00 | K46: 9:00 - 10:00 | L46: 10:00 - 11:00 | M46: 11:00 - 12:00 | N46: 12:00 - 13:00 | O46: 13:00 - 14:00 | P46: 14:00 - 15:00 | Q46: 15:00 - 16:00 | R46: 16:00 - 17:00 | S46: 17:00 -18:00 | T46: 18:00 - 19:00 | U46: 19:00 - 20:00 | V46: 20:00 - 21:00 | W46: 21:00 - 22:00 | X46: 22:00 - 23:00 | Y46: 23:00 - 24:00 | AA46: 0:00 - 1:00 | AB46: 1:00 - 2:00 | AC46: 2:00 - 3:00 | AD46: 3:00 - 4:00 | AE46: 4:00 - 5:00 | AF46: 5:00- 6:00 | AG46: 6:00 - 7:00 | AH46: 7:00- 8:00 | AI46: 8:00 - 9:00 | AJ46: 9:00 - 10:00 | AK46: 10:00 - 11:00 | AL46: 11:00 - 12:00 | AM46: 12:00 - 13:00 | AN46: 13:00 - 14:00 | AO46: 14:00 - 15:00 | AP46: 15:00 - 16:00 | AQ46: 16:00 - 17:00 | AR46: 17:00 -18:00 | AS46: 18:00 - 19:00 | AT46: 19:00 - 20:00 | AU46: 20:00 - 21:00 | AV46: 21:00 - 22:00 | AW46: 22:00 - 23:00 | AX46: 23:00 - 24:00 | BA46: ВН
A47: 1=2+3+4+5 | AA47: 2 | AY47: 3 | AZ47: 4 | BA47: 5
A48: 1 | B48: =AA48+$BA48+$AZ48+$AY48 -> 3175.55 | C48: =AB48+$BA48+$AZ48+$AY48 -> 3166.47 | D48: =AC48+$BA48+$AZ48+$AY48 -> 3134.22 | E48: =AD48+$BA48+$AZ48+$AY48 -> 2961.27 | F48: =AE48+$BA48+$AZ48+$AY48 -> 3158.51 | G48: =AF48+$BA48+$AZ48+$AY48 -> 3161.68 | H48: =AG48+$BA48+$AZ48+$AY48 -> 3934.07 | I48: =AH48+$BA48+$AZ48+$AY48 -> 4224.86 | ... Y48: =AX48+$BA48+$AZ48+$AY48 -> 3443.86 | AA48: 368 | AB48: 358.92 | AC48: 326.67 | AD48: 153.72 | AE48: 350.96 | AF48: 354.13 | AG48: 1126.52 | AH48: 1417.31 | AI48: 1537.64 | AJ48: 1601.19 | AK48: 1601.14 | AL48: 1590.89 | AM48: 1573.52 | AN48: 1571.08 | AO48: 1564.86 | AP48: 1523.25 | AQ48: 1526.74 | AR48: 1553.33 | AS48: 1868.82 | AT48: 1868.59 | AU48: 1875.17 | AV48: 1497.57 | AW48: 1216.83 | AX48: 636.31 | AY48: 784.22 | AZ48: 6.61 | BA48: 2016.72
A49: 2 | B49: =AA49+$BA49+$AZ49+$AY49 -> 3164.25 | C49: =AB49+$BA49+$AZ49+$AY49 -> 3111.5 | D49: =AC49+$BA49+$AZ49+$AY49 -> 2826.21 | E49: =AD49+$BA49+$AZ49+$AY49 -> 2826.21 | F49: =AE49+$BA49+$AZ49+$AY49 -> 2826.24 | G49: =AF49+$BA49+$AZ49+$AY49 -> 3147.39 | H49: =AG49+$BA49+$AZ49+$AY49 -> 3922.21 | I49: =AH49+$BA49+$AZ49+$AY49 -> 4249.18 | ... Y49: =AX49+$BA49+$AZ49+$AY49 -> 3917.48 | AA49: 356.7 | AB49: 303.95 | AC49: 18.66 | AD49: 18.66 | AE49: 18.69 | AF49: 339.84 | AG49: 1114.66 | AH49: 1441.63 | AI49: 1724.19 | AJ49: 1875.08 | AK49: 1878.94 | AL49: 1874.3 | AM49: 1861.95 | AN49: 1863.3 | AO49: 1866.86 | AP49: 1867.15 | AQ49: 1874.42 | AR49: 1932.77 | AS49: 1979.66 | AT49: 1975.66 | AU49: 1923.23 | AV49: 1901.03 | AW49: 1368.78 | AX49: 1109.93 | AY49: 784.22 | AZ49: 6.61 | BA49: 2016.72
A50: 3 | B50: =AA50+$BA50+$AZ50+$AY50 -> 3751.58 | C50: =AB50+$BA50+$AZ50+$AY50 -> 3396.39 | D50: =AC50+$BA50+$AZ50+$AY50 -> 3136.19 | E50: =AD50+$BA50+$AZ50+$AY50 -> 3103.36 | F50: =AE50+$BA50+$AZ50+$AY50 -> 3694.97 | G50: =AF50+$BA50+$AZ50+$AY50 -> 3798.06 | H50: =AG50+$BA50+$AZ50+$AY50 -> 4028.28 | I50: =AH50+$BA50+$AZ50+$AY50 -> 4349.99 | ... Y50: =AX50+$BA50+$AZ50+$AY50 -> 4156.82 | AA50: 944.03 | AB50: 588.84 | AC50: 328.64 | AD50: 295.81 | AE50: 887.42 | AF50: 990.51 | AG50: 1220.73 | AH50: 1542.44 | AI50: 1914.02 | AJ50: 1970.43 | AK50: 1978.47 | AL50: 1947.43 | AM50: 1925.99 | AN50: 1926.38 | AO50: 1927.38 | AP50: 1925.9 | AQ50: 1944.64 | AR50: 2013.39 | AS50: 2059.78 | AT50: 2087.25 | AU50: 2030.65 | AV50: 2003.62 | AW50: 1895.68 | AX50: 1349.27 | AY50: 784.22 | AZ50: 6.61 | BA50: 2016.72
A51: 4 | B51: =AA51+$BA51+$AZ51+$AY51 -> 4096.19 | C51: =AB51+$BA51+$AZ51+$AY51 -> 3940.89 | D51: =AC51+$BA51+$AZ51+$AY51 -> 3866.89 | E51: =AD51+$BA51+$AZ51+$AY51 -> 3816.56 | F51: =AE51+$BA51+$AZ51+$AY51 -> 3840.99 | G51: =AF51+$BA51+$AZ51+$AY51 -> 3934.27 | H51: =AG51+$BA51+$AZ51+$AY51 -> 4056.17 | I51: =AH51+$BA51+$AZ51+$AY51 -> 4170.07 | ... Y51: =AX51+$BA51+$AZ51+$AY51 -> 4143.6 | AA51: 1288.64 | AB51: 1133.34 | AC51: 1059.34 | AD51: 1009.01 | AE51: 1033.44 | AF51: 1126.72 | AG51: 1248.62 | AH51: 1362.52 | AI51: 1857.33 | AJ51: 1912.26 | AK51: 1928.43 | AL51: 1916.26 | AM51: 1914.85 | AN51: 1902.23 | AO51: 1919.54 | AP51: 1931.44 | AQ51: 1954.51 | AR51: 2050.97 | AS51: 2065.6 | AT51: 2073.72 | AU51: 2058.24 | AV51: 1948.69 | AW51: 1865.83 | AX51: 1336.05 | AY51: 784.22 | AZ51: 6.61 | BA51: 2016.72
A52: 5 | B52: =AA52+$BA52+$AZ52+$AY52 -> 4012.32 | C52: =AB52+$BA52+$AZ52+$AY52 -> 3905.08 | D52: =AC52+$BA52+$AZ52+$AY52 -> 3855.4 | E52: =AD52+$BA52+$AZ52+$AY52 -> 3917.68 | F52: =AE52+$BA52+$AZ52+$AY52 -> 3940.93 | G52: =AF52+$BA52+$AZ52+$AY52 -> 4173.14 | H52: =AG52+$BA52+$AZ52+$AY52 -> 4141.37 | I52: =AH52+$BA52+$AZ52+$AY52 -> 4238.18 | ... Y52: =AX52+$BA52+$AZ52+$AY52 -> 4147.44 | AA52: 1204.77 | AB52: 1097.53 | AC52: 1047.85 | AD52: 1110.13 | AE52: 1133.38 | AF52: 1365.59 | AG52: 1333.82 | AH52: 1430.63 | AI52: 1817.89 | AJ52: 1863.59 | AK52: 1867.9 | AL52: 1870.72 | AM52: 1867.57 | AN52: 1863.76 | AO52: 1868.68 | AP52: 1868.44 | AQ52: 1882.2 | AR52: 1931.31 | AS52: 1944.73 | AT52: 1947.47 | AU52: 1921.81 | AV52: 1886.6 | AW52: 1764.88 | AX52: 1339.89 | AY52: 784.22 | AZ52: 6.61 | BA52: 2016.72
A53: 6 | B53: =AA53+$BA53+$AZ53+$AY53 -> 3930.39 | C53: =AB53+$BA53+$AZ53+$AY53 -> 3859.15 | D53: =AC53+$BA53+$AZ53+$AY53 -> 3804.45 | E53: =AD53+$BA53+$AZ53+$AY53 -> 3765.07 | F53: =AE53+$BA53+$AZ53+$AY53 -> 3773.37 | G53: =AF53+$BA53+$AZ53+$AY53 -> 3814.16 | H53: =AG53+$BA53+$AZ53+$AY53 -> 3850.6 | I53: =AH53+$BA53+$AZ53+$AY53 -> 3960.18 | ... Y53: =AX53+$BA53+$AZ53+$AY53 -> 4062.26 | AA53: 1122.84 | AB53: 1051.6 | AC53: 996.9 | AD53: 957.52 | AE53: 965.82 | AF53: 1006.61 | AG53: 1043.05 | AH53: 1152.63 | AI53: 1347.87 | AJ53: 1809.73 | AK53: 1830.64 | AL53: 1827.75 | AM53: 1804.08 | AN53: 1797.03 | AO53: 1801.84 | AP53: 1808.09 | AQ53: 1832.21 | AR53: 1863.16 | AS53: 1880.02 | AT53: 1868.19 | AU53: 1865.11 | AV53: 1855.01 | AW53: 1365.13 | AX53: 1254.71 | AY53: 784.22 | AZ53: 6.61 | BA53: 2016.72
A54: 7 | B54: =AA54+$BA54+$AZ54+$AY54 -> 3822.9 | C54: =AB54+$BA54+$AZ54+$AY54 -> 3680.02 | D54: =AC54+$BA54+$AZ54+$AY54 -> 3677.52 | E54: =AD54+$BA54+$AZ54+$AY54 -> 3543.44 | F54: =AE54+$BA54+$AZ54+$AY54 -> 3736.71 | G54: =AF54+$BA54+$AZ54+$AY54 -> 3819.45 | H54: =AG54+$BA54+$AZ54+$AY54 -> 3952.17 | I54: =AH54+$BA54+$AZ54+$AY54 -> 4249.57 | ... Y54: =AX54+$BA54+$AZ54+$AY54 -> 3949.82 | AA54: 1015.35 | AB54: 872.47 | AC54: 869.97 | AD54: 735.89 | AE54: 929.16 | AF54: 1011.9 | AG54: 1144.62 | AH54: 1442.02 | AI54: 1857.87 | AJ54: 1927.25 | AK54: 1938.27 | AL54: 1919.18 | AM54: 1888.73 | AN54: 1899.53 | AO54: 1892.31 | AP54: 1901.21 | AQ54: 1918.26 | AR54: 1941.93 | AS54: 1973.75 | AT54: 1984.49 | AU54: 1923.71 | AV54: 1869.73 | AW54: 1375.22 | AX54: 1142.27 | AY54: 784.22 | AZ54: 6.61 | BA54: 2016.72
A55: 8 | B55: =AA55+$BA55+$AZ55+$AY55 -> 3779.36 | C55: =AB55+$BA55+$AZ55+$AY55 -> 3464.82 | D55: =AC55+$BA55+$AZ55+$AY55 -> 3407.89 | E55: =AD55+$BA55+$AZ55+$AY55 -> 3381.21 | F55: =AE55+$BA55+$AZ55+$AY55 -> 3681.58 | G55: =AF55+$BA55+$AZ55+$AY55 -> 3775.08 | H55: =AG55+$BA55+$AZ55+$AY55 -> 3957.07 | I55: =AH55+$BA55+$AZ55+$AY55 -> 4247.3 | ... Y55: =AX55+$BA55+$AZ55+$AY55 -> 3932.36 | AA55: 971.81 | AB55: 657.27 | AC55: 600.34 | AD55: 573.66 | AE55: 874.03 | AF55: 967.53 | AG55: 1149.52 | AH55: 1439.75 | AI55: 1856.86 | AJ55: 1921.66 | AK55: 1915.9 | AL55: 1899.12 | AM55: 1880.73 | AN55: 1893.26 | AO55: 1902.12 | AP55: 1910.55 | AQ55: 1917.8 | AR55: 1924.18 | AS55: 1953.73 | AT55: 1955.8 | AU55: 1897.34 | AV55: 1823.96 | AW55: 1336.19 | AX55: 1124.81 | AY55: 784.22 | AZ55: 6.61 | BA55: 2016.72
A56: 9 | B56: =AA56+$BA56+$AZ56+$AY56 -> 3819.49 | C56: =AB56+$BA56+$AZ56+$AY56 -> 3737.56 | D56: =AC56+$BA56+$AZ56+$AY56 -> 3652.31 | E56: =AD56+$BA56+$AZ56+$AY56 -> 3502.28 | F56: =AE56+$BA56+$AZ56+$AY56 -> 3750.41 | G56: =AF56+$BA56+$AZ56+$AY56 -> 3856.71 | H56: =AG56+$BA56+$AZ56+$AY56 -> 4057.86 | I56: =AH56+$BA56+$AZ56+$AY56 -> 4376.98 | ... Y56: =AX56+$BA56+$AZ56+$AY56 -> 4032.51 | AA56: 1011.94 | AB56: 930.01 | AC56: 844.76 | AD56: 694.73 | AE56: 942.86 | AF56: 1049.16 | AG56: 1250.31 | AH56: 1569.43 | AI56: 1948.63 | AJ56: 2045.66 | AK56: 2045.01 | AL56: 2036.19 | AM56: 2026.77 | AN56: 2021.65 | AO56: 2033.71 | AP56: 2035.26 | AQ56: 2041.82 | AR56: 2077.7 | AS56: 2094.79 | AT56: 2066.55 | AU56: 2050.99 | AV56: 1947.99 | AW56: 1654.37 | AX56: 1224.96 | AY56: 784.22 | AZ56: 6.61 | BA56: 2016.72
A57: 10 | B57: =AA57+$BA57+$AZ57+$AY57 -> 3852.75 | C57: =AB57+$BA57+$AZ57+$AY57 -> 3753.25 | D57: =AC57+$BA57+$AZ57+$AY57 -> 3701.7 | E57: =AD57+$BA57+$AZ57+$AY57 -> 3434.8 | F57: =AE57+$BA57+$AZ57+$AY57 -> 3750.53 | G57: =AF57+$BA57+$AZ57+$AY57 -> 3882.79 | H57: =AG57+$BA57+$AZ57+$AY57 -> 4111.75 | I57: =AH57+$BA57+$AZ57+$AY57 -> 4513.49 | ... Y57: =AX57+$BA57+$AZ57+$AY57 -> 3978.96 | AA57: 1045.2 | AB57: 945.7 | AC57: 894.15 | AD57: 627.25 | AE57: 942.98 | AF57: 1075.24 | AG57: 1304.2 | AH57: 1705.94 | AI57: 1962.11 | AJ57: 2012.77 | AK57: 2031.56 | AL57: 2016.54 | AM57: 1972.36 | AN57: 1985.78 | AO57: 2004.64 | AP57: 2020.34 | AQ57: 2033.95 | AR57: 2080.24 | AS57: 2099.48 | AT57: 2093.27 | AU57: 2060.99 | AV57: 1979.05 | AW57: 1432.28 | AX57: 1171.41 | AY57: 784.22 | AZ57: 6.61 | BA57: 2016.72
A58: 11 | B58: =AA58+$BA58+$AZ58+$AY58 -> 3844.44 | C58: =AB58+$BA58+$AZ58+$AY58 -> 3756.75 | D58: =AC58+$BA58+$AZ58+$AY58 -> 3627.09 | E58: =AD58+$BA58+$AZ58+$AY58 -> 3396.14 | F58: =AE58+$BA58+$AZ58+$AY58 -> 3753.36 | G58: =AF58+$BA58+$AZ58+$AY58 -> 3927.95 | H58: =AG58+$BA58+$AZ58+$AY58 -> 4217.1 | I58: =AH58+$BA58+$AZ58+$AY58 -> 4665.28 | ... Y58: =AX58+$BA58+$AZ58+$AY58 -> 4073.29 | AA58: 1036.89 | AB58: 949.2 | AC58: 819.54 | AD58: 588.59 | AE58: 945.81 | AF58: 1120.4 | AG58: 1409.55 | AH58: 1857.73 | AI58: 2047.91 | AJ58: 2079.61 | AK58: 2076.3 | AL58: 2064.58 | AM58: 2033.25 | AN58: 2042.55 | AO58: 2047.86 | AP58: 2051.64 | AQ58: 2061.18 | AR58: 2099.12 | AS58: 2115.48 | AT58: 2091.77 | AU58: 2081.04 | AV58: 2044.46 | AW58: 1831.88 | AX58: 1265.74 | AY58: 784.22 | AZ58: 6.61 | BA58: 2016.72
A59: 12 | B59: =AA59+$BA59+$AZ59+$AY59 -> 3929.16 | C59: =AB59+$BA59+$AZ59+$AY59 -> 3803.41 | D59: =AC59+$BA59+$AZ59+$AY59 -> 3754.19 | E59: =AD59+$BA59+$AZ59+$AY59 -> 3726.29 | F59: =AE59+$BA59+$AZ59+$AY59 -> 3748.98 | G59: =AF59+$BA59+$AZ59+$AY59 -> 3813.36 | H59: =AG59+$BA59+$AZ59+$AY59 -> 3930.6 | I59: =AH59+$BA59+$AZ59+$AY59 -> 4049.63 | ... Y59: =AX59+$BA59+$AZ59+$AY59 -> 4112.57 | AA59: 1121.61 | AB59: 995.86 | AC59: 946.64 | AD59: 918.74 | AE59: 941.43 | AF59: 1005.81 | AG59: 1123.05 | AH59: 1242.08 | AI59: 1838.54 | AJ59: 1943.92 | AK59: 1959.58 | AL59: 1955.52 | AM59: 1940.78 | AN59: 1924.34 | AO59: 1934.85 | AP59: 1952.95 | AQ59: 1991.66 | AR59: 2058.83 | AS59: 2082.11 | AT59: 2064.67 | AU59: 2014.69 | AV59: 1971.5 | AW59: 1928.13 | AX59: 1305.02 | AY59: 784.22 | AZ59: 6.61 | BA59: 2016.72
... A77: 30 | B77: =AA77+$BA77+$AZ77+$AY77 -> 3760.79 | C77: =AB77+$BA77+$AZ77+$AY77 -> 3655.73 | D77: =AC77+$BA77+$AZ77+$AY77 -> 3584.51 | E77: =AD77+$BA77+$AZ77+$AY77 -> 3555.66 | F77: =AE77+$BA77+$AZ77+$AY77 -> 3644.24 | G77: =AF77+$BA77+$AZ77+$AY77 -> 3835.67 | H77: =AG77+$BA77+$AZ77+$AY77 -> 3992.69 | I77: =AH77+$BA77+$AZ77+$AY77 -> 4314.53 | ... Y77: =AX77+$BA77+$AZ77+$AY77 -> 3839.49 | AA77: 953.24 | AB77: 848.18 | AC77: 776.96 | AD77: 748.11 | AE77: 836.69 | AF77: 1028.12 | AG77: 1185.14 | AH77: 1506.98 | AI77: 1880.61 | AJ77: 1927.44 | AK77: 1935.59 | AL77: 1915.16 | AM77: 1896.57 | AN77: 1896.53 | AO77: 1894.32 | AP77: 1927.55 | AQ77: 1925 | AR77: 1965.72 | AS77: 1939 | AT77: 2011.88 | AU77: 1919.98 | AV77: 1886.75 | AW77: 1746.38 | AX77: 1031.94 | AY77: 784.22 | AZ77: 6.61 | BA77: 2016.72
A78: 31 | B78: =AA78+$BA78+$AZ78+$AY78 -> 0 | C78: =AB78+$BA78+$AZ78+$AY78 -> 0 | D78: =AC78+$BA78+$AZ78+$AY78 -> 0 | E78: =AD78+$BA78+$AZ78+$AY78 -> 0 | F78: =AE78+$BA78+$AZ78+$AY78 -> 0 | G78: =AF78+$BA78+$AZ78+$AY78 -> 0 | H78: =AG78+$BA78+$AZ78+$AY78 -> 0 | I78: =AH78+$BA78+$AZ78+$AY78 -> 0 | ... Y78: =AX78+$BA78+$AZ78+$AY78 -> 0 | AA78: 0 | AB78: 0 | AC78: 0 | AD78: 0 | AE78: 0 | AF78: 0 | AG78: 0 | AH78: 0 | AI78: 0 | AJ78: 0 | AK78: 0 | AL78: 0 | AM78: 0 | AN78: 0 | AO78: 0 | AP78: 0 | AQ78: 0 | AR78: 0 | AS78: 0 | AT78: 0 | AU78: 0 | AV78: 0 | AW78: 0 | AX78: 0 | AY78: 0 | AZ78: 0
A80: Дата | B80: Ставка для фактических почасовых объемов покупки электрической энергии, отпущенных на уровне напряжения ГН по договору энергоснабжения | AA80: Структура нерегулируемой цены в соответствии с требованиями п.91 Основных положений функционирования розничных рынков электрической энергии, утвержденных Постановлением Правительства РФ от 04.05.2012 №442
B81: (рублей/МВт·ч без НДС) | AA81: Дифференцированная по часам расчетного периода нерегулируемая цена на э/э на ОРЭМ, определяемая по результатам конкурентного отбора ценовых заявок на сутки вперед и конкурентного отбора заявок для балансирования системы, руб./МВт·ч без НДС | AY81: Сбытовая надбавка ГП | AZ81: Плата за иные услуги, оказание которых является неотъемлемой частью процесса поставки электрической энергии потребителям (п.9(1) Постановления Правительства РФ от 29.12.2011 г. N 1179) | BA81: Тарифы на услуги по передаче электрической энергии
B82: 0:00 - 1:00 | C82: 1:00 - 2:00 | D82: 2:00 - 3:00 | E82: 3:00 - 4:00 | F82: 4:00 - 5:00 | G82: 5:00- 6:00 | H82: 6:00 - 7:00 | I82: 7:00- 8:00 | J82: 8:00 - 9:00 | K82: 9:00 - 10:00 | L82: 10:00 - 11:00 | M82: 11:00 - 12:00 | N82: 12:00 - 13:00 | O82: 13:00 - 14:00 | P82: 14:00 - 15:00 | Q82: 15:00 - 16:00 | R82: 16:00 - 17:00 | S82: 17:00 -18:00 | T82: 18:00 - 19:00 | U82: 19:00 - 20:00 | V82: 20:00 - 21:00 | W82: 21:00 - 22:00 | X82: 22:00 - 23:00 | Y82: 23:00 - 24:00 | AA82: 0:00 - 1:00 | AB82: 1:00 - 2:00 | AC82: 2:00 - 3:00 | AD82: 3:00 - 4:00 | AE82: 4:00 - 5:00 | AF82: 5:00- 6:00 | AG82: 6:00 - 7:00 | AH82: 7:00- 8:00 | AI82: 8:00 - 9:00 | AJ82: 9:00 - 10:00 | AK82: 10:00 - 11:00 | AL82: 11:00 - 12:00 | AM82: 12:00 - 13:00 | AN82: 13:00 - 14:00 | AO82: 14:00 - 15:00 | AP82: 15:00 - 16:00 | AQ82: 16:00 - 17:00 | AR82: 17:00 -18:00 | AS82: 18:00 - 19:00 | AT82: 19:00 - 20:00 | AU82: 20:00 - 21:00 | AV82: 21:00 - 22:00 | AW82: 22:00 - 23:00 | AX82: 23:00 - 24:00 | BA82: ГН
A83: 1=2+3+4+5 | AA83: 2 | AY83: 3 | AZ83: 4 | BA83: 5
A84: 1 | B84: =AA84+$BA84+$AZ84+$AY84 -> 1158.83 | C84: =AB84+$BA84+$AZ84+$AY84 -> 1149.75 | D84: =AC84+$BA84+$AZ84+$AY84 -> 1117.5 | E84: =AD84+$BA84+$AZ84+$AY84 -> 944.55 | F84: =AE84+$BA84+$AZ84+$AY84 -> 1141.79 | G84: =AF84+$BA84+$AZ84+$AY84 -> 1144.96 | H84: =AG84+$BA84+$AZ84+$AY84 -> 1917.35 | I84: =AH84+$BA84+$AZ84+$AY84 -> 2208.14 | ... Y84: =AX84+$BA84+$AZ84+$AY84 -> 1427.14 | AA84: 368 | AB84: 358.92 | AC84: 326.67 | AD84: 153.72 | AE84: 350.96 | AF84: 354.13 | AG84: 1126.52 | AH84: 1417.31 | AI84: 1537.64 | AJ84: 1601.19 | AK84: 1601.14 | AL84: 1590.89 | AM84: 1573.52 | AN84: 1571.08 | AO84: 1564.86 | AP84: 1523.25 | AQ84: 1526.74 | AR84: 1553.33 | AS84: 1868.82 | AT84: 1868.59 | AU84: 1875.17 | AV84: 1497.57 | AW84: 1216.83 | AX84: 636.31 | AY84: 784.22 | AZ84: 6.61 | BA84: 0
A85: 2 | B85: =AA85+$BA85+$AZ85+$AY85 -> 1147.53 | C85: =AB85+$BA85+$AZ85+$AY85 -> 1094.78 | D85: =AC85+$BA85+$AZ85+$AY85 -> 809.49 | E85: =AD85+$BA85+$AZ85+$AY85 -> 809.49 | F85: =AE85+$BA85+$AZ85+$AY85 -> 809.52 | G85: =AF85+$BA85+$AZ85+$AY85 -> 1130.67 | H85: =AG85+$BA85+$AZ85+$AY85 -> 1905.49 | I85: =AH85+$BA85+$AZ85+$AY85 -> 2232.46 | ... Y85: =AX85+$BA85+$AZ85+$AY85 -> 1900.76 | AA85: 356.7 | AB85: 303.95 | AC85: 18.66 | AD85: 18.66 | AE85: 18.69 | AF85: 339.84 | AG85: 1114.66 | AH85: 1441.63 | AI85: 1724.19 | AJ85: 1875.08 | AK85: 1878.94 | AL85: 1874.3 | AM85: 1861.95 | AN85: 1863.3 | AO85: 1866.86 | AP85: 1867.15 | AQ85: 1874.42 | AR85: 1932.77 | AS85: 1979.66 | AT85: 1975.66 | AU85: 1923.23 | AV85: 1901.03 | AW85: 1368.78 | AX85: 1109.93 | AY85: 784.22 | AZ85: 6.61 | BA85: 0
A86: 3 | B86: =AA86+$BA86+$AZ86+$AY86 -> 1734.86 | C86: =AB86+$BA86+$AZ86+$AY86 -> 1379.67 | D86: =AC86+$BA86+$AZ86+$AY86 -> 1119.47 | E86: =AD86+$BA86+$AZ86+$AY86 -> 1086.64 | F86: =AE86+$BA86+$AZ86+$AY86 -> 1678.25 | G86: =AF86+$BA86+$AZ86+$AY86 -> 1781.34 | H86: =AG86+$BA86+$AZ86+$AY86 -> 2011.56 | I86: =AH86+$BA86+$AZ86+$AY86 -> 2333.27 | ... Y86: =AX86+$BA86+$AZ86+$AY86 -> 2140.1 | AA86: 944.03 | AB86: 588.84 | AC86: 328.64 | AD86: 295.81 | AE86: 887.42 | AF86: 990.51 | AG86: 1220.73 | AH86: 1542.44 | AI86: 1914.02 | AJ86: 1970.43 | AK86: 1978.47 | AL86: 1947.43 | AM86: 1925.99 | AN86: 1926.38 | AO86: 1927.38 | AP86: 1925.9 | AQ86: 1944.64 | AR86: 2013.39 | AS86: 2059.78 | AT86: 2087.25 | AU86: 2030.65 | AV86: 2003.62 | AW86: 1895.68 | AX86: 1349.27 | AY86: 784.22 | AZ86: 6.61 | BA86: 0
A87: 4 | B87: =AA87+$BA87+$AZ87+$AY87 -> 2079.47 | C87: =AB87+$BA87+$AZ87+$AY87 -> 1924.17 | D87: =AC87+$BA87+$AZ87+$AY87 -> 1850.17 | E87: =AD87+$BA87+$AZ87+$AY87 -> 1799.84 | F87: =AE87+$BA87+$AZ87+$AY87 -> 1824.27 | G87: =AF87+$BA87+$AZ87+$AY87 -> 1917.55 | H87: =AG87+$BA87+$AZ87+$AY87 -> 2039.45 | I87: =AH87+$BA87+$AZ87+$AY87 -> 2153.35 | ... Y87: =AX87+$BA87+$AZ87+$AY87 -> 2126.88 | AA87: 1288.64 | AB87: 1133.34 | AC87: 1059.34 | AD87: 1009.01 | AE87: 1033.44 | AF87: 1126.72 | AG87: 1248.62 | AH87: 1362.52 | AI87: 1857.33 | AJ87: 1912.26 | AK87: 1928.43 | AL87: 1916.26 | AM87: 1914.85 | AN87: 1902.23 | AO87: 1919.54 | AP87: 1931.44 | AQ87: 1954.51 | AR87: 2050.97 | AS87: 2065.6 | AT87: 2073.72 | AU87: 2058.24 | AV87: 1948.69 | AW87: 1865.83 | AX87: 1336.05 | AY87: 784.22 | AZ87: 6.61 | BA87: 0
A88: 5 | B88: =AA88+$BA88+$AZ88+$AY88 -> 1995.6 | C88: =AB88+$BA88+$AZ88+$AY88 -> 1888.36 | D88: =AC88+$BA88+$AZ88+$AY88 -> 1838.68 | E88: =AD88+$BA88+$AZ88+$AY88 -> 1900.96 | F88: =AE88+$BA88+$AZ88+$AY88 -> 1924.21 | G88: =AF88+$BA88+$AZ88+$AY88 -> 2156.42 | H88: =AG88+$BA88+$AZ88+$AY88 -> 2124.65 | I88: =AH88+$BA88+$AZ88+$AY88 -> 2221.46 | ... Y88: =AX88+$BA88+$AZ88+$AY88 -> 2130.72 | AA88: 1204.77 | AB88: 1097.53 | AC88: 1047.85 | AD88: 1110.13 | AE88: 1133.38 | AF88: 1365.59 | AG88: 1333.82 | AH88: 1430.63 | AI88: 1817.89 | AJ88: 1863.59 | AK88: 1867.9 | AL88: 1870.72 | AM88: 1867.57 | AN88: 1863.76 | AO88: 1868.68 | AP88: 1868.44 | AQ88: 1882.2 | AR88: 1931.31 | AS88: 1944.73 | AT88: 1947.47 | AU88: 1921.81 | AV88: 1886.6 | AW88: 1764.88 | AX88: 1339.89 | AY88: 784.22 | AZ88: 6.61 | BA88: 0
A89: 6 | B89: =AA89+$BA89+$AZ89+$AY89 -> 1913.67 | C89: =AB89+$BA89+$AZ89+$AY89 -> 1842.43 | D89: =AC89+$BA89+$AZ89+$AY89 -> 1787.73 | E89: =AD89+$BA89+$AZ89+$AY89 -> 1748.35 | F89: =AE89+$BA89+$AZ89+$AY89 -> 1756.65 | G89: =AF89+$BA89+$AZ89+$AY89 -> 1797.44 | H89: =AG89+$BA89+$AZ89+$AY89 -> 1833.88 | I89: =AH89+$BA89+$AZ89+$AY89 -> 1943.46 | ... Y89: =AX89+$BA89+$AZ89+$AY89 -> 2045.54 | AA89: 1122.84 | AB89: 1051.6 | AC89: 996.9 | AD89: 957.52 | AE89: 965.82 | AF89: 1006.61 | AG89: 1043.05 | AH89: 1152.63 | AI89: 1347.87 | AJ89: 1809.73 | AK89: 1830.64 | AL89: 1827.75 | AM89: 1804.08 | AN89: 1797.03 | AO89: 1801.84 | AP89: 1808.09 | AQ89: 1832.21 | AR89: 1863.16 | AS89: 1880.02 | AT89: 1868.19 | AU89: 1865.11 | AV89: 1855.01 | AW89: 1365.13 | AX89: 1254.71 | AY89: 784.22 | AZ89: 6.61 | BA89: 0
A90: 7 | B90: =AA90+$BA90+$AZ90+$AY90 -> 1806.18 | C90: =AB90+$BA90+$AZ90+$AY90 -> 1663.3 | D90: =AC90+$BA90+$AZ90+$AY90 -> 1660.8 | E90: =AD90+$BA90+$AZ90+$AY90 -> 1526.72 | F90: =AE90+$BA90+$AZ90+$AY90 -> 1719.99 | G90: =AF90+$BA90+$AZ90+$AY90 -> 1802.73 | H90: =AG90+$BA90+$AZ90+$AY90 -> 1935.45 | I90: =AH90+$BA90+$AZ90+$AY90 -> 2232.85 | ... Y90: =AX90+$BA90+$AZ90+$AY90 -> 1933.1 | AA90: 1015.35 | AB90: 872.47 | AC90: 869.97 | AD90: 735.89 | AE90: 929.16 | AF90: 1011.9 | AG90: 1144.62 | AH90: 1442.02 | AI90: 1857.87 | AJ90: 1927.25 | AK90: 1938.27 | AL90: 1919.18 | AM90: 1888.73 | AN90: 1899.53 | AO90: 1892.31 | AP90: 1901.21 | AQ90: 1918.26 | AR90: 1941.93 | AS90: 1973.75 | AT90: 1984.49 | AU90: 1923.71 | AV90: 1869.73 | AW90: 1375.22 | AX90: 1142.27 | AY90: 784.22 | AZ90: 6.61 | BA90: 0
A91: 8 | B91: =AA91+$BA91+$AZ91+$AY91 -> 1762.64 | C91: =AB91+$BA91+$AZ91+$AY91 -> 1448.1 | D91: =AC91+$BA91+$AZ91+$AY91 -> 1391.17 | E91: =AD91+$BA91+$AZ91+$AY91 -> 1364.49 | F91: =AE91+$BA91+$AZ91+$AY91 -> 1664.86 | G91: =AF91+$BA91+$AZ91+$AY91 -> 1758.36 | H91: =AG91+$BA91+$AZ91+$AY91 -> 1940.35 | I91: =AH91+$BA91+$AZ91+$AY91 -> 2230.58 | ... Y91: =AX91+$BA91+$AZ91+$AY91 -> 1915.64 | AA91: 971.81 | AB91: 657.27 | AC91: 600.34 | AD91: 573.66 | AE91: 874.03 | AF91: 967.53 | AG91: 1149.52 | AH91: 1439.75 | AI91: 1856.86 | AJ91: 1921.66 | AK91: 1915.9 | AL91: 1899.12 | AM91: 1880.73 | AN91: 1893.26 | AO91: 1902.12 | AP91: 1910.55 | AQ91: 1917.8 | AR91: 1924.18 | AS91: 1953.73 | AT91: 1955.8 | AU91: 1897.34 | AV91: 1823.96 | AW91: 1336.19 | AX91: 1124.81 | AY91: 784.22 | AZ91: 6.61 | BA91: 0
A92: 9 | B92: =AA92+$BA92+$AZ92+$AY92 -> 1802.77 | C92: =AB92+$BA92+$AZ92+$AY92 -> 1720.84 | D92: =AC92+$BA92+$AZ92+$AY92 -> 1635.59 | E92: =AD92+$BA92+$AZ92+$AY92 -> 1485.56 | F92: =AE92+$BA92+$AZ92+$AY92 -> 1733.69 | G92: =AF92+$BA92+$AZ92+$AY92 -> 1839.99 | H92: =AG92+$BA92+$AZ92+$AY92 -> 2041.14 | I92: =AH92+$BA92+$AZ92+$AY92 -> 2360.26 | ... Y92: =AX92+$BA92+$AZ92+$AY92 -> 2015.79 | AA92: 1011.94 | AB92: 930.01 | AC92: 844.76 | AD92: 694.73 | AE92: 942.86 | AF92: 1049.16 | AG92: 1250.31 | AH92: 1569.43 | AI92: 1948.63 | AJ92: 2045.66 | AK92: 2045.01 | AL92: 2036.19 | AM92: 2026.77 | AN92: 2021.65 | AO92: 2033.71 | AP92: 2035.26 | AQ92: 2041.82 | AR92: 2077.7 | AS92: 2094.79 | AT92: 2066.55 | AU92: 2050.99 | AV92: 1947.99 | AW92: 1654.37 | AX92: 1224.96 | AY92: 784.22 | AZ92: 6.61 | BA92: 0
A93: 10 | B93: =AA93+$BA93+$AZ93+$AY93 -> 1836.03 | C93: =AB93+$BA93+$AZ93+$AY93 -> 1736.53 | D93: =AC93+$BA93+$AZ93+$AY93 -> 1684.98 | E93: =AD93+$BA93+$AZ93+$AY93 -> 1418.08 | F93: =AE93+$BA93+$AZ93+$AY93 -> 1733.81 | G93: =AF93+$BA93+$AZ93+$AY93 -> 1866.07 | H93: =AG93+$BA93+$AZ93+$AY93 -> 2095.03 | I93: =AH93+$BA93+$AZ93+$AY93 -> 2496.77 | ... Y93: =AX93+$BA93+$AZ93+$AY93 -> 1962.24 | AA93: 1045.2 | AB93: 945.7 | AC93: 894.15 | AD93: 627.25 | AE93: 942.98 | AF93: 1075.24 | AG93: 1304.2 | AH93: 1705.94 | AI93: 1962.11 | AJ93: 2012.77 | AK93: 2031.56 | AL93: 2016.54 | AM93: 1972.36 | AN93: 1985.78 | AO93: 2004.64 | AP93: 2020.34 | AQ93: 2033.95 | AR93: 2080.24 | AS93: 2099.48 | AT93: 2093.27 | AU93: 2060.99 | AV93: 1979.05 | AW93: 1432.28 | AX93: 1171.41 | AY93: 784.22 | AZ93: 6.61 | BA93: 0
A94: 11 | B94: =AA94+$BA94+$AZ94+$AY94 -> 1827.72 | C94: =AB94+$BA94+$AZ94+$AY94 -> 1740.03 | D94: =AC94+$BA94+$AZ94+$AY94 -> 1610.37 | E94: =AD94+$BA94+$AZ94+$AY94 -> 1379.42 | F94: =AE94+$BA94+$AZ94+$AY94 -> 1736.64 | G94: =AF94+$BA94+$AZ94+$AY94 -> 1911.23 | H94: =AG94+$BA94+$AZ94+$AY94 -> 2200.38 | I94: =AH94+$BA94+$AZ94+$AY94 -> 2648.56 | ... Y94: =AX94+$BA94+$AZ94+$AY94 -> 2056.57 | AA94: 1036.89 | AB94: 949.2 | AC94: 819.54 | AD94: 588.59 | AE94: 945.81 | AF94: 1120.4 | AG94: 1409.55 | AH94: 1857.73 | AI94: 2047.91 | AJ94: 2079.61 | AK94: 2076.3 | AL94: 2064.58 | AM94: 2033.25 | AN94: 2042.55 | AO94: 2047.86 | AP94: 2051.64 | AQ94: 2061.18 | AR94: 2099.12 | AS94: 2115.48 | AT94: 2091.77 | AU94: 2081.04 | AV94: 2044.46 | AW94: 1831.88 | AX94: 1265.74 | AY94: 784.22 | AZ94: 6.61 | BA94: 0
A95: 12 | B95: =AA95+$BA95+$AZ95+$AY95 -> 1912.44 | C95: =AB95+$BA95+$AZ95+$AY95 -> 1786.69 | D95: =AC95+$BA95+$AZ95+$AY95 -> 1737.47 | E95: =AD95+$BA95+$AZ95+$AY95 -> 1709.57 | F95: =AE95+$BA95+$AZ95+$AY95 -> 1732.26 | G95: =AF95+$BA95+$AZ95+$AY95 -> 1796.64 | H95: =AG95+$BA95+$AZ95+$AY95 -> 1913.88 | I95: =AH95+$BA95+$AZ95+$AY95 -> 2032.91 | ... Y95: =AX95+$BA95+$AZ95+$AY95 -> 2095.85 | AA95: 1121.61 | AB95: 995.86 | AC95: 946.64 | AD95: 918.74 | AE95: 941.43 | AF95: 1005.81 | AG95: 1123.05 | AH95: 1242.08 | AI95: 1838.54 | AJ95: 1943.92 | AK95: 1959.58 | AL95: 1955.52 | AM95: 1940.78 | AN95: 1924.34 | AO95: 1934.85 | AP95: 1952.95 | AQ95: 1991.66 | AR95: 2058.83 | AS95: 2082.11 | AT95: 2064.67 | AU95: 2014.69 | AV95: 1971.5 | AW95: 1928.13 | AX95: 1305.02 | AY95: 784.22 | AZ95: 6.61 | BA95: 0
... A113: 30 | B113: =AA113+$BA113+$AZ113+$AY113 -> 1744.07 | C113: =AB113+$BA113+$AZ113+$AY113 -> 1639.01 | D113: =AC113+$BA113+$AZ113+$AY113 -> 1567.79 | E113: =AD113+$BA113+$AZ113+$AY113 -> 1538.94 | F113: =AE113+$BA113+$AZ113+$AY113 -> 1627.52 | G113: =AF113+$BA113+$AZ113+$AY113 -> 1818.95 | H113: =AG113+$BA113+$AZ113+$AY113 -> 1975.97 | I113: =AH113+$BA113+$AZ113+$AY113 -> 2297.81 | ... Y113: =AX113+$BA113+$AZ113+$AY113 -> 1822.77 | AA113: 953.24 | AB113: 848.18 | AC113: 776.96 | AD113: 748.11 | AE113: 836.69 | AF113: 1028.12 | AG113: 1185.14 | AH113: 1506.98 | AI113: 1880.61 | AJ113: 1927.44 | AK113: 1935.59 | AL113: 1915.16 | AM113: 1896.57 | AN113: 1896.53 | AO113: 1894.32 | AP113: 1927.55 | AQ113: 1925 | AR113: 1965.72 | AS113: 1939 | AT113: 2011.88 | AU113: 1919.98 | AV113: 1886.75 | AW113: 1746.38 | AX113: 1031.94 | AY113: 784.22 | AZ113: 6.61 | BA113: 0
A114: 31 | B114: =AA114+$BA114+$AZ114+$AY114 -> 0 | C114: =AB114+$BA114+$AZ114+$AY114 -> 0 | D114: =AC114+$BA114+$AZ114+$AY114 -> 0 | E114: =AD114+$BA114+$AZ114+$AY114 -> 0 | F114: =AE114+$BA114+$AZ114+$AY114 -> 0 | G114: =AF114+$BA114+$AZ114+$AY114 -> 0 | H114: =AG114+$BA114+$AZ114+$AY114 -> 0 | I114: =AH114+$BA114+$AZ114+$AY114 -> 0 | ... Y114: =AX114+$BA114+$AZ114+$AY114 -> 0 | AA114: 0 | AB114: 0 | AC114: 0 | AD114: 0 | AE114: 0 | AF114: 0 | AG114: 0 | AH114: 0 | AI114: 0 | AJ114: 0 | AK114: 0 | AL114: 0 | AM114: 0 | AN114: 0 | AO114: 0 | AP114: 0 | AQ114: 0 | AR114: 0 | AS114: 0 | AT114: 0 | AU114: 0 | AV114: 0 | AW114: 0 | AX114: 0 | AY114: 0 | AZ114: 0
AA115: =SUM(AA84:AX114) -> 1120067.7
A116: Дата | B116: Ставка для фактических почасовых объемов покупки электрической энергии, отпущенных на уровне напряжения СН1 по договору энергоснабжения | AA116: Структура нерегулируемой цены в соответствии с требованиями п.91 Основных положений функционирования розничных рынков электрической энергии, утвержденных Постановлением Правительства РФ от 04.05.2012 №442
B117: (рублей/МВт·ч без НДС) | AA117: Дифференцированная по часам расчетного периода нерегулируемая цена на э/э на ОРЭМ, определяемая по результатам конкурентного отбора ценовых заявок на сутки вперед и конкурентного отбора заявок для балансирования системы, руб./МВт·ч без НДС | AY117: Сбытовая надбавка ГП | AZ117: Плата за иные услуги, оказание которых является неотъемлемой частью процесса поставки электрической энергии потребителям | BA117: Тарифы на услуги по передаче электрической энергии
B118: 0:00 - 1:00 | C118: 1:00 - 2:00 | D118: 2:00 - 3:00 | E118: 3:00 - 4:00 | F118: 4:00 - 5:00 | G118: 5:00- 6:00 | H118: 6:00 - 7:00 | I118: 7:00- 8:00 | J118: 8:00 - 9:00 | K118: 9:00 - 10:00 | L118: 10:00 - 11:00 | M118: 11:00 - 12:00 | N118: 12:00 - 13:00 | O118: 13:00 - 14:00 | P118: 14:00 - 15:00 | Q118: 15:00 - 16:00 | R118: 16:00 - 17:00 | S118: 17:00 -18:00 | T118: 18:00 - 19:00 | U118: 19:00 - 20:00 | V118: 20:00 - 21:00 | W118: 21:00 - 22:00 | X118: 22:00 - 23:00 | Y118: 23:00 - 24:00 | AA118: 0:00 - 1:00 | AB118: 1:00 - 2:00 | AC118: 2:00 - 3:00 | AD118: 3:00 - 4:00 | AE118: 4:00 - 5:00 | AF118: 5:00- 6:00 | AG118: 6:00 - 7:00 | AH118: 7:00- 8:00 | AI118: 8:00 - 9:00 | AJ118: 9:00 - 10:00 | AK118: 10:00 - 11:00 | AL118: 11:00 - 12:00 | AM118: 12:00 - 13:00 | AN118: 13:00 - 14:00 | AO118: 14:00 - 15:00 | AP118: 15:00 - 16:00 | AQ118: 16:00 - 17:00 | AR118: 17:00 -18:00 | AS118: 18:00 - 19:00 | AT118: 19:00 - 20:00 | AU118: 20:00 - 21:00 | AV118: 21:00 - 22:00 | AW118: 22:00 - 23:00 | AX118: 23:00 - 24:00 | BA118: СН1
A119: 1=2+3+4+5 | AA119: 2 | AY119: 3 | AZ119: 4 | BA119: 5
A120: 1 | B120: =AA120+$BA120+$AZ120+$AY120 -> 3802.88 | C120: =AB120+$BA120+$AZ120+$AY120 -> 3793.8 | D120: =AC120+$BA120+$AZ120+$AY120 -> 3761.55 | E120: =AD120+$BA120+$AZ120+$AY120 -> 3588.6 | F120: =AE120+$BA120+$AZ120+$AY120 -> 3785.84 | G120: =AF120+$BA120+$AZ120+$AY120 -> 3789.01 | H120: =AG120+$BA120+$AZ120+$AY120 -> 4561.4 | I120: =AH120+$BA120+$AZ120+$AY120 -> 4852.19 | ... Y120: =AX120+$BA120+$AZ120+$AY120 -> 4071.19 | AA120: 368 | AB120: 358.92 | AC120: 326.67 | AD120: 153.72 | AE120: 350.96 | AF120: 354.13 | AG120: 1126.52 | AH120: 1417.31 | AI120: 1537.64 | AJ120: 1601.19 | AK120: 1601.14 | AL120: 1590.89 | AM120: 1573.52 | AN120: 1571.08 | AO120: 1564.86 | AP120: 1523.25 | AQ120: 1526.74 | AR120: 1553.33 | AS120: 1868.82 | AT120: 1868.59 | AU120: 1875.17 | AV120: 1497.57 | AW120: 1216.83 | AX120: 636.31 | AY120: 784.22 | AZ120: 6.61 | BA120: 2644.05
A121: 2 | B121: =AA121+$BA121+$AZ121+$AY121 -> 3791.58 | C121: =AB121+$BA121+$AZ121+$AY121 -> 3738.83 | D121: =AC121+$BA121+$AZ121+$AY121 -> 3453.54 | E121: =AD121+$BA121+$AZ121+$AY121 -> 3453.54 | F121: =AE121+$BA121+$AZ121+$AY121 -> 3453.57 | G121: =AF121+$BA121+$AZ121+$AY121 -> 3774.72 | H121: =AG121+$BA121+$AZ121+$AY121 -> 4549.54 | I121: =AH121+$BA121+$AZ121+$AY121 -> 4876.51 | ... Y121: =AX121+$BA121+$AZ121+$AY121 -> 4544.81 | AA121: 356.7 | AB121: 303.95 | AC121: 18.66 | AD121: 18.66 | AE121: 18.69 | AF121: 339.84 | AG121: 1114.66 | AH121: 1441.63 | AI121: 1724.19 | AJ121: 1875.08 | AK121: 1878.94 | AL121: 1874.3 | AM121: 1861.95 | AN121: 1863.3 | AO121: 1866.86 | AP121: 1867.15 | AQ121: 1874.42 | AR121: 1932.77 | AS121: 1979.66 | AT121: 1975.66 | AU121: 1923.23 | AV121: 1901.03 | AW121: 1368.78 | AX121: 1109.93 | AY121: 784.22 | AZ121: 6.61 | BA121: 2644.05
A122: 3 | B122: =AA122+$BA122+$AZ122+$AY122 -> 4378.91 | C122: =AB122+$BA122+$AZ122+$AY122 -> 4023.72 | D122: =AC122+$BA122+$AZ122+$AY122 -> 3763.52 | E122: =AD122+$BA122+$AZ122+$AY122 -> 3730.69 | F122: =AE122+$BA122+$AZ122+$AY122 -> 4322.3 | G122: =AF122+$BA122+$AZ122+$AY122 -> 4425.39 | H122: =AG122+$BA122+$AZ122+$AY122 -> 4655.61 | I122: =AH122+$BA122+$AZ122+$AY122 -> 4977.32 | ... Y122: =AX122+$BA122+$AZ122+$AY122 -> 4784.15 | AA122: 944.03 | AB122: 588.84 | AC122: 328.64 | AD122: 295.81 | AE122: 887.42 | AF122: 990.51 | AG122: 1220.73 | AH122: 1542.44 | AI122: 1914.02 | AJ122: 1970.43 | AK122: 1978.47 | AL122: 1947.43 | AM122: 1925.99 | AN122: 1926.38 | AO122: 1927.38 | AP122: 1925.9 | AQ122: 1944.64 | AR122: 2013.39 | AS122: 2059.78 | AT122: 2087.25 | AU122: 2030.65 | AV122: 2003.62 | AW122: 1895.68 | AX122: 1349.27 | AY122: 784.22 | AZ122: 6.61 | BA122: 2644.05
A123: 4 | B123: =AA123+$BA123+$AZ123+$AY123 -> 4723.52 | C123: =AB123+$BA123+$AZ123+$AY123 -> 4568.22 | D123: =AC123+$BA123+$AZ123+$AY123 -> 4494.22 | E123: =AD123+$BA123+$AZ123+$AY123 -> 4443.89 | F123: =AE123+$BA123+$AZ123+$AY123 -> 4468.32 | G123: =AF123+$BA123+$AZ123+$AY123 -> 4561.6 | H123: =AG123+$BA123+$AZ123+$AY123 -> 4683.5 | I123: =AH123+$BA123+$AZ123+$AY123 -> 4797.4 | ... Y123: =AX123+$BA123+$AZ123+$AY123 -> 4770.93 | AA123: 1288.64 | AB123: 1133.34 | AC123: 1059.34 | AD123: 1009.01 | AE123: 1033.44 | AF123: 1126.72 | AG123: 1248.62 | AH123: 1362.52 | AI123: 1857.33 | AJ123: 1912.26 | AK123: 1928.43 | AL123: 1916.26 | AM123: 1914.85 | AN123: 1902.23 | AO123: 1919.54 | AP123: 1931.44 | AQ123: 1954.51 | AR123: 2050.97 | AS123: 2065.6 | AT123: 2073.72 | AU123: 2058.24 | AV123: 1948.69 | AW123: 1865.83 | AX123: 1336.05 | AY123: 784.22 | AZ123: 6.61 | BA123: 2644.05
A124: 5 | B124: =AA124+$BA124+$AZ124+$AY124 -> 4639.65 | C124: =AB124+$BA124+$AZ124+$AY124 -> 4532.41 | D124: =AC124+$BA124+$AZ124+$AY124 -> 4482.73 | E124: =AD124+$BA124+$AZ124+$AY124 -> 4545.01 | F124: =AE124+$BA124+$AZ124+$AY124 -> 4568.26 | G124: =AF124+$BA124+$AZ124+$AY124 -> 4800.47 | H124: =AG124+$BA124+$AZ124+$AY124 -> 4768.7 | I124: =AH124+$BA124+$AZ124+$AY124 -> 4865.51 | ... Y124: =AX124+$BA124+$AZ124+$AY124 -> 4774.77 | AA124: 1204.77 | AB124: 1097.53 | AC124: 1047.85 | AD124: 1110.13 | AE124: 1133.38 | AF124: 1365.59 | AG124: 1333.82 | AH124: 1430.63 | AI124: 1817.89 | AJ124: 1863.59 | AK124: 1867.9 | AL124: 1870.72 | AM124: 1867.57 | AN124: 1863.76 | AO124: 1868.68 | AP124: 1868.44 | AQ124: 1882.2 | AR124: 1931.31 | AS124: 1944.73 | AT124: 1947.47 | AU124: 1921.81 | AV124: 1886.6 | AW124: 1764.88 | AX124: 1339.89 | AY124: 784.22 | AZ124: 6.61 | BA124: 2644.05
A125: 6 | B125: =AA125+$BA125+$AZ125+$AY125 -> 4557.72 | C125: =AB125+$BA125+$AZ125+$AY125 -> 4486.48 | D125: =AC125+$BA125+$AZ125+$AY125 -> 4431.78 | E125: =AD125+$BA125+$AZ125+$AY125 -> 4392.4 | F125: =AE125+$BA125+$AZ125+$AY125 -> 4400.7 | G125: =AF125+$BA125+$AZ125+$AY125 -> 4441.49 | H125: =AG125+$BA125+$AZ125+$AY125 -> 4477.93 | I125: =AH125+$BA125+$AZ125+$AY125 -> 4587.51 | ... Y125: =AX125+$BA125+$AZ125+$AY125 -> 4689.59 | AA125: 1122.84 | AB125: 1051.6 | AC125: 996.9 | AD125: 957.52 | AE125: 965.82 | AF125: 1006.61 | AG125: 1043.05 | AH125: 1152.63 | AI125: 1347.87 | AJ125: 1809.73 | AK125: 1830.64 | AL125: 1827.75 | AM125: 1804.08 | AN125: 1797.03 | AO125: 1801.84 | AP125: 1808.09 | AQ125: 1832.21 | AR125: 1863.16 | AS125: 1880.02 | AT125: 1868.19 | AU125: 1865.11 | AV125: 1855.01 | AW125: 1365.13 | AX125: 1254.71 | AY125: 784.22 | AZ125: 6.61 | BA125: 2644.05
A126: 7 | B126: =AA126+$BA126+$AZ126+$AY126 -> 4450.23 | C126: =AB126+$BA126+$AZ126+$AY126 -> 4307.35 | D126: =AC126+$BA126+$AZ126+$AY126 -> 4304.85 | E126: =AD126+$BA126+$AZ126+$AY126 -> 4170.77 | F126: =AE126+$BA126+$AZ126+$AY126 -> 4364.04 | G126: =AF126+$BA126+$AZ126+$AY126 -> 4446.78 | H126: =AG126+$BA126+$AZ126+$AY126 -> 4579.5 | I126: =AH126+$BA126+$AZ126+$AY126 -> 4876.9 | ... Y126: =AX126+$BA126+$AZ126+$AY126 -> 4577.15 | AA126: 1015.35 | AB126: 872.47 | AC126: 869.97 | AD126: 735.89 | AE126: 929.16 | AF126: 1011.9 | AG126: 1144.62 | AH126: 1442.02 | AI126: 1857.87 | AJ126: 1927.25 | AK126: 1938.27 | AL126: 1919.18 | AM126: 1888.73 | AN126: 1899.53 | AO126: 1892.31 | AP126: 1901.21 | AQ126: 1918.26 | AR126: 1941.93 | AS126: 1973.75 | AT126: 1984.49 | AU126: 1923.71 | AV126: 1869.73 | AW126: 1375.22 | AX126: 1142.27 | AY126: 784.22 | AZ126: 6.61 | BA126: 2644.05
A127: 8 | B127: =AA127+$BA127+$AZ127+$AY127 -> 4406.69 | C127: =AB127+$BA127+$AZ127+$AY127 -> 4092.15 | D127: =AC127+$BA127+$AZ127+$AY127 -> 4035.22 | E127: =AD127+$BA127+$AZ127+$AY127 -> 4008.54 | F127: =AE127+$BA127+$AZ127+$AY127 -> 4308.91 | G127: =AF127+$BA127+$AZ127+$AY127 -> 4402.41 | H127: =AG127+$BA127+$AZ127+$AY127 -> 4584.4 | I127: =AH127+$BA127+$AZ127+$AY127 -> 4874.63 | ... Y127: =AX127+$BA127+$AZ127+$AY127 -> 4559.69 | AA127: 971.81 | AB127: 657.27 | AC127: 600.34 | AD127: 573.66 | AE127: 874.03 | AF127: 967.53 | AG127: 1149.52 | AH127: 1439.75 | AI127: 1856.86 | AJ127: 1921.66 | AK127: 1915.9 | AL127: 1899.12 | AM127: 1880.73 | AN127: 1893.26 | AO127: 1902.12 | AP127: 1910.55 | AQ127: 1917.8 | AR127: 1924.18 | AS127: 1953.73 | AT127: 1955.8 | AU127: 1897.34 | AV127: 1823.96 | AW127: 1336.19 | AX127: 1124.81 | AY127: 784.22 | AZ127: 6.61 | BA127: 2644.05
A128: 9 | B128: =AA128+$BA128+$AZ128+$AY128 -> 4446.82 | C128: =AB128+$BA128+$AZ128+$AY128 -> 4364.89 | D128: =AC128+$BA128+$AZ128+$AY128 -> 4279.64 | E128: =AD128+$BA128+$AZ128+$AY128 -> 4129.61 | F128: =AE128+$BA128+$AZ128+$AY128 -> 4377.74 | G128: =AF128+$BA128+$AZ128+$AY128 -> 4484.04 | H128: =AG128+$BA128+$AZ128+$AY128 -> 4685.19 | I128: =AH128+$BA128+$AZ128+$AY128 -> 5004.31 | ... Y128: =AX128+$BA128+$AZ128+$AY128 -> 4659.84 | AA128: 1011.94 | AB128: 930.01 | AC128: 844.76 | AD128: 694.73 | AE128: 942.86 | AF128: 1049.16 | AG128: 1250.31 | AH128: 1569.43 | AI128: 1948.63 | AJ128: 2045.66 | AK128: 2045.01 | AL128: 2036.19 | AM128: 2026.77 | AN128: 2021.65 | AO128: 2033.71 | AP128: 2035.26 | AQ128: 2041.82 | AR128: 2077.7 | AS128: 2094.79 | AT128: 2066.55 | AU128: 2050.99 | AV128: 1947.99 | AW128: 1654.37 | AX128: 1224.96 | AY128: 784.22 | AZ128: 6.61 | BA128: 2644.05
A129: 10 | B129: =AA129+$BA129+$AZ129+$AY129 -> 4480.08 | C129: =AB129+$BA129+$AZ129+$AY129 -> 4380.58 | D129: =AC129+$BA129+$AZ129+$AY129 -> 4329.03 | E129: =AD129+$BA129+$AZ129+$AY129 -> 4062.13 | F129: =AE129+$BA129+$AZ129+$AY129 -> 4377.86 | G129: =AF129+$BA129+$AZ129+$AY129 -> 4510.12 | H129: =AG129+$BA129+$AZ129+$AY129 -> 4739.08 | I129: =AH129+$BA129+$AZ129+$AY129 -> 5140.82 | ... Y129: =AX129+$BA129+$AZ129+$AY129 -> 4606.29 | AA129: 1045.2 | AB129: 945.7 | AC129: 894.15 | AD129: 627.25 | AE129: 942.98 | AF129: 1075.24 | AG129: 1304.2 | AH129: 1705.94 | AI129: 1962.11 | AJ129: 2012.77 | AK129: 2031.56 | AL129: 2016.54 | AM129: 1972.36 | AN129: 1985.78 | AO129: 2004.64 | AP129: 2020.34 | AQ129: 2033.95 | AR129: 2080.24 | AS129: 2099.48 | AT129: 2093.27 | AU129: 2060.99 | AV129: 1979.05 | AW129: 1432.28 | AX129: 1171.41 | AY129: 784.22 | AZ129: 6.61 | BA129: 2644.05
A130: 11 | B130: =AA130+$BA130+$AZ130+$AY130 -> 4471.77 | C130: =AB130+$BA130+$AZ130+$AY130 -> 4384.08 | D130: =AC130+$BA130+$AZ130+$AY130 -> 4254.42 | E130: =AD130+$BA130+$AZ130+$AY130 -> 4023.47 | F130: =AE130+$BA130+$AZ130+$AY130 -> 4380.69 | G130: =AF130+$BA130+$AZ130+$AY130 -> 4555.28 | H130: =AG130+$BA130+$AZ130+$AY130 -> 4844.43 | I130: =AH130+$BA130+$AZ130+$AY130 -> 5292.61 | ... Y130: =AX130+$BA130+$AZ130+$AY130 -> 4700.62 | AA130: 1036.89 | AB130: 949.2 | AC130: 819.54 | AD130: 588.59 | AE130: 945.81 | AF130: 1120.4 | AG130: 1409.55 | AH130: 1857.73 | AI130: 2047.91 | AJ130: 2079.61 | AK130: 2076.3 | AL130: 2064.58 | AM130: 2033.25 | AN130: 2042.55 | AO130: 2047.86 | AP130: 2051.64 | AQ130: 2061.18 | AR130: 2099.12 | AS130: 2115.48 | AT130: 2091.77 | AU130: 2081.04 | AV130: 2044.46 | AW130: 1831.88 | AX130: 1265.74 | AY130: 784.22 | AZ130: 6.61 | BA130: 2644.05
A131: 12 | B131: =AA131+$BA131+$AZ131+$AY131 -> 4556.49 | C131: =AB131+$BA131+$AZ131+$AY131 -> 4430.74 | D131: =AC131+$BA131+$AZ131+$AY131 -> 4381.52 | E131: =AD131+$BA131+$AZ131+$AY131 -> 4353.62 | F131: =AE131+$BA131+$AZ131+$AY131 -> 4376.31 | G131: =AF131+$BA131+$AZ131+$AY131 -> 4440.69 | H131: =AG131+$BA131+$AZ131+$AY131 -> 4557.93 | I131: =AH131+$BA131+$AZ131+$AY131 -> 4676.96 | ... Y131: =AX131+$BA131+$AZ131+$AY131 -> 4739.9 | AA131: 1121.61 | AB131: 995.86 | AC131: 946.64 | AD131: 918.74 | AE131: 941.43 | AF131: 1005.81 | AG131: 1123.05 | AH131: 1242.08 | AI131: 1838.54 | AJ131: 1943.92 | AK131: 1959.58 | AL131: 1955.52 | AM131: 1940.78 | AN131: 1924.34 | AO131: 1934.85 | AP131: 1952.95 | AQ131: 1991.66 | AR131: 2058.83 | AS131: 2082.11 | AT131: 2064.67 | AU131: 2014.69 | AV131: 1971.5 | AW131: 1928.13 | AX131: 1305.02 | AY131: 784.22 | AZ131: 6.61 | BA131: 2644.05
... A149: 30 | B149: =AA149+$BA149+$AZ149+$AY149 -> 4388.12 | C149: =AB149+$BA149+$AZ149+$AY149 -> 4283.06 | D149: =AC149+$BA149+$AZ149+$AY149 -> 4211.84 | E149: =AD149+$BA149+$AZ149+$AY149 -> 4182.99 | F149: =AE149+$BA149+$AZ149+$AY149 -> 4271.57 | G149: =AF149+$BA149+$AZ149+$AY149 -> 4463 | H149: =AG149+$BA149+$AZ149+$AY149 -> 4620.02 | I149: =AH149+$BA149+$AZ149+$AY149 -> 4941.86 | ... Y149: =AX149+$BA149+$AZ149+$AY149 -> 4466.82 | AA149: 953.24 | AB149: 848.18 | AC149: 776.96 | AD149: 748.11 | AE149: 836.69 | AF149: 1028.12 | AG149: 1185.14 | AH149: 1506.98 | AI149: 1880.61 | AJ149: 1927.44 | AK149: 1935.59 | AL149: 1915.16 | AM149: 1896.57 | AN149: 1896.53 | AO149: 1894.32 | AP149: 1927.55 | AQ149: 1925 | AR149: 1965.72 | AS149: 1939 | AT149: 2011.88 | AU149: 1919.98 | AV149: 1886.75 | AW149: 1746.38 | AX149: 1031.94 | AY149: 784.22 | AZ149: 6.61 | BA149: 2644.05
A150: 31 | B150: =AA150+$BA150+$AZ150+$AY150 -> 0 | C150: =AB150+$BA150+$AZ150+$AY150 -> 0 | D150: =AC150+$BA150+$AZ150+$AY150 -> 0 | E150: =AD150+$BA150+$AZ150+$AY150 -> 0 | F150: =AE150+$BA150+$AZ150+$AY150 -> 0 | G150: =AF150+$BA150+$AZ150+$AY150 -> 0 | H150: =AG150+$BA150+$AZ150+$AY150 -> 0 | I150: =AH150+$BA150+$AZ150+$AY150 -> 0 | ... Y150: =AX150+$BA150+$AZ150+$AY150 -> 0 | AA150: 0 | AB150: 0 | AC150: 0 | AD150: 0 | AE150: 0 | AF150: 0 | AG150: 0 | AH150: 0 | AI150: 0 | AJ150: 0 | AK150: 0 | AL150: 0 | AM150: 0 | AN150: 0 | AO150: 0 | AP150: 0 | AQ150: 0 | AR150: 0 | AS150: 0 | AT150: 0 | AU150: 0 | AV150: 0 | AW150: 0 | AX150: 0 | AY150: 0 | AZ150: 0
AA151: =SUM(AA120:AX150) -> 1120067.7
A152: Дата | B152: Ставка для фактических почасовых объемов покупки электрической энергии, отпущенных на уровне напряжения СН2 по договору энергоснабжения | AA152: Структура нерегулируемой цены в соответствии с требованиями п.91 Основных положений функционирования розничных рынков электрической энергии, утвержденных Постановлением Правительства РФ от 04.05.2012 №442
B153: (рублей/МВт·ч без НДС) | AA153: Дифференцированная по часам расчетного периода нерегулируемая цена на э/э на ОРЭМ, определяемая по результатам конкурентного отбора ценовых заявок на сутки вперед и конкурентного отбора заявок для балансирования системы, руб./МВт·ч без НДС | AY153: Сбытовая надбавка ГП | AZ153: Плата за иные услуги, оказание которых является неотъемлемой частью процесса поставки электрической энергии потребителям | BA153: Тарифы на услуги по передаче электрической энергии
B154: 0:00 - 1:00 | C154: 1:00 - 2:00 | D154: 2:00 - 3:00 | E154: 3:00 - 4:00 | F154: 4:00 - 5:00 | G154: 5:00- 6:00 | H154: 6:00 - 7:00 | I154: 7:00- 8:00 | J154: 8:00 - 9:00 | K154: 9:00 - 10:00 | L154: 10:00 - 11:00 | M154: 11:00 - 12:00 | N154: 12:00 - 13:00 | O154: 13:00 - 14:00 | P154: 14:00 - 15:00 | Q154: 15:00 - 16:00 | R154: 16:00 - 17:00 | S154: 17:00 -18:00 | T154: 18:00 - 19:00 | U154: 19:00 - 20:00 | V154: 20:00 - 21:00 | W154: 21:00 - 22:00 | X154: 22:00 - 23:00 | Y154: 23:00 - 24:00 | AA154: 0:00 - 1:00 | AB154: 1:00 - 2:00 | AC154: 2:00 - 3:00 | AD154: 3:00 - 4:00 | AE154: 4:00 - 5:00 | AF154: 5:00- 6:00 | AG154: 6:00 - 7:00 | AH154: 7:00- 8:00 | AI154: 8:00 - 9:00 | AJ154: 9:00 - 10:00 | AK154: 10:00 - 11:00 | AL154: 11:00 - 12:00 | AM154: 12:00 - 13:00 | AN154: 13:00 - 14:00 | AO154: 14:00 - 15:00 | AP154: 15:00 - 16:00 | AQ154: 16:00 - 17:00 | AR154: 17:00 -18:00 | AS154: 18:00 - 19:00 | AT154: 19:00 - 20:00 | AU154: 20:00 - 21:00 | AV154: 21:00 - 22:00 | AW154: 22:00 - 23:00 | AX154: 23:00 - 24:00 | BA154: СН2
A155: 1=2+3+4+5 | AA155: 2 | AY155: 3 | AZ155: 4 | BA155: 5
A156: 1 | B156: =AA156+$BA156+$AZ156+$AY156 -> 5244.39 | C156: =AB156+$BA156+$AZ156+$AY156 -> 5235.31 | D156: =AC156+$BA156+$AZ156+$AY156 -> 5203.06 | E156: =AD156+$BA156+$AZ156+$AY156 -> 5030.11 | F156: =AE156+$BA156+$AZ156+$AY156 -> 5227.35 | G156: =AF156+$BA156+$AZ156+$AY156 -> 5230.52 | H156: =AG156+$BA156+$AZ156+$AY156 -> 6002.91 | I156: =AH156+$BA156+$AZ156+$AY156 -> 6293.7 | ... Y156: =AX156+$BA156+$AZ156+$AY156 -> 5512.7 | AA156: 368 | AB156: 358.92 | AC156: 326.67 | AD156: 153.72 | AE156: 350.96 | AF156: 354.13 | AG156: 1126.52 | AH156: 1417.31 | AI156: 1537.64 | AJ156: 1601.19 | AK156: 1601.14 | AL156: 1590.89 | AM156: 1573.52 | AN156: 1571.08 | AO156: 1564.86 | AP156: 1523.25 | AQ156: 1526.74 | AR156: 1553.33 | AS156: 1868.82 | AT156: 1868.59 | AU156: 1875.17 | AV156: 1497.57 | AW156: 1216.83 | AX156: 636.31 | AY156: 784.22 | AZ156: 6.61 | BA156: 4085.56
A157: 2 | B157: =AA157+$BA157+$AZ157+$AY157 -> 5233.09 | C157: =AB157+$BA157+$AZ157+$AY157 -> 5180.34 | D157: =AC157+$BA157+$AZ157+$AY157 -> 4895.05 | E157: =AD157+$BA157+$AZ157+$AY157 -> 4895.05 | F157: =AE157+$BA157+$AZ157+$AY157 -> 4895.08 | G157: =AF157+$BA157+$AZ157+$AY157 -> 5216.23 | H157: =AG157+$BA157+$AZ157+$AY157 -> 5991.05 | I157: =AH157+$BA157+$AZ157+$AY157 -> 6318.02 | ... Y157: =AX157+$BA157+$AZ157+$AY157 -> 5986.32 | AA157: 356.7 | AB157: 303.95 | AC157: 18.66 | AD157: 18.66 | AE157: 18.69 | AF157: 339.84 | AG157: 1114.66 | AH157: 1441.63 | AI157: 1724.19 | AJ157: 1875.08 | AK157: 1878.94 | AL157: 1874.3 | AM157: 1861.95 | AN157: 1863.3 | AO157: 1866.86 | AP157: 1867.15 | AQ157: 1874.42 | AR157: 1932.77 | AS157: 1979.66 | AT157: 1975.66 | AU157: 1923.23 | AV157: 1901.03 | AW157: 1368.78 | AX157: 1109.93 | AY157: 784.22 | AZ157: 6.61 | BA157: 4085.56
A158: 3 | B158: =AA158+$BA158+$AZ158+$AY158 -> 5820.42 | C158: =AB158+$BA158+$AZ158+$AY158 -> 5465.23 | D158: =AC158+$BA158+$AZ158+$AY158 -> 5205.03 | E158: =AD158+$BA158+$AZ158+$AY158 -> 5172.2 | F158: =AE158+$BA158+$AZ158+$AY158 -> 5763.81 | G158: =AF158+$BA158+$AZ158+$AY158 -> 5866.9 | H158: =AG158+$BA158+$AZ158+$AY158 -> 6097.12 | I158: =AH158+$BA158+$AZ158+$AY158 -> 6418.83 | ... Y158: =AX158+$BA158+$AZ158+$AY158 -> 6225.66 | AA158: 944.03 | AB158: 588.84 | AC158: 328.64 | AD158: 295.81 | AE158: 887.42 | AF158: 990.51 | AG158: 1220.73 | AH158: 1542.44 | AI158: 1914.02 | AJ158: 1970.43 | AK158: 1978.47 | AL158: 1947.43 | AM158: 1925.99 | AN158: 1926.38 | AO158: 1927.38 | AP158: 1925.9 | AQ158: 1944.64 | AR158: 2013.39 | AS158: 2059.78 | AT158: 2087.25 | AU158: 2030.65 | AV158: 2003.62 | AW158: 1895.68 | AX158: 1349.27 | AY158: 784.22 | AZ158: 6.61 | BA158: 4085.56
A159: 4 | B159: =AA159+$BA159+$AZ159+$AY159 -> 6165.03 | C159: =AB159+$BA159+$AZ159+$AY159 -> 6009.73 | D159: =AC159+$BA159+$AZ159+$AY159 -> 5935.73 | E159: =AD159+$BA159+$AZ159+$AY159 -> 5885.4 | F159: =AE159+$BA159+$AZ159+$AY159 -> 5909.83 | G159: =AF159+$BA159+$AZ159+$AY159 -> 6003.11 | H159: =AG159+$BA159+$AZ159+$AY159 -> 6125.01 | I159: =AH159+$BA159+$AZ159+$AY159 -> 6238.91 | ... Y159: =AX159+$BA159+$AZ159+$AY159 -> 6212.44 | AA159: 1288.64 | AB159: 1133.34 | AC159: 1059.34 | AD159: 1009.01 | AE159: 1033.44 | AF159: 1126.72 | AG159: 1248.62 | AH159: 1362.52 | AI159: 1857.33 | AJ159: 1912.26 | AK159: 1928.43 | AL159: 1916.26 | AM159: 1914.85 | AN159: 1902.23 | AO159: 1919.54 | AP159: 1931.44 | AQ159: 1954.51 | AR159: 2050.97 | AS159: 2065.6 | AT159: 2073.72 | AU159: 2058.24 | AV159: 1948.69 | AW159: 1865.83 | AX159: 1336.05 | AY159: 784.22 | AZ159: 6.61 | BA159: 4085.56
A160: 5 | B160: =AA160+$BA160+$AZ160+$AY160 -> 6081.16 | C160: =AB160+$BA160+$AZ160+$AY160 -> 5973.92 | D160: =AC160+$BA160+$AZ160+$AY160 -> 5924.24 | E160: =AD160+$BA160+$AZ160+$AY160 -> 5986.52 | F160: =AE160+$BA160+$AZ160+$AY160 -> 6009.77 | G160: =AF160+$BA160+$AZ160+$AY160 -> 6241.98 | H160: =AG160+$BA160+$AZ160+$AY160 -> 6210.21 | I160: =AH160+$BA160+$AZ160+$AY160 -> 6307.02 | ... Y160: =AX160+$BA160+$AZ160+$AY160 -> 6216.28 | AA160: 1204.77 | AB160: 1097.53 | AC160: 1047.85 | AD160: 1110.13 | AE160: 1133.38 | AF160: 1365.59 | AG160: 1333.82 | AH160: 1430.63 | AI160: 1817.89 | AJ160: 1863.59 | AK160: 1867.9 | AL160: 1870.72 | AM160: 1867.57 | AN160: 1863.76 | AO160: 1868.68 | AP160: 1868.44 | AQ160: 1882.2 | AR160: 1931.31 | AS160: 1944.73 | AT160: 1947.47 | AU160: 1921.81 | AV160: 1886.6 | AW160: 1764.88 | AX160: 1339.89 | AY160: 784.22 | AZ160: 6.61 | BA160: 4085.56
A161: 6 | B161: =AA161+$BA161+$AZ161+$AY161 -> 5999.23 | C161: =AB161+$BA161+$AZ161+$AY161 -> 5927.99 | D161: =AC161+$BA161+$AZ161+$AY161 -> 5873.29 | E161: =AD161+$BA161+$AZ161+$AY161 -> 5833.91 | F161: =AE161+$BA161+$AZ161+$AY161 -> 5842.21 | G161: =AF161+$BA161+$AZ161+$AY161 -> 5883 | H161: =AG161+$BA161+$AZ161+$AY161 -> 5919.44 | I161: =AH161+$BA161+$AZ161+$AY161 -> 6029.02 | ... Y161: =AX161+$BA161+$AZ161+$AY161 -> 6131.1 | AA161: 1122.84 | AB161: 1051.6 | AC161: 996.9 | AD161: 957.52 | AE161: 965.82 | AF161: 1006.61 | AG161: 1043.05 | AH161: 1152.63 | AI161: 1347.87 | AJ161: 1809.73 | AK161: 1830.64 | AL161: 1827.75 | AM161: 1804.08 | AN161: 1797.03 | AO161: 1801.84 | AP161: 1808.09 | AQ161: 1832.21 | AR161: 1863.16 | AS161: 1880.02 | AT161: 1868.19 | AU161: 1865.11 | AV161: 1855.01 | AW161: 1365.13 | AX161: 1254.71 | AY161: 784.22 | AZ161: 6.61 | BA161: 4085.56
A162: 7 | B162: =AA162+$BA162+$AZ162+$AY162 -> 5891.74 | C162: =AB162+$BA162+$AZ162+$AY162 -> 5748.86 | D162: =AC162+$BA162+$AZ162+$AY162 -> 5746.36 | E162: =AD162+$BA162+$AZ162+$AY162 -> 5612.28 | F162: =AE162+$BA162+$AZ162+$AY162 -> 5805.55 | G162: =AF162+$BA162+$AZ162+$AY162 -> 5888.29 | H162: =AG162+$BA162+$AZ162+$AY162 -> 6021.01 | I162: =AH162+$BA162+$AZ162+$AY162 -> 6318.41 | ... Y162: =AX162+$BA162+$AZ162+$AY162 -> 6018.66 | AA162: 1015.35 | AB162: 872.47 | AC162: 869.97 | AD162: 735.89 | AE162: 929.16 | AF162: 1011.9 | AG162: 1144.62 | AH162: 1442.02 | AI162: 1857.87 | AJ162: 1927.25 | AK162: 1938.27 | AL162: 1919.18 | AM162: 1888.73 | AN162: 1899.53 | AO162: 1892.31 | AP162: 1901.21 | AQ162: 1918.26 | AR162: 1941.93 | AS162: 1973.75 | AT162: 1984.49 | AU162: 1923.71 | AV162: 1869.73 | AW162: 1375.22 | AX162: 1142.27 | AY162: 784.22 | AZ162: 6.61 | BA162: 4085.56
A163: 8 | B163: =AA163+$BA163+$AZ163+$AY163 -> 5848.2 | C163: =AB163+$BA163+$AZ163+$AY163 -> 5533.66 | D163: =AC163+$BA163+$AZ163+$AY163 -> 5476.73 | E163: =AD163+$BA163+$AZ163+$AY163 -> 5450.05 | F163: =AE163+$BA163+$AZ163+$AY163 -> 5750.42 | G163: =AF163+$BA163+$AZ163+$AY163 -> 5843.92 | H163: =AG163+$BA163+$AZ163+$AY163 -> 6025.91 | I163: =AH163+$BA163+$AZ163+$AY163 -> 6316.14 | ... Y163: =AX163+$BA163+$AZ163+$AY163 -> 6001.2 | AA163: 971.81 | AB163: 657.27 | AC163: 600.34 | AD163: 573.66 | AE163: 874.03 | AF163: 967.53 | AG163: 1149.52 | AH163: 1439.75 | AI163: 1856.86 | AJ163: 1921.66 | AK163: 1915.9 | AL163: 1899.12 | AM163: 1880.73 | AN163: 1893.26 | AO163: 1902.12 | AP163: 1910.55 | AQ163: 1917.8 | AR163: 1924.18 | AS163: 1953.73 | AT163: 1955.8 | AU163: 1897.34 | AV163: 1823.96 | AW163: 1336.19 | AX163: 1124.81 | AY163: 784.22 | AZ163: 6.61 | BA163: 4085.56
A164: 9 | B164: =AA164+$BA164+$AZ164+$AY164 -> 5888.33 | C164: =AB164+$BA164+$AZ164+$AY164 -> 5806.4 | D164: =AC164+$BA164+$AZ164+$AY164 -> 5721.15 | E164: =AD164+$BA164+$AZ164+$AY164 -> 5571.12 | F164: =AE164+$BA164+$AZ164+$AY164 -> 5819.25 | G164: =AF164+$BA164+$AZ164+$AY164 -> 5925.55 | H164: =AG164+$BA164+$AZ164+$AY164 -> 6126.7 | I164: =AH164+$BA164+$AZ164+$AY164 -> 6445.82 | ... Y164: =AX164+$BA164+$AZ164+$AY164 -> 6101.35 | AA164: 1011.94 | AB164: 930.01 | AC164: 844.76 | AD164: 694.73 | AE164: 942.86 | AF164: 1049.16 | AG164: 1250.31 | AH164: 1569.43 | AI164: 1948.63 | AJ164: 2045.66 | AK164: 2045.01 | AL164: 2036.19 | AM164: 2026.77 | AN164: 2021.65 | AO164: 2033.71 | AP164: 2035.26 | AQ164: 2041.82 | AR164: 2077.7 | AS164: 2094.79 | AT164: 2066.55 | AU164: 2050.99 | AV164: 1947.99 | AW164: 1654.37 | AX164: 1224.96 | AY164: 784.22 | AZ164: 6.61 | BA164: 4085.56
A165: 10 | B165: =AA165+$BA165+$AZ165+$AY165 -> 5921.59 | C165: =AB165+$BA165+$AZ165+$AY165 -> 5822.09 | D165: =AC165+$BA165+$AZ165+$AY165 -> 5770.54 | E165: =AD165+$BA165+$AZ165+$AY165 -> 5503.64 | F165: =AE165+$BA165+$AZ165+$AY165 -> 5819.37 | G165: =AF165+$BA165+$AZ165+$AY165 -> 5951.63 | H165: =AG165+$BA165+$AZ165+$AY165 -> 6180.59 | I165: =AH165+$BA165+$AZ165+$AY165 -> 6582.33 | ... Y165: =AX165+$BA165+$AZ165+$AY165 -> 6047.8 | AA165: 1045.2 | AB165: 945.7 | AC165: 894.15 | AD165: 627.25 | AE165: 942.98 | AF165: 1075.24 | AG165: 1304.2 | AH165: 1705.94 | AI165: 1962.11 | AJ165: 2012.77 | AK165: 2031.56 | AL165: 2016.54 | AM165: 1972.36 | AN165: 1985.78 | AO165: 2004.64 | AP165: 2020.34 | AQ165: 2033.95 | AR165: 2080.24 | AS165: 2099.48 | AT165: 2093.27 | AU165: 2060.99 | AV165: 1979.05 | AW165: 1432.28 | AX165: 1171.41 | AY165: 784.22 | AZ165: 6.61 | BA165: 4085.56
A166: 11 | B166: =AA166+$BA166+$AZ166+$AY166 -> 5913.28 | C166: =AB166+$BA166+$AZ166+$AY166 -> 5825.59 | D166: =AC166+$BA166+$AZ166+$AY166 -> 5695.93 | E166: =AD166+$BA166+$AZ166+$AY166 -> 5464.98 | F166: =AE166+$BA166+$AZ166+$AY166 -> 5822.2 | G166: =AF166+$BA166+$AZ166+$AY166 -> 5996.79 | H166: =AG166+$BA166+$AZ166+$AY166 -> 6285.94 | I166: =AH166+$BA166+$AZ166+$AY166 -> 6734.12 | ... Y166: =AX166+$BA166+$AZ166+$AY166 -> 6142.13 | AA166: 1036.89 | AB166: 949.2 | AC166: 819.54 | AD166: 588.59 | AE166: 945.81 | AF166: 1120.4 | AG166: 1409.55 | AH166: 1857.73 | AI166: 2047.91 | AJ166: 2079.61 | AK166: 2076.3 | AL166: 2064.58 | AM166: 2033.25 | AN166: 2042.55 | AO166: 2047.86 | AP166: 2051.64 | AQ166: 2061.18 | AR166: 2099.12 | AS166: 2115.48 | AT166: 2091.77 | AU166: 2081.04 | AV166: 2044.46 | AW166: 1831.88 | AX166: 1265.74 | AY166: 784.22 | AZ166: 6.61 | BA166: 4085.56
A167: 12 | B167: =AA167+$BA167+$AZ167+$AY167 -> 5998 | C167: =AB167+$BA167+$AZ167+$AY167 -> 5872.25 | D167: =AC167+$BA167+$AZ167+$AY167 -> 5823.03 | E167: =AD167+$BA167+$AZ167+$AY167 -> 5795.13 | F167: =AE167+$BA167+$AZ167+$AY167 -> 5817.82 | G167: =AF167+$BA167+$AZ167+$AY167 -> 5882.2 | H167: =AG167+$BA167+$AZ167+$AY167 -> 5999.44 | I167: =AH167+$BA167+$AZ167+$AY167 -> 6118.47 | ... Y167: =AX167+$BA167+$AZ167+$AY167 -> 6181.41 | AA167: 1121.61 | AB167: 995.86 | AC167: 946.64 | AD167: 918.74 | AE167: 941.43 | AF167: 1005.81 | AG167: 1123.05 | AH167: 1242.08 | AI167: 1838.54 | AJ167: 1943.92 | AK167: 1959.58 | AL167: 1955.52 | AM167: 1940.78 | AN167: 1924.34 | AO167: 1934.85 | AP167: 1952.95 | AQ167: 1991.66 | AR167: 2058.83 | AS167: 2082.11 | AT167: 2064.67 | AU167: 2014.69 | AV167: 1971.5 | AW167: 1928.13 | AX167: 1305.02 | AY167: 784.22 | AZ167: 6.61 | BA167: 4085.56
... A185: 30 | B185: =AA185+$BA185+$AZ185+$AY185 -> 5829.63 | C185: =AB185+$BA185+$AZ185+$AY185 -> 5724.57 | D185: =AC185+$BA185+$AZ185+$AY185 -> 5653.35 | E185: =AD185+$BA185+$AZ185+$AY185 -> 5624.5 | F185: =AE185+$BA185+$AZ185+$AY185 -> 5713.08 | G185: =AF185+$BA185+$AZ185+$AY185 -> 5904.51 | H185: =AG185+$BA185+$AZ185+$AY185 -> 6061.53 | I185: =AH185+$BA185+$AZ185+$AY185 -> 6383.37 | ... Y185: =AX185+$BA185+$AZ185+$AY185 -> 5908.33 | AA185: 953.24 | AB185: 848.18 | AC185: 776.96 | AD185: 748.11 | AE185: 836.69 | AF185: 1028.12 | AG185: 1185.14 | AH185: 1506.98 | AI185: 1880.61 | AJ185: 1927.44 | AK185: 1935.59 | AL185: 1915.16 | AM185: 1896.57 | AN185: 1896.53 | AO185: 1894.32 | AP185: 1927.55 | AQ185: 1925 | AR185: 1965.72 | AS185: 1939 | AT185: 2011.88 | AU185: 1919.98 | AV185: 1886.75 | AW185: 1746.38 | AX185: 1031.94 | AY185: 784.22 | AZ185: 6.61 | BA185: 4085.56
A186: 31 | B186: =AA186+$BA186+$AZ186+$AY186 -> 0 | C186: =AB186+$BA186+$AZ186+$AY186 -> 0 | D186: =AC186+$BA186+$AZ186+$AY186 -> 0 | E186: =AD186+$BA186+$AZ186+$AY186 -> 0 | F186: =AE186+$BA186+$AZ186+$AY186 -> 0 | G186: =AF186+$BA186+$AZ186+$AY186 -> 0 | H186: =AG186+$BA186+$AZ186+$AY186 -> 0 | I186: =AH186+$BA186+$AZ186+$AY186 -> 0 | ... Y186: =AX186+$BA186+$AZ186+$AY186 -> 0 | AA186: 0 | AB186: 0 | AC186: 0 | AD186: 0 | AE186: 0 | AF186: 0 | AG186: 0 | AH186: 0 | AI186: 0 | AJ186: 0 | AK186: 0 | AL186: 0 | AM186: 0 | AN186: 0 | AO186: 0 | AP186: 0 | AQ186: 0 | AR186: 0 | AS186: 0 | AT186: 0 | AU186: 0 | AV186: 0 | AW186: 0 | AX186: 0 | AY186: 0 | AZ186: 0
AA187: =SUM(AA156:AX186) -> 1120067.7
...

Sheet 4_ЦК
A1: Предельные уровни нерегулируемых цен на электрическую энергию (мощность), поставляемую
A2: =Шапка -> покупателям (потребителям) АО «НЭСК» в ноябре 2022г.
A3: IV. Четвертая ценовая категория
A4: (для объемов покупки э/э(мощности), в отношении которых за расчетный период осуществляется почасовой учет, но не осуществляется почасовое планирование, а стоимость услуг по передаче э/э определяется по тарифу на услуги по передаче электрической энергии в двухставочном выражении)
A5: 1. Потребители с максимальной мощностью энергопринимающих устройств менее 670 кВт | AA5: Потребители с максимальной мощностью энергопринимающих устройств менее 670 кВт
A6: 1.1. Ставка за электрическую энергию предельного уровня нерегулируемых цен
A8: Дата | B8: Ставка для фактических почасовых объемов покупки электрической энергии (по договору купли-продажи) | AA8: Структура нерегулируемой цены в соответствии с требованиями п.92 Основных положений функционирования розничных рынков электрической энергии, утвержденных Постановлением Правительства РФ от 04.05.2012 №442
B9: (рублей/МВт·ч без НДС) | AA9: Дифференцированная по часам расчетного периода нерегулируемая цена на э/э на ОРЭМ, определяемая по результатам конкурентного отбора ценовых заявок на сутки вперед и конкурентного отбора заявок для балансирования системы, руб./МВт·ч без НДС | AY9: Сбытовая надбавка | AZ9: Плата за иные услуги, оказание которых является неотъемлемой частью процесса поставки электрической энергии потребителям
B10: 0:00 - 1:00 | C10: 1:00 - 2:00 | D10: 2:00 - 3:00 | E10: 3:00 - 4:00 | F10: 4:00 - 5:00 | G10: 5:00- 6:00 | H10: 6:00 - 7:00 | I10: 7:00- 8:00 | J10: 8:00 - 9:00 | K10: 9:00 - 10:00 | L10: 10:00 - 11:00 | M10: 11:00 - 12:00 | N10: 12:00 - 13:00 | O10: 13:00 - 14:00 | P10: 14:00 - 15:00 | Q10: 15:00 - 16:00 | R10: 16:00 - 17:00 | S10: 17:00 -18:00 | T10: 18:00 - 19:00 | U10: 19:00 - 20:00 | V10: 20:00 - 21:00 | W10: 21:00 - 22:00 | X10: 22:00 - 23:00 | Y10: 23:00 - 24:00 | AA10: 0:00 - 1:00 | AB10: 1:00 - 2:00 | AC10: 2:00 - 3:00 | AD10: 3:00 - 4:00 | AE10: 4:00 - 5:00 | AF10: 5:00- 6:00 | AG10: 6:00 - 7:00 | AH10: 7:00- 8:00 | AI10: 8:00 - 9:00 | AJ10: 9:00 - 10:00 | AK10: 10:00 - 11:00 | AL10: 11:00 - 12:00 | AM10: 12:00 - 13:00 | AN10: 13:00 - 14:00 | AO10: 14:00 - 15:00 | AP10: 15:00 - 16:00 | AQ10: 16:00 - 17:00 | AR10: 17:00 -18:00 | AS10: 18:00 - 19:00 | AT10: 19:00 - 20:00 | AU10: 20:00 - 21:00 | AV10: 21:00 - 22:00 | AW10: 22:00 - 23:00 | AX10: 23:00 - 24:00
A11: 1=2+3+4 | AA11: 2 | AY11: 3 | AZ11: 4
A12: 1 | B12: =AA12+$AZ12+$AY12 -> 1158.83 | C12: =AB12+$AZ12+$AY12 -> 1149.75 | D12: =AC12+$AZ12+$AY12 -> 1117.5 | E12: =AD12+$AZ12+$AY12 -> 944.55 | F12: =AE12+$AZ12+$AY12 -> 1141.79 | G12: =AF12+$AZ12+$AY12 -> 1144.96 | H12: =AG12+$AZ12+$AY12 -> 1917.35 | I12: =AH12+$AZ12+$AY12 -> 2208.14 | ... Y12: =AX12+$AZ12+$AY12 -> 1427.14 | AA12: 368 | AB12: 358.92 | AC12: 326.67 | AD12: 153.72 | AE12: 350.96 | AF12: 354.13 | AG12: 1126.52 | AH12: 1417.31 | AI12: 1537.64 | AJ12: 1601.19 | AK12: 1601.14 | AL12: 1590.89 | AM12: 1573.52 | AN12: 1571.08 | AO12: 1564.86 | AP12: 1523.25 | AQ12: 1526.74 | AR12: 1553.33 | AS12: 1868.82 | AT12: 1868.59 | AU12: 1875.17 | AV12: 1497.57 | AW12: 1216.83 | AX12: 636.31 | AY12: 784.22 | AZ12: 6.61
A13: 2 | B13: =AA13+$AZ13+$AY13 -> 1147.53 | C13: =AB13+$AZ13+$AY13 -> 1094.78 | D13: =AC13+$AZ13+$AY13 -> 809.49 | E13: =AD13+$AZ13+$AY13 -> 809.49 | F13: =AE13+$AZ13+$AY13 -> 809.52 | G13: =AF13+$AZ13+$AY13 -> 1130.67 | H13: =AG13+$AZ13+$AY13 -> 1905.49 | I13: =AH13+$AZ13+$AY13 -> 2232.46 | ... Y13: =AX13+$AZ13+$AY13 -> 1900.76 | AA13: 356.7 | AB13: 303.95 | AC13: 18.66 | AD13: 18.66 | AE13: 18.69 | AF13: 339.84 | AG13: 1114.66 | AH13: 1441.63 | AI13: 1724.19 | AJ13: 1875.08 | AK13: 1878.94 | AL13: 1874.3 | AM13: 1861.95 | AN13: 1863.3 | AO13: 1866.86 | AP13: 1867.15 | AQ13: 1874.42 | AR13: 1932.77 | AS13: 1979.66 | AT13: 1975.66 | AU13: 1923.23 | AV13: 1901.03 | AW13: 1368.78 | AX13: 1109.93 | AY13: 784.22 | AZ13: 6.61
A14: 3 | B14: =AA14+$AZ14+$AY14 -> 1734.86 | C14: =AB14+$AZ14+$AY14 -> 1379.67 | D14: =AC14+$AZ14+$AY14 -> 1119.47 | E14: =AD14+$AZ14+$AY14 -> 1086.64 | F14: =AE14+$AZ14+$AY14 -> 1678.25 | G14: =AF14+$AZ14+$AY14 -> 1781.34 | H14: =AG14+$AZ14+$AY14 -> 2011.56 | I14: =AH14+$AZ14+$AY14 -> 2333.27 | ... Y14: =AX14+$AZ14+$AY14 -> 2140.1 | AA14: 944.03 | AB14: 588.84 | AC14: 328.64 | AD14: 295.81 | AE14: 887.42 | AF14: 990.51 | AG14: 1220.73 | AH14: 1542.44 | AI14: 1914.02 | AJ14: 1970.43 | AK14: 1978.47 | AL14: 1947.43 | AM14: 1925.99 | AN14: 1926.38 | AO14: 1927.38 | AP14: 1925.9 | AQ14: 1944.64 | AR14: 2013.39 | AS14: 2059.78 | AT14: 2087.25 | AU14: 2030.65 | AV14: 2003.62 | AW14: 1895.68 | AX14: 1349.27 | AY14: 784.22 | AZ14: 6.61
A15: 4 | B15: =AA15+$AZ15+$AY15 -> 2079.47 | C15: =AB15+$AZ15+$AY15 -> 1924.17 | D15: =AC15+$AZ15+$AY15 -> 1850.17 | E15: =AD15+$AZ15+$AY15 -> 1799.84 | F15: =AE15+$AZ15+$AY15 -> 1824.27 | G15: =AF15+$AZ15+$AY15 -> 1917.55 | H15: =AG15+$AZ15+$AY15 -> 2039.45 | I15: =AH15+$AZ15+$AY15 -> 2153.35 | ... Y15: =AX15+$AZ15+$AY15 -> 2126.88 | AA15: 1288.64 | AB15: 1133.34 | AC15: 1059.34 | AD15: 1009.01 | AE15: 1033.44 | AF15: 1126.72 | AG15: 1248.62 | AH15: 1362.52 | AI15: 1857.33 | AJ15: 1912.26 | AK15: 1928.43 | AL15: 1916.26 | AM15: 1914.85 | AN15: 1902.23 | AO15: 1919.54 | AP15: 1931.44 | AQ15: 1954.51 | AR15: 2050.97 | AS15: 2065.6 | AT15: 2073.72 | AU15: 2058.24 | AV15: 1948.69 | AW15: 1865.83 | AX15: 1336.05 | AY15: 784.22 | AZ15: 6.61
A16: 5 | B16: =AA16+$AZ16+$AY16 -> 1995.6 | C16: =AB16+$AZ16+$AY16 -> 1888.36 | D16: =AC16+$AZ16+$AY16 -> 1838.68 | E16: =AD16+$AZ16+$AY16 -> 1900.96 | F16: =AE16+$AZ16+$AY16 -> 1924.21 | G16: =AF16+$AZ16+$AY16 -> 2156.42 | H16: =AG16+$AZ16+$AY16 -> 2124.65 | I16: =AH16+$AZ16+$AY16 -> 2221.46 | ... Y16: =AX16+$AZ16+$AY16 -> 2130.72 | AA16: 1204.77 | AB16: 1097.53 | AC16: 1047.85 | AD16: 1110.13 | AE16: 1133.38 | AF16: 1365.59 | AG16: 1333.82 | AH16: 1430.63 | AI16: 1817.89 | AJ16: 1863.59 | AK16: 1867.9 | AL16: 1870.72 | AM16: 1867.57 | AN16: 1863.76 | AO16: 1868.68 | AP16: 1868.44 | AQ16: 1882.2 | AR16: 1931.31 | AS16: 1944.73 | AT16: 1947.47 | AU16: 1921.81 | AV16: 1886.6 | AW16: 1764.88 | AX16: 1339.89 | AY16: 784.22 | AZ16: 6.61
A17: 6 | B17: =AA17+$AZ17+$AY17 -> 1913.67 | C17: =AB17+$AZ17+$AY17 -> 1842.43 | D17: =AC17+$AZ17+$AY17 -> 1787.73 | E17: =AD17+$AZ17+$AY17 -> 1748.35 | F17: =AE17+$AZ17+$AY17 -> 1756.65 | G17: =AF17+$AZ17+$AY17 -> 1797.44 | H17: =AG17+$AZ17+$AY17 -> 1833.88 | I17: =AH17+$AZ17+$AY17 -> 1943.46 | ... Y17: =AX17+$AZ17+$AY17 -> 2045.54 | AA17: 1122.84 | AB17: 1051.6 | AC17: 996.9 | AD17: 957.52 | AE17: 965.82 | AF17: 1006.61 | AG17: 1043.05 | AH17: 1152.63 | AI17: 1347.87 | AJ17: 1809.73 | AK17: 1830.64 | AL17: 1827.75 | AM17: 1804.08 | AN17: 1797.03 | AO17: 1801.84 | AP17: 1808.09 | AQ17: 1832.21 | AR17: 1863.16 | AS17: 1880.02 | AT17: 1868.19 | AU17: 1865.11 | AV17: 1855.01 | AW17: 1365.13 | AX17: 1254.71 | AY17: 784.22 | AZ17: 6.61
A18: 7 | B18: =AA18+$AZ18+$AY18 -> 1806.18 | C18: =AB18+$AZ18+$AY18 -> 1663.3 | D18: =AC18+$AZ18+$AY18 -> 1660.8 | E18: =AD18+$AZ18+$AY18 -> 1526.72 | F18: =AE18+$AZ18+$AY18 -> 1719.99 | G18: =AF18+$AZ18+$AY18 -> 1802.73 | H18: =AG18+$AZ18+$AY18 -> 1935.45 | I18: =AH18+$AZ18+$AY18 -> 2232.85 | ... Y18: =AX18+$AZ18+$AY18 -> 1933.1 | AA18: 1015.35 | AB18: 872.47 | AC18: 869.97 | AD18: 735.89 | AE18: 929.16 | AF18: 1011.9 | AG18: 1144.62 | AH18: 1442.02 | AI18: 1857.87 | AJ18: 1927.25 | AK18: 1938.27 | AL18: 1919.18 | AM18: 1888.73 | AN18: 1899.53 | AO18: 1892.31 | AP18: 1901.21 | AQ18: 1918.26 | AR18: 1941.93 | AS18: 1973.75 | AT18: 1984.49 | AU18: 1923.71 | AV18: 1869.73 | AW18: 1375.22 | AX18: 1142.27 | AY18: 784.22 | AZ18: 6.61
A19: 8 | B19: =AA19+$AZ19+$AY19 -> 1762.64 | C19: =AB19+$AZ19+$AY19 -> 1448.1 | D19: =AC19+$AZ19+$AY19 -> 1391.17 | E19: =AD19+$AZ19+$AY19 -> 1364.49 | F19: =AE19+$AZ19+$AY19 -> 1664.86 | G19: =AF19+$AZ19+$AY19 -> 1758.36 | H19: =AG19+$AZ19+$AY19 -> 1940.35 | I19: =AH19+$AZ19+$AY19 -> 2230.58 | ... Y19: =AX19+$AZ19+$AY19 -> 1915.64 | AA19: 971.81 | AB19: 657.27 | AC19: 600.34 | AD19: 573.66 | AE19: 874.03 | AF19: 967.53 | AG19: 1149.52 | AH19: 1439.75 | AI19: 1856.86 | AJ19: 1921.66 | AK19: 1915.9 | AL19: 1899.12 | AM19: 1880.73 | AN19: 1893.26 | AO19: 1902.12 | AP19: 1910.55 | AQ19: 1917.8 | AR19: 1924.18 | AS19: 1953.73 | AT19: 1955.8 | AU19: 1897.34 | AV19: 1823.96 | AW19: 1336.19 | AX19: 1124.81 | AY19: 784.22 | AZ19: 6.61
A20: 9 | B20: =AA20+$AZ20+$AY20 -> 1802.77 | C20: =AB20+$AZ20+$AY20 -> 1720.84 | D20: =AC20+$AZ20+$AY20 -> 1635.59 | E20: =AD20+$AZ20+$AY20 -> 1485.56 | F20: =AE20+$AZ20+$AY20 -> 1733.69 | G20: =AF20+$AZ20+$AY20 -> 1839.99 | H20: =AG20+$AZ20+$AY20 -> 2041.14 | I20: =AH20+$AZ20+$AY20 -> 2360.26 | ... Y20: =AX20+$AZ20+$AY20 -> 2015.79 | AA20: 1011.94 | AB20: 930.01 | AC20: 844.76 | AD20: 694.73 | AE20: 942.86 | AF20: 1049.16 | AG20: 1250.31 | AH20: 1569.43 | AI20: 1948.63 | AJ20: 2045.66 | AK20: 2045.01 | AL20: 2036.19 | AM20: 2026.77 | AN20: 2021.65 | AO20: 2033.71 | AP20: 2035.26 | AQ20: 2041.82 | AR20: 2077.7 | AS20: 2094.79 | AT20: 2066.55 | AU20: 2050.99 | AV20: 1947.99 | AW20: 1654.37 | AX20: 1224.96 | AY20: 784.22 | AZ20: 6.61
A21: 10 | B21: =AA21+$AZ21+$AY21 -> 1836.03 | C21: =AB21+$AZ21+$AY21 -> 1736.53 | D21: =AC21+$AZ21+$AY21 -> 1684.98 | E21: =AD21+$AZ21+$AY21 -> 1418.08 | F21: =AE21+$AZ21+$AY21 -> 1733.81 | G21: =AF21+$AZ21+$AY21 -> 1866.07 | H21: =AG21+$AZ21+$AY21 -> 2095.03 | I21: =AH21+$AZ21+$AY21 -> 2496.77 | ... Y21: =AX21+$AZ21+$AY21 -> 1962.24 | AA21: 1045.2 | AB21: 945.7 | AC21: 894.15 | AD21: 627.25 | AE21: 942.98 | AF21: 1075.24 | AG21: 1304.2 | AH21: 1705.94 | AI21: 1962.11 | AJ21: 2012.77 | AK21: 2031.56 | AL21: 2016.54 | AM21: 1972.36 | AN21: 1985.78 | AO21: 2004.64 | AP21: 2020.34 | AQ21: 2033.95 | AR21: 2080.24 | AS21: 2099.48 | AT21: 2093.27 | AU21: 2060.99 | AV21: 1979.05 | AW21: 1432.28 | AX21: 1171.41 | AY21: 784.22 | AZ21: 6.61
A22: 11 | B22: =AA22+$AZ22+$AY22 -> 1827.72 | C22: =AB22+$AZ22+$AY22 -> 1740.03 | D22: =AC22+$AZ22+$AY22 -> 1610.37 | E22: =AD22+$AZ22+$AY22 -> 1379.42 | F22: =AE22+$AZ22+$AY22 -> 1736.64 | G22: =AF22+$AZ22+$AY22 -> 1911.23 | H22: =AG22+$AZ22+$AY22 -> 2200.38 | I22: =AH22+$AZ22+$AY22 -> 2648.56 | ... Y22: =AX22+$AZ22+$AY22 -> 2056.57 | AA22: 1036.89 | AB22: 949.2 | AC22: 819.54 | AD22: 588.59 | AE22: 945.81 | AF22: 1120.4 | AG22: 1409.55 | AH22: 1857.73 | AI22: 2047.91 | AJ22: 2079.61 | AK22: 2076.3 | AL22: 2064.58 | AM22: 2033.25 | AN22: 2042.55 | AO22: 2047.86 | AP22: 2051.64 | AQ22: 2061.18 | AR22: 2099.12 | AS22: 2115.48 | AT22: 2091.77 | AU22: 2081.04 | AV22: 2044.46 | AW22: 1831.88 | AX22: 1265.74 | AY22: 784.22 | AZ22: 6.61
A23: 12 | B23: =AA23+$AZ23+$AY23 -> 1912.44 | C23: =AB23+$AZ23+$AY23 -> 1786.69 | D23: =AC23+$AZ23+$AY23 -> 1737.47 | E23: =AD23+$AZ23+$AY23 -> 1709.57 | F23: =AE23+$AZ23+$AY23 -> 1732.26 | G23: =AF23+$AZ23+$AY23 -> 1796.64 | H23: =AG23+$AZ23+$AY23 -> 1913.88 | I23: =AH23+$AZ23+$AY23 -> 2032.91 | ... Y23: =AX23+$AZ23+$AY23 -> 2095.85 | AA23: 1121.61 | AB23: 995.86 | AC23: 946.64 | AD23: 918.74 | AE23: 941.43 | AF23: 1005.81 | AG23: 1123.05 | AH23: 1242.08 | AI23: 1838.54 | AJ23: 1943.92 | AK23: 1959.58 | AL23: 1955.52 | AM23: 1940.78 | AN23: 1924.34 | AO23: 1934.85 | AP23: 1952.95 | AQ23: 1991.66 | AR23: 2058.83 | AS23: 2082.11 | AT23: 2064.67 | AU23: 2014.69 | AV23: 1971.5 | AW23: 1928.13 | AX23: 1305.02 | AY23: 784.22 | AZ23: 6.61
... A42: 31 | B42: =AA42+$AZ42+$AY42 -> 0 | C42: =AB42+$AZ42+$AY42 -> 0 | D42: =AC42+$AZ42+$AY42 -> 0 | E42: =AD42+$AZ42+$AY42 -> 0 | F42: =AE42+$AZ42+$AY42 -> 0 | G42: =AF42+$AZ42+$AY42 -> 0 | H42: =AG42+$AZ42+$AY42 -> 0 | I42: =AH42+$AZ42+$AY42 -> 0 | ... Y42: =AX42+$AZ42+$AY42 -> 0 | AA42: 0 | AB42: 0 | AC42: 0 | AD42: 0 | AE42: 0 | AF42: 0 | AG42: 0 | AH42: 0 | AI42: 0 | AJ42: 0 | AK42: 0 | AL42: 0 | AM42: 0 | AN42: 0 | AO42: 0 | AP42: 0 | AQ42: 0 | AR42: 0 | AS42: 0 | AT42: 0 | AU42: 0 | AV42: 0 | AW42: 0 | AX42: 0 | AY42: 0 | AZ42: 0
B43: ПО УРОВНЯМ НАПРЯЖЕНИЯ | AA43: =SUM(AA12:AX42) -> 1120067.7
A44: Дата | B44: Ставка для фактических почасовых объемов покупки электрической энергии, отпущенных на уровне напряжения ВН по договору энергоснабжения | AA44: Структура нерегулируемой цены в соответствии с требованиями п.92 Основных положений функционирования розничных рынков электрической энергии, утвержденных Постановлением Правительства РФ от 04.05.2012 №442
B45: (рублей/МВт·ч без НДС) | AA45: Дифференцированная по часам расчетного периода нерегулируемая цена на э/э на ОРЭМ, определяемая по результатам конкурентного отбора ценовых заявок на сутки вперед и конкурентного отбора заявок для балансирования системы, руб./МВт·ч без НДС | AY45: =AY9 -> Сбытовая надбавка | AZ45: Плата за иные услуги, оказание которых является неотъемлемой частью процесса поставки электрической энергии потребителям | BA45: Тарифы на услуги по передаче электроэнергии, ставка на оплату технологического расхода (потерь) в электрических сетях
B46: 0:00 - 1:00 | C46: 1:00 - 2:00 | D46: 2:00 - 3:00 | E46: 3:00 - 4:00 | F46: 4:00 - 5:00 | G46: 5:00- 6:00 | H46: 6:00 - 7:00 | I46: 7:00- 8:00 | J46: 8:00 - 9:00 | K46: 9:00 - 10:00 | L46: 10:00 - 11:00 | M46: 11:00 - 12:00 | N46: 12:00 - 13:00 | O46: 13:00 - 14:00 | P46: 14:00 - 15:00 | Q46: 15:00 - 16:00 | R46: 16:00 - 17:00 | S46: 17:00 -18:00 | T46: 18:00 - 19:00 | U46: 19:00 - 20:00 | V46: 20:00 - 21:00 | W46: 21:00 - 22:00 | X46: 22:00 - 23:00 | Y46: 23:00 - 24:00 | AA46: 0:00 - 1:00 | AB46: 1:00 - 2:00 | AC46: 2:00 - 3:00 | AD46: 3:00 - 4:00 | AE46: 4:00 - 5:00 | AF46: 5:00- 6:00 | AG46: 6:00 - 7:00 | AH46: 7:00- 8:00 | AI46: 8:00 - 9:00 | AJ46: 9:00 - 10:00 | AK46: 10:00 - 11:00 | AL46: 11:00 - 12:00 | AM46: 12:00 - 13:00 | AN46: 13:00 - 14:00 | AO46: 14:00 - 15:00 | AP46: 15:00 - 16:00 | AQ46: 16:00 - 17:00 | AR46: 17:00 -18:00 | AS46: 18:00 - 19:00 | AT46: 19:00 - 20:00 | AU46: 20:00 - 21:00 | AV46: 21:00 - 22:00 | AW46: 22:00 - 23:00 | AX46: 23:00 - 24:00 | BA46: ВН
A47: 1=2+3+4+5 | AA47: 2 | AY47: 3 | AZ47: 4 | BA47: 5
A48: 1 | B48: =AA48+$BA48+$AZ48+$AY48 -> 1261.4 | C48: =AB48+$BA48+$AZ48+$AY48 -> 1252.32 | D48: =AC48+$BA48+$AZ48+$AY48 -> 1220.07 | E48: =AD48+$BA48+$AZ48+$AY48 -> 1047.12 | F48: =AE48+$BA48+$AZ48+$AY48 -> 1244.36 | G48: =AF48+$BA48+$AZ48+$AY48 -> 1247.53 | H48: =AG48+$BA48+$AZ48+$AY48 -> 2019.92 | I48: =AH48+$BA48+$AZ48+$AY48 -> 2310.71 | ... Y48: =AX48+$BA48+$AZ48+$AY48 -> 1529.71 | AA48: 368 | AB48: 358.92 | AC48: 326.67 | AD48: 153.72 | AE48: 350.96 | AF48: 354.13 | AG48: 1126.52 | AH48: 1417.31 | AI48: 1537.64 | AJ48: 1601.19 | AK48: 1601.14 | AL48: 1590.89 | AM48: 1573.52 | AN48: 1571.08 | AO48: 1564.86 | AP48: 1523.25 | AQ48: 1526.74 | AR48: 1553.33 | AS48: 1868.82 | AT48: 1868.59 | AU48: 1875.17 | AV48: 1497.57 | AW48: 1216.83 | AX48: 636.31 | AY48: 784.22 | AZ48: 6.61 | BA48: 102.57
A49: 2 | B49: =AA49+$BA49+$AZ49+$AY49 -> 1250.1 | C49: =AB49+$BA49+$AZ49+$AY49 -> 1197.35 | D49: =AC49+$BA49+$AZ49+$AY49 -> 912.06 | E49: =AD49+$BA49+$AZ49+$AY49 -> 912.06 | F49: =AE49+$BA49+$AZ49+$AY49 -> 912.09 | G49: =AF49+$BA49+$AZ49+$AY49 -> 1233.24 | H49: =AG49+$BA49+$AZ49+$AY49 -> 2008.06 | I49: =AH49+$BA49+$AZ49+$AY49 -> 2335.03 | ... Y49: =AX49+$BA49+$AZ49+$AY49 -> 2003.33 | AA49: 356.7 | AB49: 303.95 | AC49: 18.66 | AD49: 18.66 | AE49: 18.69 | AF49: 339.84 | AG49: 1114.66 | AH49: 1441.63 | AI49: 1724.19 | AJ49: 1875.08 | AK49: 1878.94 | AL49: 1874.3 | AM49: 1861.95 | AN49: 1863.3 | AO49: 1866.86 | AP49: 1867.15 | AQ49: 1874.42 | AR49: 1932.77 | AS49: 1979.66 | AT49: 1975.66 | AU49: 1923.23 | AV49: 1901.03 | AW49: 1368.78 | AX49: 1109.93 | AY49: 784.22 | AZ49: 6.61 | BA49: 102.57
A50: 3 | B50: =AA50+$BA50+$AZ50+$AY50 -> 1837.43 | C50: =AB50+$BA50+$AZ50+$AY50 -> 1482.24 | D50: =AC50+$BA50+$AZ50+$AY50 -> 1222.04 | E50: =AD50+$BA50+$AZ50+$AY50 -> 1189.21 | F50: =AE50+$BA50+$AZ50+$AY50 -> 1780.82 | G50: =AF50+$BA50+$AZ50+$AY50 -> 1883.91 | H50: =AG50+$BA50+$AZ50+$AY50 -> 2114.13 | I50: =AH50+$BA50+$AZ50+$AY50 -> 2435.84 | ... Y50: =AX50+$BA50+$AZ50+$AY50 -> 2242.67 | AA50: 944.03 | AB50: 588.84 | AC50: 328.64 | AD50: 295.81 | AE50: 887.42 | AF50: 990.51 | AG50: 1220.73 | AH50: 1542.44 | AI50: 1914.02 | AJ50: 1970.43 | AK50: 1978.47 | AL50: 1947.43 | AM50: 1925.99 | AN50: 1926.38 | AO50: 1927.38 | AP50: 1925.9 | AQ50: 1944.64 | AR50: 2013.39 | AS50: 2059.78 | AT50: 2087.25 | AU50: 2030.65 | AV50: 2003.62 | AW50: 1895.68 | AX50: 1349.27 | AY50: 784.22 | AZ50: 6.61 | BA50: 102.57
A51: 4 | B51: =AA51+$BA51+$AZ51+$AY51 -> 2182.04 | C51: =AB51+$BA51+$AZ51+$AY51 -> 2026.74 | D51: =AC51+$BA51+$AZ51+$AY51 -> 1952.74 | E51: =AD51+$BA51+$AZ51+$AY51 -> 1902.41 | F51: =AE51+$BA51+$AZ51+$AY51 -> 1926.84 | G51: =AF51+$BA51+$AZ51+$AY51 -> 2020.12 | H51: =AG51+$BA51+$AZ51+$AY51 -> 2142.02 | I51: =AH51+$BA51+$AZ51+$AY51 -> 2255.92 | ... Y51: =AX51+$BA51+$AZ51+$AY51 -> 2229.45 | AA51: 1288.64 | AB51: 1133.34 | AC51: 1059.34 | AD51: 1009.01 | AE51: 1033.44 | AF51: 1126.72 | AG51: 1248.62 | AH51: 1362.52 | AI51: 1857.33 | AJ51: 1912.26 | AK51: 1928.43 | AL51: 1916.26 | AM51: 1914.85 | AN51: 1902.23 | AO51: 1919.54 | AP51: 1931.44 | AQ51: 1954.51 | AR51: 2050.97 | AS51: 2065.6 | AT51: 2073.72 | AU51: 2058.24 | AV51: 1948.69 | AW51: 1865.83 | AX51: 1336.05 | AY51: 784.22 | AZ51: 6.61 | BA51: 102.57
A52: 5 | B52: =AA52+$BA52+$AZ52+$AY52 -> 2098.17 | C52: =AB52+$BA52+$AZ52+$AY52 -> 1990.93 | D52: =AC52+$BA52+$AZ52+$AY52 -> 1941.25 | E52: =AD52+$BA52+$AZ52+$AY52 -> 2003.53 | F52: =AE52+$BA52+$AZ52+$AY52 -> 2026.78 | G52: =AF52+$BA52+$AZ52+$AY52 -> 2258.99 | H52: =AG52+$BA52+$AZ52+$AY52 -> 2227.22 | I52: =AH52+$BA52+$AZ52+$AY52 -> 2324.03 | ... Y52: =AX52+$BA52+$AZ52+$AY52 -> 2233.29 | AA52: 1204.77 | AB52: 1097.53 | AC52: 1047.85 | AD52: 1110.13 | AE52: 1133.38 | AF52: 1365.59 | AG52: 1333.82 | AH52: 1430.63 | AI52: 1817.89 | AJ52: 1863.59 | AK52: 1867.9 | AL52: 1870.72 | AM52: 1867.57 | AN52: 1863.76 | AO52: 1868.68 | AP52: 1868.44 | AQ52: 1882.2 | AR52: 1931.31 | AS52: 1944.73 | AT52: 1947.47 | AU52: 1921.81 | AV52: 1886.6 | AW52: 1764.88 | AX52: 1339.89 | AY52: 784.22 | AZ52: 6.61 | BA52: 102.57
A53: 6 | B53: =AA53+$BA53+$AZ53+$AY53 -> 2016.24 | C53: =AB53+$BA53+$AZ53+$AY53 -> 1945 | D53: =AC53+$BA53+$AZ53+$AY53 -> 1890.3 | E53: =AD53+$BA53+$AZ53+$AY53 -> 1850.92 | F53: =AE53+$BA53+$AZ53+$AY53 -> 1859.22 | G53: =AF53+$BA53+$AZ53+$AY53 -> 1900.01 | H53: =AG53+$BA53+$AZ53+$AY53 -> 1936.45 | I53: =AH53+$BA53+$AZ53+$AY53 -> 2046.03 | ... Y53: =AX53+$BA53+$AZ53+$AY53 -> 2148.11 | AA53: 1122.84 | AB53: 1051.6 | AC53: 996.9 | AD53: 957.52 | AE53: 965.82 | AF53: 1006.61 | AG53: 1043.05 | AH53: 1152.63 | AI53: 1347.87 | AJ53: 1809.73 | AK53: 1830.64 | AL53: 1827.75 | AM53: 1804.08 | AN53: 1797.03 | AO53: 1801.84 | AP53: 1808.09 | AQ53: 1832.21 | AR53: 1863.16 | AS53: 1880.02 | AT53: 1868.19 | AU53: 1865.11 | AV53: 1855.01 | AW53: 1365.13 | AX53: 1254.71 | AY53: 784.22 | AZ53: 6.61 | BA53: 102.57
A54: 7 | B54: =AA54+$BA54+$AZ54+$AY54 -> 1908.75 | C54: =AB54+$BA54+$AZ54+$AY54 -> 1765.87 | D54: =AC54+$BA54+$AZ54+$AY54 -> 1763.37 | E54: =AD54+$BA54+$AZ54+$AY54 -> 1629.29 | F54: =AE54+$BA54+$AZ54+$AY54 -> 1822.56 | G54: =AF54+$BA54+$AZ54+$AY54 -> 1905.3 | H54: =AG54+$BA54+$AZ54+$AY54 -> 2038.02 | I54: =AH54+$BA54+$AZ54+$AY54 -> 2335.42 | ... Y54: =AX54+$BA54+$AZ54+$AY54 -> 2035.67 | AA54: 1015.35 | AB54: 872.47 | AC54: 869.97 | AD54: 735.89 | AE54: 929.16 | AF54: 1011.9 | AG54: 1144.62 | AH54: 1442.02 | AI54: 1857.87 | AJ54: 1927.25 | AK54: 1938.27 | AL54: 1919.18 | AM54: 1888.73 | AN54: 1899.53 | AO54: 1892.31 | AP54: 1901.21 | AQ54: 1918.26 | AR54: 1941.93 | AS54: 1973.75 | AT54: 1984.49 | AU54: 1923.71 | AV54: 1869.73 | AW54: 1375.22 | AX54: 1142.27 | AY54: 784.22 | AZ54: 6.61 | BA54: 102.57
A55: 8 | B55: =AA55+$BA55+$AZ55+$AY55 -> 1865.21 | C55: =AB55+$BA55+$AZ55+$AY55 -> 1550.67 | D55: =AC55+$BA55+$AZ55+$AY55 -> 1493.74 | E55: =AD55+$BA55+$AZ55+$AY55 -> 1467.06 | F55: =AE55+$BA55+$AZ55+$AY55 -> 1767.43 | G55: =AF55+$BA55+$AZ55+$AY55 -> 1860.93 | H55: =AG55+$BA55+$AZ55+$AY55 -> 2042.92 | I55: =AH55+$BA55+$AZ55+$AY55 -> 2333.15 | ... Y55: =AX55+$BA55+$AZ55+$AY55 -> 2018.21 | AA55: 971.81 | AB55: 657.27 | AC55: 600.34 | AD55: 573.66 | AE55: 874.03 | AF55: 967.53 | AG55: 1149.52 | AH55: 1439.75 | AI55: 1856.86 | AJ55: 1921.66 | AK55: 1915.9 | AL55: 1899.12 | AM55: 1880.73 | AN55: 1893.26 | AO55: 1902.12 | AP55: 1910.55 | AQ55: 1917.8 | AR55: 1924.18 | AS55: 1953.73 | AT55: 1955.8 | AU55: 1897.34 | AV55: 1823.96 | AW55: 1336.19 | AX55: 1124.81 | AY55: 784.22 | AZ55: 6.61 | BA55: 102.57
A56: 9 | B56: =AA56+$BA56+$AZ56+$AY56 -> 1905.34 | C56: =AB56+$BA56+$AZ56+$AY56 -> 1823.41 | D56: =AC56+$BA56+$AZ56+$AY56 -> 1738.16 | E56: =AD56+$BA56+$AZ56+$AY56 -> 1588.13 | F56: =AE56+$BA56+$AZ56+$AY56 -> 1836.26 | G56: =AF56+$BA56+$AZ56+$AY56 -> 1942.56 | H56: =AG56+$BA56+$AZ56+$AY56 -> 2143.71 | I56: =AH56+$BA56+$AZ56+$AY56 -> 2462.83 | ... Y56: =AX56+$BA56+$AZ56+$AY56 -> 2118.36 | AA56: 1011.94 | AB56: 930.01 | AC56: 844.76 | AD56: 694.73 | AE56: 942.86 | AF56: 1049.16 | AG56: 1250.31 | AH56: 1569.43 | AI56: 1948.63 | AJ56: 2045.66 | AK56: 2045.01 | AL56: 2036.19 | AM56: 2026.77 | AN56: 2021.65 | AO56: 2033.71 | AP56: 2035.26 | AQ56: 2041.82 | AR56: 2077.7 | AS56: 2094.79 | AT56: 2066.55 | AU56: 2050.99 | AV56: 1947.99 | AW56: 1654.37 | AX56: 1224.96 | AY56: 784.22 | AZ56: 6.61 | BA56: 102.57
A57: 10 | B57: =AA57+$BA57+$AZ57+$AY57 -> 1938.6 | C57: =AB57+$BA57+$AZ57+$AY57 -> 1839.1 | D57: =AC57+$BA57+$AZ57+$AY57 -> 1787.55 | E57: =AD57+$BA57+$AZ57+$AY57 -> 1520.65 | F57: =AE57+$BA57+$AZ57+$AY57 -> 1836.38 | G57: =AF57+$BA57+$AZ57+$AY57 -> 1968.64 | H57: =AG57+$BA57+$AZ57+$AY57 -> 2197.6 | I57: =AH57+$BA57+$AZ57+$AY57 -> 2599.34 | ... Y57: =AX57+$BA57+$AZ57+$AY57 -> 2064.81 | AA57: 1045.2 | AB57: 945.7 | AC57: 894.15 | AD57: 627.25 | AE57: 942.98 | AF57: 1075.24 | AG57: 1304.2 | AH57: 1705.94 | AI57: 1962.11 | AJ57: 2012.77 | AK57: 2031.56 | AL57: 2016.54 | AM57: 1972.36 | AN57: 1985.78 | AO57: 2004.64 | AP57: 2020.34 | AQ57: 2033.95 | AR57: 2080.24 | AS57: 2099.48 | AT57: 2093.27 | AU57: 2060.99 | AV57: 1979.05 | AW57: 1432.28 | AX57: 1171.41 | AY57: 784.22 | AZ57: 6.61 | BA57: 102.57
A58: 11 | B58: =AA58+$BA58+$AZ58+$AY58 -> 1930.29 | C58: =AB58+$BA58+$AZ58+$AY58 -> 1842.6 | D58: =AC58+$BA58+$AZ58+$AY58 -> 1712.94 | E58: =AD58+$BA58+$AZ58+$AY58 -> 1481.99 | F58: =AE58+$BA58+$AZ58+$AY58 -> 1839.21 | G58: =AF58+$BA58+$AZ58+$AY58 -> 2013.8 | H58: =AG58+$BA58+$AZ58+$AY58 -> 2302.95 | I58: =AH58+$BA58+$AZ58+$AY58 -> 2751.13 | ... Y58: =AX58+$BA58+$AZ58+$AY58 -> 2159.14 | AA58: 1036.89 | AB58: 949.2 | AC58: 819.54 | AD58: 588.59 | AE58: 945.81 | AF58: 1120.4 | AG58: 1409.55 | AH58: 1857.73 | AI58: 2047.91 | AJ58: 2079.61 | AK58: 2076.3 | AL58: 2064.58 | AM58: 2033.25 | AN58: 2042.55 | AO58: 2047.86 | AP58: 2051.64 | AQ58: 2061.18 | AR58: 2099.12 | AS58: 2115.48 | AT58: 2091.77 | AU58: 2081.04 | AV58: 2044.46 | AW58: 1831.88 | AX58: 1265.74 | AY58: 784.22 | AZ58: 6.61 | BA58: 102.57
A59: 12 | B59: =AA59+$BA59+$AZ59+$AY59 -> 2015.01 | C59: =AB59+$BA59+$AZ59+$AY59 -> 1889.26 | D59: =AC59+$BA59+$AZ59+$AY59 -> 1840.04 | E59: =AD59+$BA59+$AZ59+$AY59 -> 1812.14 | F59: =AE59+$BA59+$AZ59+$AY59 -> 1834.83 | G59: =AF59+$BA59+$AZ59+$AY59 -> 1899.21 | H59: =AG59+$BA59+$AZ59+$AY59 -> 2016.45 | I59: =AH59+$BA59+$AZ59+$AY59 -> 2135.48 | ... Y59: =AX59+$BA59+$AZ59+$AY59 -> 2198.42 | AA59: 1121.61 | AB59: 995.86 | AC59: 946.64 | AD59: 918.74 | AE59: 941.43 | AF59: 1005.81 | AG59: 1123.05 | AH59: 1242.08 | AI59: 1838.54 | AJ59: 1943.92 | AK59: 1959.58 | AL59: 1955.52 | AM59: 1940.78 | AN59: 1924.34 | AO59: 1934.85 | AP59: 1952.95 | AQ59: 1991.66 | AR59: 2058.83 | AS59: 2082.11 | AT59: 2064.67 | AU59: 2014.69 | AV59: 1971.5 | AW59: 1928.13 | AX59: 1305.02 | AY59: 784.22 | AZ59: 6.61 | BA59: 102.57
... A77: 30 | B77: =AA77+$BA77+$AZ77+$AY77 -> 1846.64 | C77: =AB77+$BA77+$AZ77+$AY77 -> 1741.58 | D77: =AC77+$BA77+$AZ77+$AY77 -> 1670.36 | E77: =AD77+$BA77+$AZ77+$AY77 -> 1641.51 | F77: =AE77+$BA77+$AZ77+$AY77 -> 1730.09 | G77: =AF77+$BA77+$AZ77+$AY77 -> 1921.52 | H77: =AG77+$BA77+$AZ77+$AY77 -> 2078.54 | I77: =AH77+$BA77+$AZ77+$AY77 -> 2400.38 | ... Y77: =AX77+$BA77+$AZ77+$AY77 -> 1925.34 | AA77: 953.24 | AB77: 848.18 | AC77: 776.96 | AD77: 748.11 | AE77: 836.69 | AF77: 1028.12 | AG77: 1185.14 | AH77: 1506.98 | AI77: 1880.61 | AJ77: 1927.44 | AK77: 1935.59 | AL77: 1915.16 | AM77: 1896.57 | AN77: 1896.53 | AO77: 1894.32 | AP77: 1927.55 | AQ77: 1925 | AR77: 1965.72 | AS77: 1939 | AT77: 2011.88 | AU77: 1919.98 | AV77: 1886.75 | AW77: 1746.38 | AX77: 1031.94 | AY77: 784.22 | AZ77: 6.61 | BA77: 102.57
A78: 31 | B78: =AA78+$BA78+$AZ78+$AY78 -> 0 | C78: =AB78+$BA78+$AZ78+$AY78 -> 0 | D78: =AC78+$BA78+$AZ78+$AY78 -> 0 | E78: =AD78+$BA78+$AZ78+$AY78 -> 0 | F78: =AE78+$BA78+$AZ78+$AY78 -> 0 | G78: =AF78+$BA78+$AZ78+$AY78 -> 0 | H78: =AG78+$BA78+$AZ78+$AY78 -> 0 | I78: =AH78+$BA78+$AZ78+$AY78 -> 0 | ... Y78: =AX78+$BA78+$AZ78+$AY78 -> 0 | AA78: 0 | AB78: 0 | AC78: 0 | AD78: 0 | AE78: 0 | AF78: 0 | AG78: 0 | AH78: 0 | AI78: 0 | AJ78: 0 | AK78: 0 | AL78: 0 | AM78: 0 | AN78: 0 | AO78: 0 | AP78: 0 | AQ78: 0 | AR78: 0 | AS78: 0 | AT78: 0 | AU78: 0 | AV78: 0 | AW78: 0 | AX78: 0 | AY78: 0 | AZ78: 0
AA79: =SUM(AA48:AX78) -> 1120067.7
A80: Дата | B80: Ставка для фактических почасовых объемов покупки электрической энергии, отпущенных на уровне напряжения ГН по договору энергоснабжения | AA80: Структура нерегулируемой цены в соответствии с требованиями п.92 Основных положений функционирования розничных рынков электрической энергии, утвержденных Постановлением Правительства РФ от 04.05.2012 №442
B81: (рублей/МВт·ч без НДС) | AA81: Дифференцированная по часам расчетного периода нерегулируемая цена на э/э на ОРЭМ, определяемая по результатам конкурентного отбора ценовых заявок на сутки вперед и конкурентного отбора заявок для балансирования системы, руб./МВт·ч без НДС | AY81: =AY45 -> Сбытовая надбавка | AZ81: Плата за иные услуги, оказание которых является неотъемлемой частью процесса поставки электрической энергии потребителям | BA81: Тарифы на услуги по передаче электроэнергии, ставка на оплату технологического расхода (потерь) в электрических сетях
B82: 0:00 - 1:00 | C82: 1:00 - 2:00 | D82: 2:00 - 3:00 | E82: 3:00 - 4:00 | F82: 4:00 - 5:00 | G82: 5:00- 6:00 | H82: 6:00 - 7:00 | I82: 7:00- 8:00 | J82: 8:00 - 9:00 | K82: 9:00 - 10:00 | L82: 10:00 - 11:00 | M82: 11:00 - 12:00 | N82: 12:00 - 13:00 | O82: 13:00 - 14:00 | P82: 14:00 - 15:00 | Q82: 15:00 - 16:00 | R82: 16:00 - 17:00 | S82: 17:00 -18:00 | T82: 18:00 - 19:00 | U82: 19:00 - 20:00 | V82: 20:00 - 21:00 | W82: 21:00 - 22:00 | X82: 22:00 - 23:00 | Y82: 23:00 - 24:00 | AA82: 0:00 - 1:00 | AB82: 1:00 - 2:00 | AC82: 2:00 - 3:00 | AD82: 3:00 - 4:00 | AE82: 4:00 - 5:00 | AF82: 5:00- 6:00 | AG82: 6:00 - 7:00 | AH82: 7:00- 8:00 | AI82: 8:00 - 9:00 | AJ82: 9:00 - 10:00 | AK82: 10:00 - 11:00 | AL82: 11:00 - 12:00 | AM82: 12:00 - 13:00 | AN82: 13:00 - 14:00 | AO82: 14:00 - 15:00 | AP82: 15:00 - 16:00 | AQ82: 16:00 - 17:00 | AR82: 17:00 -18:00 | AS82: 18:00 - 19:00 | AT82: 19:00 - 20:00 | AU82: 20:00 - 21:00 | AV82: 21:00 - 22:00 | AW82: 22:00 - 23:00 | AX82: 23:00 - 24:00 | BA82: ГН
A83: 1=2+3+4+5 | AA83: 2 | AY83: 3 | AZ83: 4 | BA83: 5
A84: 1 | B84: =AA84+$BA84+$AZ84+$AY84 -> 1158.83 | C84: =AB84+$BA84+$AZ84+$AY84 -> 1149.75 | D84: =AC84+$BA84+$AZ84+$AY84 -> 1117.5 | E84: =AD84+$BA84+$AZ84+$AY84 -> 944.55 | F84: =AE84+$BA84+$AZ84+$AY84 -> 1141.79 | G84: =AF84+$BA84+$AZ84+$AY84 -> 1144.96 | H84: =AG84+$BA84+$AZ84+$AY84 -> 1917.35 | I84: =AH84+$BA84+$AZ84+$AY84 -> 2208.14 | ... Y84: =AX84+$BA84+$AZ84+$AY84 -> 1427.14 | AA84: 368 | AB84: 358.92 | AC84: 326.67 | AD84: 153.72 | AE84: 350.96 | AF84: 354.13 | AG84: 1126.52 | AH84: 1417.31 | AI84: 1537.64 | AJ84: 1601.19 | AK84: 1601.14 | AL84: 1590.89 | AM84: 1573.52 | AN84: 1571.08 | AO84: 1564.86 | AP84: 1523.25 | AQ84: 1526.74 | AR84: 1553.33 | AS84: 1868.82 | AT84: 1868.59 | AU84: 1875.17 | AV84: 1497.57 | AW84: 1216.83 | AX84: 636.31 | AY84: 784.22 | AZ84: 6.61 | BA84: 0
A85: 2 | B85: =AA85+$BA85+$AZ85+$AY85 -> 1147.53 | C85: =AB85+$BA85+$AZ85+$AY85 -> 1094.78 | D85: =AC85+$BA85+$AZ85+$AY85 -> 809.49 | E85: =AD85+$BA85+$AZ85+$AY85 -> 809.49 | F85: =AE85+$BA85+$AZ85+$AY85 -> 809.52 | G85: =AF85+$BA85+$AZ85+$AY85 -> 1130.67 | H85: =AG85+$BA85+$AZ85+$AY85 -> 1905.49 | I85: =AH85+$BA85+$AZ85+$AY85 -> 2232.46 | ... Y85: =AX85+$BA85+$AZ85+$AY85 -> 1900.76 | AA85: 356.7 | AB85: 303.95 | AC85: 18.66 | AD85: 18.66 | AE85: 18.69 | AF85: 339.84 | AG85: 1114.66 | AH85: 1441.63 | AI85: 1724.19 | AJ85: 1875.08 | AK85: 1878.94 | AL85: 1874.3 | AM85: 1861.95 | AN85: 1863.3 | AO85: 1866.86 | AP85: 1867.15 | AQ85: 1874.42 | AR85: 1932.77 | AS85: 1979.66 | AT85: 1975.66 | AU85: 1923.23 | AV85: 1901.03 | AW85: 1368.78 | AX85: 1109.93 | AY85: 784.22 | AZ85: 6.61 | BA85: 0
A86: 3 | B86: =AA86+$BA86+$AZ86+$AY86 -> 1734.86 | C86: =AB86+$BA86+$AZ86+$AY86 -> 1379.67 | D86: =AC86+$BA86+$AZ86+$AY86 -> 1119.47 | E86: =AD86+$BA86+$AZ86+$AY86 -> 1086.64 | F86: =AE86+$BA86+$AZ86+$AY86 -> 1678.25 | G86: =AF86+$BA86+$AZ86+$AY86 -> 1781.34 | H86: =AG86+$BA86+$AZ86+$AY86 -> 2011.56 | I86: =AH86+$BA86+$AZ86+$AY86 -> 2333.27 | ... Y86: =AX86+$BA86+$AZ86+$AY86 -> 2140.1 | AA86: 944.03 | AB86: 588.84 | AC86: 328.64 | AD86: 295.81 | AE86: 887.42 | AF86: 990.51 | AG86: 1220.73 | AH86: 1542.44 | AI86: 1914.02 | AJ86: 1970.43 | AK86: 1978.47 | AL86: 1947.43 | AM86: 1925.99 | AN86: 1926.38 | AO86: 1927.38 | AP86: 1925.9 | AQ86: 1944.64 | AR86: 2013.39 | AS86: 2059.78 | AT86: 2087.25 | AU86: 2030.65 | AV86: 2003.62 | AW86: 1895.68 | AX86: 1349.27 | AY86: 784.22 | AZ86: 6.61 | BA86: 0
A87: 4 | B87: =AA87+$BA87+$AZ87+$AY87 -> 2079.47 | C87: =AB87+$BA87+$AZ87+$AY87 -> 1924.17 | D87: =AC87+$BA87+$AZ87+$AY87 -> 1850.17 | E87: =AD87+$BA87+$AZ87+$AY87 -> 1799.84 | F87: =AE87+$BA87+$AZ87+$AY87 -> 1824.27 | G87: =AF87+$BA87+$AZ87+$AY87 -> 1917.55 | H87: =AG87+$BA87+$AZ87+$AY87 -> 2039.45 | I87: =AH87+$BA87+$AZ87+$AY87 -> 2153.35 | ... Y87: =AX87+$BA87+$AZ87+$AY87 -> 2126.88 | AA87: 1288.64 | AB87: 1133.34 | AC87: 1059.34 | AD87: 1009.01 | AE87: 1033.44 | AF87: 1126.72 | AG87: 1248.62 | AH87: 1362.52 | AI87: 1857.33 | AJ87: 1912.26 | AK87: 1928.43 | AL87: 1916.26 | AM87: 1914.85 | AN87: 1902.23 | AO87: 1919.54 | AP87: 1931.44 | AQ87: 1954.51 | AR87: 2050.97 | AS87: 2065.6 | AT87: 2073.72 | AU87: 2058.24 | AV87: 1948.69 | AW87: 1865.83 | AX87: 1336.05 | AY87: 784.22 | AZ87: 6.61 | BA87: 0
A88: 5 | B88: =AA88+$BA88+$AZ88+$AY88 -> 1995.6 | C88: =AB88+$BA88+$AZ88+$AY88 -> 1888.36 | D88: =AC88+$BA88+$AZ88+$AY88 -> 1838.68 | E88: =AD88+$BA88+$AZ88+$AY88 -> 1900.96 | F88: =AE88+$BA88+$AZ88+$AY88 -> 1924.21 | G88: =AF88+$BA88+$AZ88+$AY88 -> 2156.42 | H88: =AG88+$BA88+$AZ88+$AY88 -> 2124.65 | I88: =AH88+$BA88+$AZ88+$AY88 -> 2221.46 | ... Y88: =AX88+$BA88+$AZ88+$AY88 -> 2130.72 | AA88: 1204.77 | AB88: 1097.53 | AC88: 1047.85 | AD88: 1110.13 | AE88: 1133.38 | AF88: 1365.59 | AG88: 1333.82 | AH88: 1430.63 | AI88: 1817.89 | AJ88: 1863.59 | AK88: 1867.9 | AL88: 1870.72 | AM88: 1867.57 | AN88: 1863.76 | AO88: 1868.68 | AP88: 1868.44 | AQ88: 1882.2 | AR88: 1931.31 | AS88: 1944.73 | AT88: 1947.47 | AU88: 1921.81 | AV88: 1886.6 | AW88: 1764.88 | AX88: 1339.89 | AY88: 784.22 | AZ88: 6.61 | BA88: 0
A89: 6 | B89: =AA89+$BA89+$AZ89+$AY89 -> 1913.67 | C89: =AB89+$BA89+$AZ89+$AY89 -> 1842.43 | D89: =AC89+$BA89+$AZ89+$AY89 -> 1787.73 | E89: =AD89+$BA89+$AZ89+$AY89 -> 1748.35 | F89: =AE89+$BA89+$AZ89+$AY89 -> 1756.65 | G89: =AF89+$BA89+$AZ89+$AY89 -> 1797.44 | H89: =AG89+$BA89+$AZ89+$AY89 -> 1833.88 | I89: =AH89+$BA89+$AZ89+$AY89 -> 1943.46 | ... Y89: =AX89+$BA89+$AZ89+$AY89 -> 2045.54 | AA89: 1122.84 | AB89: 1051.6 | AC89: 996.9 | AD89: 957.52 | AE89: 965.82 | AF89: 1006.61 | AG89: 1043.05 | AH89: 1152.63 | AI89: 1347.87 | AJ89: 1809.73 | AK89: 1830.64 | AL89: 1827.75 | AM89: 1804.08 | AN89: 1797.03 | AO89: 1801.84 | AP89: 1808.09 | AQ89: 1832.21 | AR89: 1863.16 | AS89: 1880.02 | AT89: 1868.19 | AU89: 1865.11 | AV89: 1855.01 | AW89: 1365.13 | AX89: 1254.71 | AY89: 784.22 | AZ89: 6.61 | BA89: 0
A90: 7 | B90: =AA90+$BA90+$AZ90+$AY90 -> 1806.18 | C90: =AB90+$BA90+$AZ90+$AY90 -> 1663.3 | D90: =AC90+$BA90+$AZ90+$AY90 -> 1660.8 | E90: =AD90+$BA90+$AZ90+$AY90 -> 1526.72 | F90: =AE90+$BA90+$AZ90+$AY90 -> 1719.99 | G90: =AF90+$BA90+$AZ90+$AY90 -> 1802.73 | H90: =AG90+$BA90+$AZ90+$AY90 -> 1935.45 | I90: =AH90+$BA90+$AZ90+$AY90 -> 2232.85 | ... Y90: =AX90+$BA90+$AZ90+$AY90 -> 1933.1 | AA90: 1015.35 | AB90: 872.47 | AC90: 869.97 | AD90: 735.89 | AE90: 929.16 | AF90: 1011.9 | AG90: 1144.62 | AH90: 1442.02 | AI90: 1857.87 | AJ90: 1927.25 | AK90: 1938.27 | AL90: 1919.18 | AM90: 1888.73 | AN90: 1899.53 | AO90: 1892.31 | AP90: 1901.21 | AQ90: 1918.26 | AR90: 1941.93 | AS90: 1973.75 | AT90: 1984.49 | AU90: 1923.71 | AV90: 1869.73 | AW90: 1375.22 | AX90: 1142.27 | AY90: 784.22 | AZ90: 6.61 | BA90: 0
A91: 8 | B91: =AA91+$BA91+$AZ91+$AY91 -> 1762.64 | C91: =AB91+$BA91+$AZ91+$AY91 -> 1448.1 | D91: =AC91+$BA91+$AZ91+$AY91 -> 1391.17 | E91: =AD91+$BA91+$AZ91+$AY91 -> 1364.49 | F91: =AE91+$BA91+$AZ91+$AY91 -> 1664.86 | G91: =AF91+$BA91+$AZ91+$AY91 -> 1758.36 | H91: =AG91+$BA91+$AZ91+$AY91 -> 1940.35 | I91: =AH91+$BA91+$AZ91+$AY91 -> 2230.58 | ... Y91: =AX91+$BA91+$AZ91+$AY91 -> 1915.64 | AA91: 971.81 | AB91: 657.27 | AC91: 600.34 | AD91: 573.66 | AE91: 874.03 | AF91: 967.53 | AG91: 1149.52 | AH91: 1439.75 | AI91: 1856.86 | AJ91: 1921.66 | AK91: 1915.9 | AL91: 1899.12 | AM91: 1880.73 | AN91: 1893.26 | AO91: 1902.12 | AP91: 1910.55 | AQ91: 1917.8 | AR91: 1924.18 | AS91: 1953.73 | AT91: 1955.8 | AU91: 1897.34 | AV91: 1823.96 | AW91: 1336.19 | AX91: 1124.81 | AY91: 784.22 | AZ91: 6.61 | BA91: 0
A92: 9 | B92: =AA92+$BA92+$AZ92+$AY92 -> 1802.77 | C92: =AB92+$BA92+$AZ92+$AY92 -> 1720.84 | D92: =AC92+$BA92+$AZ92+$AY92 -> 1635.59 | E92: =AD92+$BA92+$AZ92+$AY92 -> 1485.56 | F92: =AE92+$BA92+$AZ92+$AY92 -> 1733.69 | G92: =AF92+$BA92+$AZ92+$AY92 -> 1839.99 | H92: =AG92+$BA92+$AZ92+$AY92 -> 2041.14 | I92: =AH92+$BA92+$AZ92+$AY92 -> 2360.26 | ... Y92: =AX92+$BA92+$AZ92+$AY92 -> 2015.79 | AA92: 1011.94 | AB92: 930.01 | AC92: 844.76 | AD92: 694.73 | AE92: 942.86 | AF92: 1049.16 | AG92: 1250.31 | AH92: 1569.43 | AI92: 1948.63 | AJ92: 2045.66 | AK92: 2045.01 | AL92: 2036.19 | AM92: 2026.77 | AN92: 2021.65 | AO92: 2033.71 | AP92: 2035.26 | AQ92: 2041.82 | AR92: 2077.7 | AS92: 2094.79 | AT92: 2066.55 | AU92: 2050.99 | AV92: 1947.99 | AW92: 1654.37 | AX92: 1224.96 | AY92: 784.22 | AZ92: 6.61 | BA92: 0
A93: 10 | B93: =AA93+$BA93+$AZ93+$AY93 -> 1836.03 | C93: =AB93+$BA93+$AZ93+$AY93 -> 1736.53 | D93: =AC93+$BA93+$AZ93+$AY93 -> 1684.98 | E93: =AD93+$BA93+$AZ93+$AY93 -> 1418.08 | F93: =AE93+$BA93+$AZ93+$AY93 -> 1733.81 | G93: =AF93+$BA93+$AZ93+$AY93 -> 1866.07 | H93: =AG93+$BA93+$AZ93+$AY93 -> 2095.03 | I93: =AH93+$BA93+$AZ93+$AY93 -> 2496.77 | ... Y93: =AX93+$BA93+$AZ93+$AY93 -> 1962.24 | AA93: 1045.2 | AB93: 945.7 | AC93: 894.15 | AD93: 627.25 | AE93: 942.98 | AF93: 1075.24 | AG93: 1304.2 | AH93: 1705.94 | AI93: 1962.11 | AJ93: 2012.77 | AK93: 2031.56 | AL93: 2016.54 | AM93: 1972.36 | AN93: 1985.78 | AO93: 2004.64 | AP93: 2020.34 | AQ93: 2033.95 | AR93: 2080.24 | AS93: 2099.48 | AT93: 2093.27 | AU93: 2060.99 | AV93: 1979.05 | AW93: 1432.28 | AX93: 1171.41 | AY93: 784.22 | AZ93: 6.61 | BA93: 0
A94: 11 | B94: =AA94+$BA94+$AZ94+$AY94 -> 1827.72 | C94: =AB94+$BA94+$AZ94+$AY94 -> 1740.03 | D94: =AC94+$BA94+$AZ94+$AY94 -> 1610.37 | E94: =AD94+$BA94+$AZ94+$AY94 -> 1379.42 | F94: =AE94+$BA94+$AZ94+$AY94 -> 1736.64 | G94: =AF94+$BA94+$AZ94+$AY94 -> 1911.23 | H94: =AG94+$BA94+$AZ94+$AY94 -> 2200.38 | I94: =AH94+$BA94+$AZ94+$AY94 -> 2648.56 | ... Y94: =AX94+$BA94+$AZ94+$AY94 -> 2056.57 | AA94: 1036.89 | AB94: 949.2 | AC94: 819.54 | AD94: 588.59 | AE94: 945.81 | AF94: 1120.4 | AG94: 1409.55 | AH94: 1857.73 | AI94: 2047.91 | AJ94: 2079.61 | AK94: 2076.3 | AL94: 2064.58 | AM94: 2033.25 | AN94: 2042.55 | AO94: 2047.86 | AP94: 2051.64 | AQ94: 2061.18 | AR94: 2099.12 | AS94: 2115.48 | AT94: 2091.77 | AU94: 2081.04 | AV94: 2044.46 | AW94: 1831.88 | AX94: 1265.74 | AY94: 784.22 | AZ94: 6.61 | BA94: 0
A95: 12 | B95: =AA95+$BA95+$AZ95+$AY95 -> 1912.44 | C95: =AB95+$BA95+$AZ95+$AY95 -> 1786.69 | D95: =AC95+$BA95+$AZ95+$AY95 -> 1737.47 | E95: =AD95+$BA95+$AZ95+$AY95 -> 1709.57 | F95: =AE95+$BA95+$AZ95+$AY95 -> 1732.26 | G95: =AF95+$BA95+$AZ95+$AY95 -> 1796.64 | H95: =AG95+$BA95+$AZ95+$AY95 -> 1913.88 | I95: =AH95+$BA95+$AZ95+$AY95 -> 2032.91 | ... Y95: =AX95+$BA95+$AZ95+$AY95 -> 2095.85 | AA95: 1121.61 | AB95: 995.86 | AC95: 946.64 | AD95: 918.74 | AE95: 941.43 | AF95: 1005.81 | AG95: 1123.05 | AH95: 1242.08 | AI95: 1838.54 | AJ95: 1943.92 | AK95: 1959.58 | AL95: 1955.52 | AM95: 1940.78 | AN95: 1924.34 | AO95: 1934.85 | AP95: 1952.95 | AQ95: 1991.66 | AR95: 2058.83 | AS95: 2082.11 | AT95: 2064.67 | AU95: 2014.69 | AV95: 1971.5 | AW95: 1928.13 | AX95: 1305.02 | AY95: 784.22 | AZ95: 6.61 | BA95: 0
... A113: 30 | B113: =AA113+$BA113+$AZ113+$AY113 -> 1744.07 | C113: =AB113+$BA113+$AZ113+$AY113 -> 1639.01 | D113: =AC113+$BA113+$AZ113+$AY113 -> 1567.79 | E113: =AD113+$BA113+$AZ113+$AY113 -> 1538.94 | F113: =AE113+$BA113+$AZ113+$AY113 -> 1627.52 | G113: =AF113+$BA113+$AZ113+$AY113 -> 1818.95 | H113: =AG113+$BA113+$AZ113+$AY113 -> 1975.97 | I113: =AH113+$BA113+$AZ113+$AY113 -> 2297.81 | ... Y113: =AX113+$BA113+$AZ113+$AY113 -> 1822.77 | AA113: 953.24 | AB113: 848.18 | AC113: 776.96 | AD113: 748.11 | AE113: 836.69 | AF113: 1028.12 | AG113: 1185.14 | AH113: 1506.98 | AI113: 1880.61 | AJ113: 1927.44 | AK113: 1935.59 | AL113: 1915.16 | AM113: 1896.57 | AN113: 1896.53 | AO113: 1894.32 | AP113: 1927.55 | AQ113: 1925 | AR113: 1965.72 | AS113: 1939 | AT113: 2011.88 | AU113: 1919.98 | AV113: 1886.75 | AW113: 1746.38 | AX113: 1031.94 | AY113: 784.22 | AZ113: 6.61 | BA113: 0
A114: 31 | B114: =AA114+$BA114+$AZ114+$AY114 -> 0 | C114: =AB114+$BA114+$AZ114+$AY114 -> 0 | D114: =AC114+$BA114+$AZ114+$AY114 -> 0 | E114: =AD114+$BA114+$AZ114+$AY114 -> 0 | F114: =AE114+$BA114+$AZ114+$AY114 -> 0 | G114: =AF114+$BA114+$AZ114+$AY114 -> 0 | H114: =AG114+$BA114+$AZ114+$AY114 -> 0 | I114: =AH114+$BA114+$AZ114+$AY114 -> 0 | ... Y114: =AX114+$BA114+$AZ114+$AY114 -> 0 | AA114: 0 | AB114: 0 | AC114: 0 | AD114: 0 | AE114: 0 | AF114: 0 | AG114: 0 | AH114: 0 | AI114: 0 | AJ114: 0 | AK114: 0 | AL114: 0 | AM114: 0 | AN114: 0 | AO114: 0 | AP114: 0 | AQ114: 0 | AR114: 0 | AS114: 0 | AT114: 0 | AU114: 0 | AV114: 0 | AW114: 0 | AX114: 0 | AY114: 0 | AZ114: 0
AA115: =SUM(AA84:AX114) -> 1120067.7
A116: Дата | B116: Ставка для фактических почасовых объемов покупки электрической энергии, отпущенных на уровне напряжения СН1 по договору энергоснабжения | AA116: Структура нерегулируемой цены в соответствии с требованиями п.92 Основных положений функционирования розничных рынков электрической энергии, утвержденных Постановлением Правительства РФ от 04.05.2012 №442
B117: (рублей/МВт·ч без НДС) | AA117: Дифференцированная по часам расчетного периода нерегулируемая цена на э/э на ОРЭМ, определяемая по результатам конкурентного отбора ценовых заявок на сутки вперед и конкурентного отбора заявок для балансирования системы, руб./МВт·ч без НДС | AY117: =AY81 -> Сбытовая надбавка | AZ117: Плата за иные услуги, оказание которых является неотъемлемой частью процесса поставки электрической энергии потребителям | BA117: =BA81 -> Тарифы на услуги по передаче электроэнергии, ставка на оплату технологического расхода (потерь) в электрических сетях
B118: 0:00 - 1:00 | C118: 1:00 - 2:00 | D118: 2:00 - 3:00 | E118: 3:00 - 4:00 | F118: 4:00 - 5:00 | G118: 5:00- 6:00 | H118: 6:00 - 7:00 | I118: 7:00- 8:00 | J118: 8:00 - 9:00 | K118: 9:00 - 10:00 | L118: 10:00 - 11:00 | M118: 11:00 - 12:00 | N118: 12:00 - 13:00 | O118: 13:00 - 14:00 | P118: 14:00 - 15:00 | Q118: 15:00 - 16:00 | R118: 16:00 - 17:00 | S118: 17:00 -18:00 | T118: 18:00 - 19:00 | U118: 19:00 - 20:00 | V118: 20:00 - 21:00 | W118: 21:00 - 22:00 | X118: 22:00 - 23:00 | Y118: 23:00 - 24:00 | AA118: 0:00 - 1:00 | AB118: 1:00 - 2:00 | AC118: 2:00 - 3:00 | AD118: 3:00 - 4:00 | AE118: 4:00 - 5:00 | AF118: 5:00- 6:00 | AG118: 6:00 - 7:00 | AH118: 7:00- 8:00 | AI118: 8:00 - 9:00 | AJ118: 9:00 - 10:00 | AK118: 10:00 - 11:00 | AL118: 11:00 - 12:00 | AM118: 12:00 - 13:00 | AN118: 13:00 - 14:00 | AO118: 14:00 - 15:00 | AP118: 15:00 - 16:00 | AQ118: 16:00 - 17:00 | AR118: 17:00 -18:00 | AS118: 18:00 - 19:00 | AT118: 19:00 - 20:00 | AU118: 20:00 - 21:00 | AV118: 21:00 - 22:00 | AW118: 22:00 - 23:00 | AX118: 23:00 - 24:00 | BA118: СН1
A119: 1=2+3+4+5 | AA119: 2 | AY119: 3 | AZ119: 4 | BA119: 5
A120: 1 | B120: =AA120+$BA120+$AZ120+$AY120 -> 1338.38 | C120: =AB120+$BA120+$AZ120+$AY120 -> 1329.3 | D120: =AC120+$BA120+$AZ120+$AY120 -> 1297.05 | E120: =AD120+$BA120+$AZ120+$AY120 -> 1124.1 | F120: =AE120+$BA120+$AZ120+$AY120 -> 1321.34 | G120: =AF120+$BA120+$AZ120+$AY120 -> 1324.51 | H120: =AG120+$BA120+$AZ120+$AY120 -> 2096.9 | I120: =AH120+$BA120+$AZ120+$AY120 -> 2387.69 | ... Y120: =AX120+$BA120+$AZ120+$AY120 -> 1606.69 | AA120: 368 | AB120: 358.92 | AC120: 326.67 | AD120: 153.72 | AE120: 350.96 | AF120: 354.13 | AG120: 1126.52 | AH120: 1417.31 | AI120: 1537.64 | AJ120: 1601.19 | AK120: 1601.14 | AL120: 1590.89 | AM120: 1573.52 | AN120: 1571.08 | AO120: 1564.86 | AP120: 1523.25 | AQ120: 1526.74 | AR120: 1553.33 | AS120: 1868.82 | AT120: 1868.59 | AU120: 1875.17 | AV120: 1497.57 | AW120: 1216.83 | AX120: 636.31 | AY120: 784.22 | AZ120: 6.61 | BA120: 179.55
A121: 2 | B121: =AA121+$BA121+$AZ121+$AY121 -> 1327.08 | C121: =AB121+$BA121+$AZ121+$AY121 -> 1274.33 | D121: =AC121+$BA121+$AZ121+$AY121 -> 989.04 | E121: =AD121+$BA121+$AZ121+$AY121 -> 989.04 | F121: =AE121+$BA121+$AZ121+$AY121 -> 989.07 | G121: =AF121+$BA121+$AZ121+$AY121 -> 1310.22 | H121: =AG121+$BA121+$AZ121+$AY121 -> 2085.04 | I121: =AH121+$BA121+$AZ121+$AY121 -> 2412.01 | ... Y121: =AX121+$BA121+$AZ121+$AY121 -> 2080.31 | AA121: 356.7 | AB121: 303.95 | AC121: 18.66 | AD121: 18.66 | AE121: 18.69 | AF121: 339.84 | AG121: 1114.66 | AH121: 1441.63 | AI121: 1724.19 | AJ121: 1875.08 | AK121: 1878.94 | AL121: 1874.3 | AM121: 1861.95 | AN121: 1863.3 | AO121: 1866.86 | AP121: 1867.15 | AQ121: 1874.42 | AR121: 1932.77 | AS121: 1979.66 | AT121: 1975.66 | AU121: 1923.23 | AV121: 1901.03 | AW121: 1368.78 | AX121: 1109.93 | AY121: 784.22 | AZ121: 6.61 | BA121: 179.55
A122: 3 | B122: =AA122+$BA122+$AZ122+$AY122 -> 1914.41 | C122: =AB122+$BA122+$AZ122+$AY122 -> 1559.22 | D122: =AC122+$BA122+$AZ122+$AY122 -> 1299.02 | E122: =AD122+$BA122+$AZ122+$AY122 -> 1266.19 | F122: =AE122+$BA122+$AZ122+$AY122 -> 1857.8 | G122: =AF122+$BA122+$AZ122+$AY122 -> 1960.89 | H122: =AG122+$BA122+$AZ122+$AY122 -> 2191.11 | I122: =AH122+$BA122+$AZ122+$AY122 -> 2512.82 | ... Y122: =AX122+$BA122+$AZ122+$AY122 -> 2319.65 | AA122: 944.03 | AB122: 588.84 | AC122: 328.64 | AD122: 295.81 | AE122: 887.42 | AF122: 990.51 | AG122: 1220.73 | AH122: 1542.44 | AI122: 1914.02 | AJ122: 1970.43 | AK122: 1978.47 | AL122: 1947.43 | AM122: 1925.99 | AN122: 1926.38 | AO122: 1927.38 | AP122: 1925.9 | AQ122: 1944.64 | AR122: 2013.39 | AS122: 2059.78 | AT122: 2087.25 | AU122: 2030.65 | AV122: 2003.62 | AW122: 1895.68 | AX122: 1349.27 | AY122: 784.22 | AZ122: 6.61 | BA122: 179.55
A123: 4 | B123: =AA123+$BA123+$AZ123+$AY123 -> 2259.02 | C123: =AB123+$BA123+$AZ123+$AY123 -> 2103.72 | D123: =AC123+$BA123+$AZ123+$AY123 -> 2029.72 | E123: =AD123+$BA123+$AZ123+$AY123 -> 1979.39 | F123: =AE123+$BA123+$AZ123+$AY123 -> 2003.82 | G123: =AF123+$BA123+$AZ123+$AY123 -> 2097.1 | H123: =AG123+$BA123+$AZ123+$AY123 -> 2219 | I123: =AH123+$BA123+$AZ123+$AY123 -> 2332.9 | ... Y123: =AX123+$BA123+$AZ123+$AY123 -> 2306.43 | AA123: 1288.64 | AB123: 1133.34 | AC123: 1059.34 | AD123: 1009.01 | AE123: 1033.44 | AF123: 1126.72 | AG123: 1248.62 | AH123: 1362.52 | AI123: 1857.33 | AJ123: 1912.26 | AK123: 1928.43 | AL123: 1916.26 | AM123: 1914.85 | AN123: 1902.23 | AO123: 1919.54 | AP123: 1931.44 | AQ123: 1954.51 | AR123: 2050.97 | AS123: 2065.6 | AT123: 2073.72 | AU123: 2058.24 | AV123: 1948.69 | AW123: 1865.83 | AX123: 1336.05 | AY123: 784.22 | AZ123: 6.61 | BA123: 179.55
A124: 5 | B124: =AA124+$BA124+$AZ124+$AY124 -> 2175.15 | C124: =AB124+$BA124+$AZ124+$AY124 -> 2067.91 | D124: =AC124+$BA124+$AZ124+$AY124 -> 2018.23 | E124: =AD124+$BA124+$AZ124+$AY124 -> 2080.51 | F124: =AE124+$BA124+$AZ124+$AY124 -> 2103.76 | G124: =AF124+$BA124+$AZ124+$AY124 -> 2335.97 | H124: =AG124+$BA124+$AZ124+$AY124 -> 2304.2 | I124: =AH124+$BA124+$AZ124+$AY124 -> 2401.01 | ... Y124: =AX124+$BA124+$AZ124+$AY124 -> 2310.27 | AA124: 1204.77 | AB124: 1097.53 | AC124: 1047.85 | AD124: 1110.13 | AE124: 1133.38 | AF124: 1365.59 | AG124: 1333.82 | AH124: 1430.63 | AI124: 1817.89 | AJ124: 1863.59 | AK124: 1867.9 | AL124: 1870.72 | AM124: 1867.57 | AN124: 1863.76 | AO124: 1868.68 | AP124: 1868.44 | AQ124: 1882.2 | AR124: 1931.31 | AS124: 1944.73 | AT124: 1947.47 | AU124: 1921.81 | AV124: 1886.6 | AW124: 1764.88 | AX124: 1339.89 | AY124: 784.22 | AZ124: 6.61 | BA124: 179.55
A125: 6 | B125: =AA125+$BA125+$AZ125+$AY125 -> 2093.22 | C125: =AB125+$BA125+$AZ125+$AY125 -> 2021.98 | D125: =AC125+$BA125+$AZ125+$AY125 -> 1967.28 | E125: =AD125+$BA125+$AZ125+$AY125 -> 1927.9 | F125: =AE125+$BA125+$AZ125+$AY125 -> 1936.2 | G125: =AF125+$BA125+$AZ125+$AY125 -> 1976.99 | H125: =AG125+$BA125+$AZ125+$AY125 -> 2013.43 | I125: =AH125+$BA125+$AZ125+$AY125 -> 2123.01 | ... Y125: =AX125+$BA125+$AZ125+$AY125 -> 2225.09 | AA125: 1122.84 | AB125: 1051.6 | AC125: 996.9 | AD125: 957.52 | AE125: 965.82 | AF125: 1006.61 | AG125: 1043.05 | AH125: 1152.63 | AI125: 1347.87 | AJ125: 1809.73 | AK125: 1830.64 | AL125: 1827.75 | AM125: 1804.08 | AN125: 1797.03 | AO125: 1801.84 | AP125: 1808.09 | AQ125: 1832.21 | AR125: 1863.16 | AS125: 1880.02 | AT125: 1868.19 | AU125: 1865.11 | AV125: 1855.01 | AW125: 1365.13 | AX125: 1254.71 | AY125: 784.22 | AZ125: 6.61 | BA125: 179.55
A126: 7 | B126: =AA126+$BA126+$AZ126+$AY126 -> 1985.73 | C126: =AB126+$BA126+$AZ126+$AY126 -> 1842.85 | D126: =AC126+$BA126+$AZ126+$AY126 -> 1840.35 | E126: =AD126+$BA126+$AZ126+$AY126 -> 1706.27 | F126: =AE126+$BA126+$AZ126+$AY126 -> 1899.54 | G126: =AF126+$BA126+$AZ126+$AY126 -> 1982.28 | H126: =AG126+$BA126+$AZ126+$AY126 -> 2115 | I126: =AH126+$BA126+$AZ126+$AY126 -> 2412.4 | ... Y126: =AX126+$BA126+$AZ126+$AY126 -> 2112.65 | AA126: 1015.35 | AB126: 872.47 | AC126: 869.97 | AD126: 735.89 | AE126: 929.16 | AF126: 1011.9 | AG126: 1144.62 | AH126: 1442.02 | AI126: 1857.87 | AJ126: 1927.25 | AK126: 1938.27 | AL126: 1919.18 | AM126: 1888.73 | AN126: 1899.53 | AO126: 1892.31 | AP126: 1901.21 | AQ126: 1918.26 | AR126: 1941.93 | AS126: 1973.75 | AT126: 1984.49 | AU126: 1923.71 | AV126: 1869.73 | AW126: 1375.22 | AX126: 1142.27 | AY126: 784.22 | AZ126: 6.61 | BA126: 179.55
A127: 8 | B127: =AA127+$BA127+$AZ127+$AY127 -> 1942.19 | C127: =AB127+$BA127+$AZ127+$AY127 -> 1627.65 | D127: =AC127+$BA127+$AZ127+$AY127 -> 1570.72 | E127: =AD127+$BA127+$AZ127+$AY127 -> 1544.04 | F127: =AE127+$BA127+$AZ127+$AY127 -> 1844.41 | G127: =AF127+$BA127+$AZ127+$AY127 -> 1937.91 | H127: =AG127+$BA127+$AZ127+$AY127 -> 2119.9 | I127: =AH127+$BA127+$AZ127+$AY127 -> 2410.13 | ... Y127: =AX127+$BA127+$AZ127+$AY127 -> 2095.19 | AA127: 971.81 | AB127: 657.27 | AC127: 600.34 | AD127: 573.66 | AE127: 874.03 | AF127: 967.53 | AG127: 1149.52 | AH127: 1439.75 | AI127: 1856.86 | AJ127: 1921.66 | AK127: 1915.9 | AL127: 1899.12 | AM127: 1880.73 | AN127: 1893.26 | AO127: 1902.12 | AP127: 1910.55 | AQ127: 1917.8 | AR127: 1924.18 | AS127: 1953.73 | AT127: 1955.8 | AU127: 1897.34 | AV127: 1823.96 | AW127: 1336.19 | AX127: 1124.81 | AY127: 784.22 | AZ127: 6.61 | BA127: 179.55
A128: 9 | B128: =AA128+$BA128+$AZ128+$AY128 -> 1982.32 | C128: =AB128+$BA128+$AZ128+$AY128 -> 1900.39 | D128: =AC128+$BA128+$AZ128+$AY128 -> 1815.14 | E128: =AD128+$BA128+$AZ128+$AY128 -> 1665.11 | F128: =AE128+$BA128+$AZ128+$AY128 -> 1913.24 | G128: =AF128+$BA128+$AZ128+$AY128 -> 2019.54 | H128: =AG128+$BA128+$AZ128+$AY128 -> 2220.69 | I128: =AH128+$BA128+$AZ128+$AY128 -> 2539.81 | ... Y128: =AX128+$BA128+$AZ128+$AY128 -> 2195.34 | AA128: 1011.94 | AB128: 930.01 | AC128: 844.76 | AD128: 694.73 | AE128: 942.86 | AF128: 1049.16 | AG128: 1250.31 | AH128: 1569.43 | AI128: 1948.63 | AJ128: 2045.66 | AK128: 2045.01 | AL128: 2036.19 | AM128: 2026.77 | AN128: 2021.65 | AO128: 2033.71 | AP128: 2035.26 | AQ128: 2041.82 | AR128: 2077.7 | AS128: 2094.79 | AT128: 2066.55 | AU128: 2050.99 | AV128: 1947.99 | AW128: 1654.37 | AX128: 1224.96 | AY128: 784.22 | AZ128: 6.61 | BA128: 179.55
A129: 10 | B129: =AA129+$BA129+$AZ129+$AY129 -> 2015.58 | C129: =AB129+$BA129+$AZ129+$AY129 -> 1916.08 | D129: =AC129+$BA129+$AZ129+$AY129 -> 1864.53 | E129: =AD129+$BA129+$AZ129+$AY129 -> 1597.63 | F129: =AE129+$BA129+$AZ129+$AY129 -> 1913.36 | G129: =AF129+$BA129+$AZ129+$AY129 -> 2045.62 | H129: =AG129+$BA129+$AZ129+$AY129 -> 2274.58 | I129: =AH129+$BA129+$AZ129+$AY129 -> 2676.32 | ... Y129: =AX129+$BA129+$AZ129+$AY129 -> 2141.79 | AA129: 1045.2 | AB129: 945.7 | AC129: 894.15 | AD129: 627.25 | AE129: 942.98 | AF129: 1075.24 | AG129: 1304.2 | AH129: 1705.94 | AI129: 1962.11 | AJ129: 2012.77 | AK129: 2031.56 | AL129: 2016.54 | AM129: 1972.36 | AN129: 1985.78 | AO129: 2004.64 | AP129: 2020.34 | AQ129: 2033.95 | AR129: 2080.24 | AS129: 2099.48 | AT129: 2093.27 | AU129: 2060.99 | AV129: 1979.05 | AW129: 1432.28 | AX129: 1171.41 | AY129: 784.22 | AZ129: 6.61 | BA129: 179.55
A130: 11 | B130: =AA130+$BA130+$AZ130+$AY130 -> 2007.27 | C130: =AB130+$BA130+$AZ130+$AY130 -> 1919.58 | D130: =AC130+$BA130+$AZ130+$AY130 -> 1789.92 | E130: =AD130+$BA130+$AZ130+$AY130 -> 1558.97 | F130: =AE130+$BA130+$AZ130+$AY130 -> 1916.19 | G130: =AF130+$BA130+$AZ130+$AY130 -> 2090.78 | H130: =AG130+$BA130+$AZ130+$AY130 -> 2379.93 | I130: =AH130+$BA130+$AZ130+$AY130 -> 2828.11 | ... Y130: =AX130+$BA130+$AZ130+$AY130 -> 2236.12 | AA130: 1036.89 | AB130: 949.2 | AC130: 819.54 | AD130: 588.59 | AE130: 945.81 | AF130: 1120.4 | AG130: 1409.55 | AH130: 1857.73 | AI130: 2047.91 | AJ130: 2079.61 | AK130: 2076.3 | AL130: 2064.58 | AM130: 2033.25 | AN130: 2042.55 | AO130: 2047.86 | AP130: 2051.64 | AQ130: 2061.18 | AR130: 2099.12 | AS130: 2115.48 | AT130: 2091.77 | AU130: 2081.04 | AV130: 2044.46 | AW130: 1831.88 | AX130: 1265.74 | AY130: 784.22 | AZ130: 6.61 | BA130: 179.55
A131: 12 | B131: =AA131+$BA131+$AZ131+$AY131 -> 2091.99 | C131: =AB131+$BA131+$AZ131+$AY131 -> 1966.24 | D131: =AC131+$BA131+$AZ131+$AY131 -> 1917.02 | E131: =AD131+$BA131+$AZ131+$AY131 -> 1889.12 | F131: =AE131+$BA131+$AZ131+$AY131 -> 1911.81 | G131: =AF131+$BA131+$AZ131+$AY131 -> 1976.19 | H131: =AG131+$BA131+$AZ131+$AY131 -> 2093.43 | I131: =AH131+$BA131+$AZ131+$AY131 -> 2212.46 | ... Y131: =AX131+$BA131+$AZ131+$AY131 -> 2275.4 | AA131: 1121.61 | AB131: 995.86 | AC131: 946.64 | AD131: 918.74 | AE131: 941.43 | AF131: 1005.81 | AG131: 1123.05 | AH131: 1242.08 | AI131: 1838.54 | AJ131: 1943.92 | AK131: 1959.58 | AL131: 1955.52 | AM131: 1940.78 | AN131: 1924.34 | AO131: 1934.85 | AP131: 1952.95 | AQ131: 1991.66 | AR131: 2058.83 | AS131: 2082.11 | AT131: 2064.67 | AU131: 2014.69 | AV131: 1971.5 | AW131: 1928.13 | AX131: 1305.02 | AY131: 784.22 | AZ131: 6.61 | BA131: 179.55
... A149: 30 | B149: =AA149+$BA149+$AZ149+$AY149 -> 1923.62 | C149: =AB149+$BA149+$AZ149+$AY149 -> 1818.56 | D149: =AC149+$BA149+$AZ149+$AY149 -> 1747.34 | E149: =AD149+$BA149+$AZ149+$AY149 -> 1718.49 | F149: =AE149+$BA149+$AZ149+$AY149 -> 1807.07 | G149: =AF149+$BA149+$AZ149+$AY149 -> 1998.5 | H149: =AG149+$BA149+$AZ149+$AY149 -> 2155.52 | I149: =AH149+$BA149+$AZ149+$AY149 -> 2477.36 | ... Y149: =AX149+$BA149+$AZ149+$AY149 -> 2002.32 | AA149: 953.24 | AB149: 848.18 | AC149: 776.96 | AD149: 748.11 | AE149: 836.69 | AF149: 1028.12 | AG149: 1185.14 | AH149: 1506.98 | AI149: 1880.61 | AJ149: 1927.44 | AK149: 1935.59 | AL149: 1915.16 | AM149: 1896.57 | AN149: 1896.53 | AO149: 1894.32 | AP149: 1927.55 | AQ149: 1925 | AR149: 1965.72 | AS149: 1939 | AT149: 2011.88 | AU149: 1919.98 | AV149: 1886.75 | AW149: 1746.38 | AX149: 1031.94 | AY149: 784.22 | AZ149: 6.61 | BA149: 179.55
A150: 31 | B150: =AA150+$BA150+$AZ150+$AY150 -> 0 | C150: =AB150+$BA150+$AZ150+$AY150 -> 0 | D150: =AC150+$BA150+$AZ150+$AY150 -> 0 | E150: =AD150+$BA150+$AZ150+$AY150 -> 0 | F150: =AE150+$BA150+$AZ150+$AY150 -> 0 | G150: =AF150+$BA150+$AZ150+$AY150 -> 0 | H150: =AG150+$BA150+$AZ150+$AY150 -> 0 | I150: =AH150+$BA150+$AZ150+$AY150 -> 0 | ... Y150: =AX150+$BA150+$AZ150+$AY150 -> 0 | AA150: 0 | AB150: 0 | AC150: 0 | AD150: 0 | AE150: 0 | AF150: 0 | AG150: 0 | AH150: 0 | AI150: 0 | AJ150: 0 | AK150: 0 | AL150: 0 | AM150: 0 | AN150: 0 | AO150: 0 | AP150: 0 | AQ150: 0 | AR150: 0 | AS150: 0 | AT150: 0 | AU150: 0 | AV150: 0 | AW150: 0 | AX150: 0 | AY150: 0 | AZ150: 0
AA151: =SUM(AA120:AX150) -> 1120067.7
A152: Дата | B152: Ставка для фактических почасовых объемов покупки электрической энергии, отпущенных на уровне напряжения СН2 по договору энергоснабжения | AA152: Структура нерегулируемой цены в соответствии с требованиями п.92 Основных положений функционирования розничных рынков электрической энергии, утвержденных Постановлением Правительства РФ от 04.05.2012 №442
B153: (рублей/МВт·ч без НДС) | AA153: Дифференцированная по часам расчетного периода нерегулируемая цена на э/э на ОРЭМ, определяемая по результатам конкурентного отбора ценовых заявок на сутки вперед и конкурентного отбора заявок для балансирования системы, руб./МВт·ч без НДС | AY153: =AY117 -> Сбытовая надбавка | AZ153: Плата за иные услуги, оказание которых является неотъемлемой частью процесса поставки электрической энергии потребителям | BA153: =BA117 -> Тарифы на услуги по передаче электроэнергии, ставка на оплату технологического расхода (потерь) в электрических сетях
B154: 0:00 - 1:00 | C154: 1:00 - 2:00 | D154: 2:00 - 3:00 | E154: 3:00 - 4:00 | F154: 4:00 - 5:00 | G154: 5:00- 6:00 | H154: 6:00 - 7:00 | I154: 7:00- 8:00 | J154: 8:00 - 9:00 | K154: 9:00 - 10:00 | L154: 10:00 - 11:00 | M154: 11:00 - 12:00 | N154: 12:00 - 13:00 | O154: 13:00 - 14:00 | P154: 14:00 - 15:00 | Q154: 15:00 - 16:00 | R154: 16:00 - 17:00 | S154: 17:00 -18:00 | T154: 18:00 - 19:00 | U154: 19:00 - 20:00 | V154: 20:00 - 21:00 | W154: 21:00 - 22:00 | X154: 22:00 - 23:00 | Y154: 23:00 - 24:00 | AA154: 0:00 - 1:00 | AB154: 1:00 - 2:00 | AC154: 2:00 - 3:00 | AD154: 3:00 - 4:00 | AE154: 4:00 - 5:00 | AF154: 5:00- 6:00 | AG154: 6:00 - 7:00 | AH154: 7:00- 8:00 | AI154: 8:00 - 9:00 | AJ154: 9:00 - 10:00 | AK154: 10:00 - 11:00 | AL154: 11:00 - 12:00 | AM154: 12:00 - 13:00 | AN154: 13:00 - 14:00 | AO154: 14:00 - 15:00 | AP154: 15:00 - 16:00 | AQ154: 16:00 - 17:00 | AR154: 17:00 -18:00 | AS154: 18:00 - 19:00 | AT154: 19:00 - 20:00 | AU154: 20:00 - 21:00 | AV154: 21:00 - 22:00 | AW154: 22:00 - 23:00 | AX154: 23:00 - 24:00 | BA154: СН2
A155: 1=2+3+4+5 | AA155: 2 | AY155: 3 | AZ155: 4 | BA155: 5
A156: 1 | B156: =AA156+$BA156+$AZ156+$AY156 -> 1591.28 | C156: =AB156+$BA156+$AZ156+$AY156 -> 1582.2 | D156: =AC156+$BA156+$AZ156+$AY156 -> 1549.95 | E156: =AD156+$BA156+$AZ156+$AY156 -> 1377 | F156: =AE156+$BA156+$AZ156+$AY156 -> 1574.24 | G156: =AF156+$BA156+$AZ156+$AY156 -> 1577.41 | H156: =AG156+$BA156+$AZ156+$AY156 -> 2349.8 | I156: =AH156+$BA156+$AZ156+$AY156 -> 2640.59 | ... Y156: =AX156+$BA156+$AZ156+$AY156 -> 1859.59 | AA156: 368 | AB156: 358.92 | AC156: 326.67 | AD156: 153.72 | AE156: 350.96 | AF156: 354.13 | AG156: 1126.52 | AH156: 1417.31 | AI156: 1537.64 | AJ156: 1601.19 | AK156: 1601.14 | AL156: 1590.89 | AM156: 1573.52 | AN156: 1571.08 | AO156: 1564.86 | AP156: 1523.25 | AQ156: 1526.74 | AR156: 1553.33 | AS156: 1868.82 | AT156: 1868.59 | AU156: 1875.17 | AV156: 1497.57 | AW156: 1216.83 | AX156: 636.31 | AY156: 784.22 | AZ156: 6.61 | BA156: 432.45
A157: 2 | B157: =AA157+$BA157+$AZ157+$AY157 -> 1579.98 | C157: =AB157+$BA157+$AZ157+$AY157 -> 1527.23 | D157: =AC157+$BA157+$AZ157+$AY157 -> 1241.94 | E157: =AD157+$BA157+$AZ157+$AY157 -> 1241.94 | F157: =AE157+$BA157+$AZ157+$AY157 -> 1241.97 | G157: =AF157+$BA157+$AZ157+$AY157 -> 1563.12 | H157: =AG157+$BA157+$AZ157+$AY157 -> 2337.94 | I157: =AH157+$BA157+$AZ157+$AY157 -> 2664.91 | ... Y157: =AX157+$BA157+$AZ157+$AY157 -> 2333.21 | AA157: 356.7 | AB157: 303.95 | AC157: 18.66 | AD157: 18.66 | AE157: 18.69 | AF157: 339.84 | AG157: 1114.66 | AH157: 1441.63 | AI157: 1724.19 | AJ157: 1875.08 | AK157: 1878.94 | AL157: 1874.3 | AM157: 1861.95 | AN157: 1863.3 | AO157: 1866.86 | AP157: 1867.15 | AQ157: 1874.42 | AR157: 1932.77 | AS157: 1979.66 | AT157: 1975.66 | AU157: 1923.23 | AV157: 1901.03 | AW157: 1368.78 | AX157: 1109.93 | AY157: 784.22 | AZ157: 6.61 | BA157: 432.45
A158: 3 | B158: =AA158+$BA158+$AZ158+$AY158 -> 2167.31 | C158: =AB158+$BA158+$AZ158+$AY158 -> 1812.12 | D158: =AC158+$BA158+$AZ158+$AY158 -> 1551.92 | E158: =AD158+$BA158+$AZ158+$AY158 -> 1519.09 | F158: =AE158+$BA158+$AZ158+$AY158 -> 2110.7 | G158: =AF158+$BA158+$AZ158+$AY158 -> 2213.79 | H158: =AG158+$BA158+$AZ158+$AY158 -> 2444.01 | I158: =AH158+$BA158+$AZ158+$AY158 -> 2765.72 | ... Y158: =AX158+$BA158+$AZ158+$AY158 -> 2572.55 | AA158: 944.03 | AB158: 588.84 | AC158: 328.64 | AD158: 295.81 | AE158: 887.42 | AF158: 990.51 | AG158: 1220.73 | AH158: 1542.44 | AI158: 1914.02 | AJ158: 1970.43 | AK158: 1978.47 | AL158: 1947.43 | AM158: 1925.99 | AN158: 1926.38 | AO158: 1927.38 | AP158: 1925.9 | AQ158: 1944.64 | AR158: 2013.39 | AS158: 2059.78 | AT158: 2087.25 | AU158: 2030.65 | AV158: 2003.62 | AW158: 1895.68 | AX158: 1349.27 | AY158: 784.22 | AZ158: 6.61 | BA158: 432.45
A159: 4 | B159: =AA159+$BA159+$AZ159+$AY159 -> 2511.92 | C159: =AB159+$BA159+$AZ159+$AY159 -> 2356.62 | D159: =AC159+$BA159+$AZ159+$AY159 -> 2282.62 | E159: =AD159+$BA159+$AZ159+$AY159 -> 2232.29 | F159: =AE159+$BA159+$AZ159+$AY159 -> 2256.72 | G159: =AF159+$BA159+$AZ159+$AY159 -> 2350 | H159: =AG159+$BA159+$AZ159+$AY159 -> 2471.9 | I159: =AH159+$BA159+$AZ159+$AY159 -> 2585.8 | ... Y159: =AX159+$BA159+$AZ159+$AY159 -> 2559.33 | AA159: 1288.64 | AB159: 1133.34 | AC159: 1059.34 | AD159: 1009.01 | AE159: 1033.44 | AF159: 1126.72 | AG159: 1248.62 | AH159: 1362.52 | AI159: 1857.33 | AJ159: 1912.26 | AK159: 1928.43 | AL159: 1916.26 | AM159: 1914.85 | AN159: 1902.23 | AO159: 1919.54 | AP159: 1931.44 | AQ159: 1954.51 | AR159: 2050.97 | AS159: 2065.6 | AT159: 2073.72 | AU159: 2058.24 | AV159: 1948.69 | AW159: 1865.83 | AX159: 1336.05 | AY159: 784.22 | AZ159: 6.61 | BA159: 432.45
A160: 5 | B160: =AA160+$BA160+$AZ160+$AY160 -> 2428.05 | C160: =AB160+$BA160+$AZ160+$AY160 -> 2320.81 | D160: =AC160+$BA160+$AZ160+$AY160 -> 2271.13 | E160: =AD160+$BA160+$AZ160+$AY160 -> 2333.41 | F160: =AE160+$BA160+$AZ160+$AY160 -> 2356.66 | G160: =AF160+$BA160+$AZ160+$AY160 -> 2588.87 | H160: =AG160+$BA160+$AZ160+$AY160 -> 2557.1 | I160: =AH160+$BA160+$AZ160+$AY160 -> 2653.91 | ... Y160: =AX160+$BA160+$AZ160+$AY160 -> 2563.17 | AA160: 1204.77 | AB160: 1097.53 | AC160: 1047.85 | AD160: 1110.13 | AE160: 1133.38 | AF160: 1365.59 | AG160: 1333.82 | AH160: 1430.63 | AI160: 1817.89 | AJ160: 1863.59 | AK160: 1867.9 | AL160: 1870.72 | AM160: 1867.57 | AN160: 1863.76 | AO160: 1868.68 | AP160: 1868.44 | AQ160: 1882.2 | AR160: 1931.31 | AS160: 1944.73 | AT160: 1947.47 | AU160: 1921.81 | AV160: 1886.6 | AW160: 1764.88 | AX160: 1339.89 | AY160: 784.22 | AZ160: 6.61 | BA160: 432.45
A161: 6 | B161: =AA161+$BA161+$AZ161+$AY161 -> 2346.12 | C161: =AB161+$BA161+$AZ161+$AY161 -> 2274.88 | D161: =AC161+$BA161+$AZ161+$AY161 -> 2220.18 | E161: =AD161+$BA161+$AZ161+$AY161 -> 2180.8 | F161: =AE161+$BA161+$AZ161+$AY161 -> 2189.1 | G161: =AF161+$BA161+$AZ161+$AY161 -> 2229.89 | H161: =AG161+$BA161+$AZ161+$AY161 -> 2266.33 | I161: =AH161+$BA161+$AZ161+$AY161 -> 2375.91 | ... Y161: =AX161+$BA161+$AZ161+$AY161 -> 2477.99 | AA161: 1122.84 | AB161: 1051.6 | AC161: 996.9 | AD161: 957.52 | AE161: 965.82 | AF161: 1006.61 | AG161: 1043.05 | AH161: 1152.63 | AI161: 1347.87 | AJ161: 1809.73 | AK161: 1830.64 | AL161: 1827.75 | AM161: 1804.08 | AN161: 1797.03 | AO161: 1801.84 | AP161: 1808.09 | AQ161: 1832.21 | AR161: 1863.16 | AS161: 1880.02 | AT161: 1868.19 | AU161: 1865.11 | AV161: 1855.01 | AW161: 1365.13 | AX161: 1254.71 | AY161: 784.22 | AZ161: 6.61 | BA161: 432.45
A162: 7 | B162: =AA162+$BA162+$AZ162+$AY162 -> 2238.63 | C162: =AB162+$BA162+$AZ162+$AY162 -> 2095.75 | D162: =AC162+$BA162+$AZ162+$AY162 -> 2093.25 | E162: =AD162+$BA162+$AZ162+$AY162 -> 1959.17 | F162: =AE162+$BA162+$AZ162+$AY162 -> 2152.44 | G162: =AF162+$BA162+$AZ162+$AY162 -> 2235.18 | H162: =AG162+$BA162+$AZ162+$AY162 -> 2367.9 | I162: =AH162+$BA162+$AZ162+$AY162 -> 2665.3 | ... Y162: =AX162+$BA162+$AZ162+$AY162 -> 2365.55 | AA162: 1015.35 | AB162: 872.47 | AC162: 869.97 | AD162: 735.89 | AE162: 929.16 | AF162: 1011.9 | AG162: 1144.62 | AH162: 1442.02 | AI162: 1857.87 | AJ162: 1927.25 | AK162: 1938.27 | AL162: 1919.18 | AM162: 1888.73 | AN162: 1899.53 | AO162: 1892.31 | AP162: 1901.21 | AQ162: 1918.26 | AR162: 1941.93 | AS162: 1973.75 | AT162: 1984.49 | AU162: 1923.71 | AV162: 1869.73 | AW162: 1375.22 | AX162: 1142.27 | AY162: 784.22 | AZ162: 6.61 | BA162: 432.45
A163: 8 | B163: =AA163+$BA163+$AZ163+$AY163 -> 2195.09 | C163: =AB163+$BA163+$AZ163+$AY163 -> 1880.55 | D163: =AC163+$BA163+$AZ163+$AY163 -> 1823.62 | E163: =AD163+$BA163+$AZ163+$AY163 -> 1796.94 | F163: =AE163+$BA163+$AZ163+$AY163 -> 2097.31 | G163: =AF163+$BA163+$AZ163+$AY163 -> 2190.81 | H163: =AG163+$BA163+$AZ163+$AY163 -> 2372.8 | I163: =AH163+$BA163+$AZ163+$AY163 -> 2663.03 | ... Y163: =AX163+$BA163+$AZ163+$AY163 -> 2348.09 | AA163: 971.81 | AB163: 657.27 | AC163: 600.34 | AD163: 573.66 | AE163: 874.03 | AF163: 967.53 | AG163: 1149.52 | AH163: 1439.75 | AI163: 1856.86 | AJ163: 1921.66 | AK163: 1915.9 | AL163: 1899.12 | AM163: 1880.73 | AN163: 1893.26 | AO163: 1902.12 | AP163: 1910.55 | AQ163: 1917.8 | AR163: 1924.18 | AS163: 1953.73 | AT163: 1955.8 | AU163: 1897.34 | AV163: 1823.96 | AW163: 1336.19 | AX163: 1124.81 | AY163: 784.22 | AZ163: 6.61 | BA163: 432.45
A164: 9 | B164: =AA164+$BA164+$AZ164+$AY164 -> 2235.22 | C164: =AB164+$BA164+$AZ164+$AY164 -> 2153.29 | D164: =AC164+$BA164+$AZ164+$AY164 -> 2068.04 | E164: =AD164+$BA164+$AZ164+$AY164 -> 1918.01 | F164: =AE164+$BA164+$AZ164+$AY164 -> 2166.14 | G164: =AF164+$BA164+$AZ164+$AY164 -> 2272.44 | H164: =AG164+$BA164+$AZ164+$AY164 -> 2473.59 | I164: =AH164+$BA164+$AZ164+$AY164 -> 2792.71 | ... Y164: =AX164+$BA164+$AZ164+$AY164 -> 2448.24 | AA164: 1011.94 | AB164: 930.01 | AC164: 844.76 | AD164: 694.73 | AE164: 942.86 | AF164: 1049.16 | AG164: 1250.31 | AH164: 1569.43 | AI164: 1948.63 | AJ164: 2045.66 | AK164: 2045.01 | AL164: 2036.19 | AM164: 2026.77 | AN164: 2021.65 | AO164: 2033.71 | AP164: 2035.26 | AQ164: 2041.82 | AR164: 2077.7 | AS164: 2094.79 | AT164: 2066.55 | AU164: 2050.99 | AV164: 1947.99 | AW164: 1654.37 | AX164: 1224.96 | AY164: 784.22 | AZ164: 6.61 | BA164: 432.45
A165: 10 | B165: =AA165+$BA165+$AZ165+$AY165 -> 2268.48 | C165: =AB165+$BA165+$AZ165+$AY165 -> 2168.98 | D165: =AC165+$BA165+$AZ165+$AY165 -> 2117.43 | E165: =AD165+$BA165+$AZ165+$AY165 -> 1850.53 | F165: =AE165+$BA165+$AZ165+$AY165 -> 2166.26 | G165: =AF165+$BA165+$AZ165+$AY165 -> 2298.52 | H165: =AG165+$BA165+$AZ165+$AY165 -> 2527.48 | I165: =AH165+$BA165+$AZ165+$AY165 -> 2929.22 | ... Y165: =AX165+$BA165+$AZ165+$AY165 -> 2394.69 | AA165: 1045.2 | AB165: 945.7 | AC165: 894.15 | AD165: 627.25 | AE165: 942.98 | AF165: 1075.24 | AG165: 1304.2 | AH165: 1705.94 | AI165: 1962.11 | AJ165: 2012.77 | AK165: 2031.56 | AL165: 2016.54 | AM165: 1972.36 | AN165: 1985.78 | AO165: 2004.64 | AP165: 2020.34 | AQ165: 2033.95 | AR165: 2080.24 | AS165: 2099.48 | AT165: 2093.27 | AU165: 2060.99 | AV165: 1979.05 | AW165: 1432.28 | AX165: 1171.41 | AY165: 784.22 | AZ165: 6.61 | BA165: 432.45
A166: 11 | B166: =AA166+$BA166+$AZ166+$AY166 -> 2260.17 | C166: =AB166+$BA166+$AZ166+$AY166 -> 2172.48 | D166: =AC166+$BA166+$AZ166+$AY166 -> 2042.82 | E166: =AD166+$BA166+$AZ166+$AY166 -> 1811.87 | F166: =AE166+$BA166+$AZ166+$AY166 -> 2169.09 | G166: =AF166+$BA166+$AZ166+$AY166 -> 2343.68 | H166: =AG166+$BA166+$AZ166+$AY166 -> 2632.83 | I166: =AH166+$BA166+$AZ166+$AY166 -> 3081.01 | ... Y166: =AX166+$BA166+$AZ166+$AY166 -> 2489.02 | AA166: 1036.89 | AB166: 949.2 | AC166: 819.54 | AD166: 588.59 | AE166: 945.81 | AF166: 1120.4 | AG166: 1409.55 | AH166: 1857.73 | AI166: 2047.91 | AJ166: 2079.61 | AK166: 2076.3 | AL166: 2064.58 | AM166: 2033.25 | AN166: 2042.55 | AO166: 2047.86 | AP166: 2051.64 | AQ166: 2061.18 | AR166: 2099.12 | AS166: 2115.48 | AT166: 2091.77 | AU166: 2081.04 | AV166: 2044.46 | AW166: 1831.88 | AX166: 1265.74 | AY166: 784.22 | AZ166: 6.61 | BA166: 432.45
A167: 12 | B167: =AA167+$BA167+$AZ167+$AY167 -> 2344.89 | C167: =AB167+$BA167+$AZ167+$AY167 -> 2219.14 | D167: =AC167+$BA167+$AZ167+$AY167 -> 2169.92 | E167: =AD167+$BA167+$AZ167+$AY167 -> 2142.02 | F167: =AE167+$BA167+$AZ167+$AY167 -> 2164.71 | G167: =AF167+$BA167+$AZ167+$AY167 -> 2229.09 | H167: =AG167+$BA167+$AZ167+$AY167 -> 2346.33 | I167: =AH167+$BA167+$AZ167+$AY167 -> 2465.36 | ... Y167: =AX167+$BA167+$AZ167+$AY167 -> 2528.3 | AA167: 1121.61 | AB167: 995.86 | AC167: 946.64 | AD167: 918.74 | AE167: 941.43 | AF167: 1005.81 | AG167: 1123.05 | AH167: 1242.08 | AI167: 1838.54 | AJ167: 1943.92 | AK167: 1959.58 | AL167: 1955.52 | AM167: 1940.78 | AN167: 1924.34 | AO167: 1934.85 | AP167: 1952.95 | AQ167: 1991.66 | AR167: 2058.83 | AS167: 2082.11 | AT167: 2064.67 | AU167: 2014.69 | AV167: 1971.5 | AW167: 1928.13 | AX167: 1305.02 | AY167: 784.22 | AZ167: 6.61 | BA167: 432.45
... A185: 30 | B185: =AA185+$BA185+$AZ185+$AY185 -> 2176.52 | C185: =AB185+$BA185+$AZ185+$AY185 -> 2071.46 | D185: =AC185+$BA185+$AZ185+$AY185 -> 2000.24 | E185: =AD185+$BA185+$AZ185+$AY185 -> 1971.39 | F185: =AE185+$BA185+$AZ185+$AY185 -> 2059.97 | G185: =AF185+$BA185+$AZ185+$AY185 -> 2251.4 | H185: =AG185+$BA185+$AZ185+$AY185 -> 2408.42 | I185: =AH185+$BA185+$AZ185+$AY185 -> 2730.26 | ... Y185: =AX185+$BA185+$AZ185+$AY185 -> 2255.22 | AA185: 953.24 | AB185: 848.18 | AC185: 776.96 | AD185: 748.11 | AE185: 836.69 | AF185: 1028.12 | AG185: 1185.14 | AH185: 1506.98 | AI185: 1880.61 | AJ185: 1927.44 | AK185: 1935.59 | AL185: 1915.16 | AM185: 1896.57 | AN185: 1896.53 | AO185: 1894.32 | AP185: 1927.55 | AQ185: 1925 | AR185: 1965.72 | AS185: 1939 | AT185: 2011.88 | AU185: 1919.98 | AV185: 1886.75 | AW185: 1746.38 | AX185: 1031.94 | AY185: 784.22 | AZ185: 6.61 | BA185: 432.45
A186: 31 | B186: =AA186+$BA186+$AZ186+$AY186 -> 0 | C186: =AB186+$BA186+$AZ186+$AY186 -> 0 | D186: =AC186+$BA186+$AZ186+$AY186 -> 0 | E186: =AD186+$BA186+$AZ186+$AY186 -> 0 | F186: =AE186+$BA186+$AZ186+$AY186 -> 0 | G186: =AF186+$BA186+$AZ186+$AY186 -> 0 | H186: =AG186+$BA186+$AZ186+$AY186 -> 0 | I186: =AH186+$BA186+$AZ186+$AY186 -> 0 | ... Y186: =AX186+$BA186+$AZ186+$AY186 -> 0 | AA186: 0 | AB186: 0 | AC186: 0 | AD186: 0 | AE186: 0 | AF186: 0 | AG186: 0 | AH186: 0 | AI186: 0 | AJ186: 0 | AK186: 0 | AL186: 0 | AM186: 0 | AN186: 0 | AO186: 0 | AP186: 0 | AQ186: 0 | AR186: 0 | AS186: 0 | AT186: 0 | AU186: 0 | AV186: 0 | AW186: 0 | AX186: 0 | AY186: 0 | AZ186: 0
AA187: =SUM(AA156:AX186) -> 1120067.7
...

Sheet 5_ЦК
A1: Предельные уровни нерегулируемых цен на электрическую энергию (мощность), поставляемую
A2: =Шапка -> покупателям (потребителям) АО «НЭСК» в ноябре 2022г.
A3: V. Пятая ценовая категория
A4: (для объемов покупки э/э(мощности), в отношении которых за расчетный период осуществляются почасовое планирование и учет, а стоимость услуг по передаче э/э определяется по тарифу на услуги по передаче электрической энергии в одноставочном выражении)
A5: 1. Потребители с максимальной мощностью энергопринимающих устройств менее 670 кВт | AA5: Потребители с максимальной мощностью энергопринимающих устройств менее 670 кВт
A6: 1.1. Ставка за электрическую энергию предельного уровня нерегулируемых цен
A8: Дата | B8: Ставка для фактических почасовых объемов покупки электрической энергии (по договору купли-продажи) | AA8: Структура нерегулируемой цены в соответствии с требованиями п.93 Основных положений функционирования розничных рынков электрической энергии, утвержденных Постановлением Правительства РФ от 04.05.2012 №442
B9: (рублей/МВт·ч без НДС) | AA9: Дифференцированная по часам расчетного периода нерегулируемая цена на электрическую энергию на оптовом рынке, определяемая коммерческим оператором оптового рынка по результатам конкурентного отбора ценовых заявок на сутки вперед , руб./МВт·ч без НДС | AY9: Сбытовая надбавка | AZ9: Плата за иные услуги, оказание которых является неотъемлемой частью процесса поставки электрической энергии потребителям
B10: 0:00 - 1:00 | C10: 1:00 - 2:00 | D10: 2:00 - 3:00 | E10: 3:00 - 4:00 | F10: 4:00 - 5:00 | G10: 5:00- 6:00 | H10: 6:00 - 7:00 | I10: 7:00- 8:00 | J10: 8:00 - 9:00 | K10: 9:00 - 10:00 | L10: 10:00 - 11:00 | M10: 11:00 - 12:00 | N10: 12:00 - 13:00 | O10: 13:00 - 14:00 | P10: 14:00 - 15:00 | Q10: 15:00 - 16:00 | R10: 16:00 - 17:00 | S10: 17:00 -18:00 | T10: 18:00 - 19:00 | U10: 19:00 - 20:00 | V10: 20:00 - 21:00 | W10: 21:00 - 22:00 | X10: 22:00 - 23:00 | Y10: 23:00 - 24:00 | AA10: 0:00 - 1:00 | AB10: 1:00 - 2:00 | AC10: 2:00 - 3:00 | AD10: 3:00 - 4:00 | AE10: 4:00 - 5:00 | AF10: 5:00- 6:00 | AG10: 6:00 - 7:00 | AH10: 7:00- 8:00 | AI10: 8:00 - 9:00 | AJ10: 9:00 - 10:00 | AK10: 10:00 - 11:00 | AL10: 11:00 - 12:00 | AM10: 12:00 - 13:00 | AN10: 13:00 - 14:00 | AO10: 14:00 - 15:00 | AP10: 15:00 - 16:00 | AQ10: 16:00 - 17:00 | AR10: 17:00 -18:00 | AS10: 18:00 - 19:00 | AT10: 19:00 - 20:00 | AU10: 20:00 - 21:00 | AV10: 21:00 - 22:00 | AW10: 22:00 - 23:00 | AX10: 23:00 - 24:00
A11: 1=2+3+4 | AA11: 2 | AY11: 3 | AZ11: 4
A12: 1 | B12: =AA12+$BA12+$AZ12+$AY12 -> 1140.1 | C12: =AB12+$BA12+$AZ12+$AY12 -> 1131.02 | D12: =AC12+$BA12+$AZ12+$AY12 -> 1098.84 | E12: =AD12+$BA12+$AZ12+$AY12 -> 925.94 | F12: =AE12+$BA12+$AZ12+$AY12 -> 1123.16 | G12: =AF12+$BA12+$AZ12+$AY12 -> 1126.27 | H12: =AG12+$BA12+$AZ12+$AY12 -> 1898.66 | I12: =AH12+$BA12+$AZ12+$AY12 -> 2189.48 | ... Y12: =AX12+$BA12+$AZ12+$AY12 -> 1408.04 | AA12: 349.27 | AB12: 340.19 | AC12: 308.01 | AD12: 135.11 | AE12: 332.33 | AF12: 335.44 | AG12: 1107.83 | AH12: 1398.65 | AI12: 1518.93 | AJ12: 1582.11 | AK12: 1582.12 | AL12: 1572.22 | AM12: 1555.08 | AN12: 1552.38 | AO12: 1546 | AP12: 1504.52 | AQ12: 1508.08 | AR12: 1534.03 | AS12: 1846.28 | AT12: 1846.43 | AU12: 1854.04 | AV12: 1476.46 | AW12: 1197.66 | AX12: 617.21 | AY12: 784.22 | AZ12: 6.61
A13: 2 | B13: =AA13+$BA13+$AZ13+$AY13 -> 1128.72 | C13: =AB13+$BA13+$AZ13+$AY13 -> 1076.02 | D13: =AC13+$BA13+$AZ13+$AY13 -> 790.83 | E13: =AD13+$BA13+$AZ13+$AY13 -> 790.83 | F13: =AE13+$BA13+$AZ13+$AY13 -> 790.86 | G13: =AF13+$BA13+$AZ13+$AY13 -> 1111.89 | H13: =AG13+$BA13+$AZ13+$AY13 -> 1886.19 | I13: =AH13+$BA13+$AZ13+$AY13 -> 2212.73 | ... Y13: =AX13+$BA13+$AZ13+$AY13 -> 1881.81 | AA13: 337.89 | AB13: 285.19 | AC13: 0 | AD13: 0 | AE13: 0.03 | AF13: 321.06 | AG13: 1095.36 | AH13: 1421.9 | AI13: 1704.75 | AJ13: 1855.01 | AK13: 1858.7 | AL13: 1854.17 | AM13: 1842.36 | AN13: 1843.67 | AO13: 1847.24 | AP13: 1847.73 | AQ13: 1854.78 | AR13: 1913.04 | AS13: 1956.11 | AT13: 1952.65 | AU13: 1902.52 | AV13: 1880.27 | AW13: 1349.75 | AX13: 1090.98 | AY13: 784.22 | AZ13: 6.61
A14: 3 | B14: =AA14+$BA14+$AZ14+$AY14 -> 1715.99 | C14: =AB14+$BA14+$AZ14+$AY14 -> 1360.93 | D14: =AC14+$BA14+$AZ14+$AY14 -> 1100.79 | E14: =AD14+$BA14+$AZ14+$AY14 -> 1067.98 | F14: =AE14+$BA14+$AZ14+$AY14 -> 1659.58 | G14: =AF14+$BA14+$AZ14+$AY14 -> 1762.62 | H14: =AG14+$BA14+$AZ14+$AY14 -> 1992.59 | I14: =AH14+$BA14+$AZ14+$AY14 -> 2314.22 | ... Y14: =AX14+$BA14+$AZ14+$AY14 -> 2121.14 | AA14: 925.16 | AB14: 570.1 | AC14: 309.96 | AD14: 277.15 | AE14: 868.75 | AF14: 971.79 | AG14: 1201.76 | AH14: 1523.39 | AI14: 1895.21 | AJ14: 1951.36 | AK14: 1958.83 | AL14: 1927.04 | AM14: 1905.57 | AN14: 1906.07 | AO14: 1907.09 | AP14: 1905.48 | AQ14: 1924.56 | AR14: 1993.7 | AS14: 2038.01 | AT14: 2067.29 | AU14: 2010.66 | AV14: 1983.97 | AW14: 1876.66 | AX14: 1330.31 | AY14: 784.22 | AZ14: 6.61
A15: 4 | B15: =AA15+$BA15+$AZ15+$AY15 -> 2060.28 | C15: =AB15+$BA15+$AZ15+$AY15 -> 1905.12 | D15: =AC15+$BA15+$AZ15+$AY15 -> 1831.28 | E15: =AD15+$BA15+$AZ15+$AY15 -> 1781.01 | F15: =AE15+$BA15+$AZ15+$AY15 -> 1805.45 | G15: =AF15+$BA15+$AZ15+$AY15 -> 1898.62 | H15: =AG15+$BA15+$AZ15+$AY15 -> 2020.05 | I15: =AH15+$BA15+$AZ15+$AY15 -> 2133.33 | ... Y15: =AX15+$BA15+$AZ15+$AY15 -> 2108.11 | AA15: 1269.45 | AB15: 1114.29 | AC15: 1040.45 | AD15: 990.18 | AE15: 1014.62 | AF15: 1107.79 | AG15: 1229.22 | AH15: 1342.5 | AI15: 1836.93 | AJ15: 1892.68 | AK15: 1909.14 | AL15: 1897.4 | AM15: 1896.12 | AN15: 1882.65 | AO15: 1899.83 | AP15: 1912.37 | AQ15: 1936.21 | AR15: 2032.98 | AS15: 2045.59 | AT15: 2052.76 | AU15: 2037.52 | AV15: 1927.86 | AW15: 1846.79 | AX15: 1317.28 | AY15: 784.22 | AZ15: 6.61
A16: 5 | B16: =AA16+$BA16+$AZ16+$AY16 -> 1976.57 | C16: =AB16+$BA16+$AZ16+$AY16 -> 1869.24 | D16: =AC16+$BA16+$AZ16+$AY16 -> 1819.57 | E16: =AD16+$BA16+$AZ16+$AY16 -> 1882.15 | F16: =AE16+$BA16+$AZ16+$AY16 -> 1905.44 | G16: =AF16+$BA16+$AZ16+$AY16 -> 2138.22 | H16: =AG16+$BA16+$AZ16+$AY16 -> 2105.43 | I16: =AH16+$BA16+$AZ16+$AY16 -> 2202.17 | ... Y16: =AX16+$BA16+$AZ16+$AY16 -> 2111.79 | AA16: 1185.74 | AB16: 1078.41 | AC16: 1028.74 | AD16: 1091.32 | AE16: 1114.61 | AF16: 1347.39 | AG16: 1314.6 | AH16: 1411.34 | AI16: 1798.74 | AJ16: 1844.16 | AK16: 1848.94 | AL16: 1851.66 | AM16: 1848.33 | AN16: 1844.77 | AO16: 1849.37 | AP16: 1849.08 | AQ16: 1862.74 | AR16: 1912.05 | AS16: 1921.74 | AT16: 1923.48 | AU16: 1898.74 | AV16: 1862.83 | AW16: 1745.73 | AX16: 1320.96 | AY16: 784.22 | AZ16: 6.61
A17: 6 | B17: =AA17+$BA17+$AZ17+$AY17 -> 1894.58 | C17: =AB17+$BA17+$AZ17+$AY17 -> 1823.34 | D17: =AC17+$BA17+$AZ17+$AY17 -> 1768.65 | E17: =AD17+$BA17+$AZ17+$AY17 -> 1729.2 | F17: =AE17+$BA17+$AZ17+$AY17 -> 1737.46 | G17: =AF17+$BA17+$AZ17+$AY17 -> 1778.28 | H17: =AG17+$BA17+$AZ17+$AY17 -> 1813.97 | I17: =AH17+$BA17+$AZ17+$AY17 -> 1923.34 | ... Y17: =AX17+$BA17+$AZ17+$AY17 -> 2025.95 | AA17: 1103.75 | AB17: 1032.51 | AC17: 977.82 | AD17: 938.37 | AE17: 946.63 | AF17: 987.45 | AG17: 1023.14 | AH17: 1132.51 | AI17: 1327.91 | AJ17: 1789.16 | AK17: 1810.12 | AL17: 1807.68 | AM17: 1784.16 | AN17: 1777.29 | AO17: 1782.27 | AP17: 1788.21 | AQ17: 1811.65 | AR17: 1842.28 | AS17: 1854.35 | AT17: 1842.68 | AU17: 1839 | AV17: 1827.61 | AW17: 1345.49 | AX17: 1235.12 | AY17: 784.22 | AZ17: 6.61
A18: 7 | B18: =AA18+$BA18+$AZ18+$AY18 -> 1786.76 | C18: =AB18+$BA18+$AZ18+$AY18 -> 1644.03 | D18: =AC18+$BA18+$AZ18+$AY18 -> 1641.6 | E18: =AD18+$BA18+$AZ18+$AY18 -> 1507.66 | F18: =AE18+$BA18+$AZ18+$AY18 -> 1700.79 | G18: =AF18+$BA18+$AZ18+$AY18 -> 1783.24 | H18: =AG18+$BA18+$AZ18+$AY18 -> 1914.07 | I18: =AH18+$BA18+$AZ18+$AY18 -> 2211.85 | ... Y18: =AX18+$BA18+$AZ18+$AY18 -> 1913.42 | AA18: 995.93 | AB18: 853.2 | AC18: 850.77 | AD18: 716.83 | AE18: 909.96 | AF18: 992.41 | AG18: 1123.24 | AH18: 1421.02 | AI18: 1837.12 | AJ18: 1906.06 | AK18: 1917.2 | AL18: 1898.14 | AM18: 1867.98 | AN18: 1878.65 | AO18: 1871.81 | AP18: 1881 | AQ18: 1897.93 | AR18: 1921.16 | AS18: 1948.46 | AT18: 1958.95 | AU18: 1898.53 | AV18: 1843.91 | AW18: 1355.49 | AX18: 1122.59 | AY18: 784.22 | AZ18: 6.61
A19: 8 | B19: =AA19+$BA19+$AZ19+$AY19 -> 1743.4 | C19: =AB19+$BA19+$AZ19+$AY19 -> 1429.02 | D19: =AC19+$BA19+$AZ19+$AY19 -> 1372.02 | E19: =AD19+$BA19+$AZ19+$AY19 -> 1345.34 | F19: =AE19+$BA19+$AZ19+$AY19 -> 1645.48 | G19: =AF19+$BA19+$AZ19+$AY19 -> 1739.06 | H19: =AG19+$BA19+$AZ19+$AY19 -> 1920.51 | I19: =AH19+$BA19+$AZ19+$AY19 -> 2210.74 | ... Y19: =AX19+$BA19+$AZ19+$AY19 -> 1896.72 | AA19: 952.57 | AB19: 638.19 | AC19: 581.19 | AD19: 554.51 | AE19: 854.65 | AF19: 948.23 | AG19: 1129.68 | AH19: 1419.91 | AI19: 1837.37 | AJ19: 1902.29 | AK19: 1896.66 | AL19: 1879.62 | AM19: 1861.46 | AN19: 1874.19 | AO19: 1882.86 | AP19: 1891.57 | AQ19: 1898.59 | AR19: 1904.45 | AS19: 1932.24 | AT19: 1934.6 | AU19: 1876.53 | AV19: 1803.12 | AW19: 1317.19 | AX19: 1105.89 | AY19: 784.22 | AZ19: 6.61
A20: 9 | B20: =AA20+$BA20+$AZ20+$AY20 -> 1783.83 | C20: =AB20+$BA20+$AZ20+$AY20 -> 1701.78 | D20: =AC20+$BA20+$AZ20+$AY20 -> 1616.52 | E20: =AD20+$BA20+$AZ20+$AY20 -> 1466.53 | F20: =AE20+$BA20+$AZ20+$AY20 -> 1714.61 | G20: =AF20+$BA20+$AZ20+$AY20 -> 1821 | H20: =AG20+$BA20+$AZ20+$AY20 -> 2021.84 | I20: =AH20+$BA20+$AZ20+$AY20 -> 2341.18 | ... Y20: =AX20+$BA20+$AZ20+$AY20 -> 1996.65 | AA20: 993 | AB20: 910.95 | AC20: 825.69 | AD20: 675.7 | AE20: 923.78 | AF20: 1030.17 | AG20: 1231.01 | AH20: 1550.35 | AI20: 1929.98 | AJ20: 2026.54 | AK20: 2025.75 | AL20: 2016.85 | AM20: 2007.32 | AN20: 2002.26 | AO20: 2014.13 | AP20: 2015.64 | AQ20: 2021.95 | AR20: 2057.87 | AS20: 2073.78 | AT20: 2046.37 | AU20: 2029.54 | AV20: 1927.44 | AW20: 1635.09 | AX20: 1205.82 | AY20: 784.22 | AZ20: 6.61
A21: 10 | B21: =AA21+$BA21+$AZ21+$AY21 -> 1816.97 | C21: =AB21+$BA21+$AZ21+$AY21 -> 1717.59 | D21: =AC21+$BA21+$AZ21+$AY21 -> 1665.98 | E21: =AD21+$BA21+$AZ21+$AY21 -> 1399.26 | F21: =AE21+$BA21+$AZ21+$AY21 -> 1714.83 | G21: =AF21+$BA21+$AZ21+$AY21 -> 1847.04 | H21: =AG21+$BA21+$AZ21+$AY21 -> 2075.72 | I21: =AH21+$BA21+$AZ21+$AY21 -> 2477.43 | ... Y21: =AX21+$BA21+$AZ21+$AY21 -> 1943.31 | AA21: 1026.14 | AB21: 926.76 | AC21: 875.15 | AD21: 608.43 | AE21: 924 | AF21: 1056.21 | AG21: 1284.89 | AH21: 1686.6 | AI21: 1942.81 | AJ21: 1993.8 | AK21: 2012.75 | AL21: 1997.44 | AM21: 1953.4 | AN21: 1966.9 | AO21: 1985.57 | AP21: 2001.39 | AQ21: 2014.65 | AR21: 2060.86 | AS21: 2079.31 | AT21: 2072.67 | AU21: 2040.51 | AV21: 1958.56 | AW21: 1413.3 | AX21: 1152.48 | AY21: 784.22 | AZ21: 6.61
A22: 11 | B22: =AA22+$BA22+$AZ22+$AY22 -> 1809.07 | C22: =AB22+$BA22+$AZ22+$AY22 -> 1721.45 | D22: =AC22+$BA22+$AZ22+$AY22 -> 1591.68 | E22: =AD22+$BA22+$AZ22+$AY22 -> 1360.74 | F22: =AE22+$BA22+$AZ22+$AY22 -> 1718.03 | G22: =AF22+$BA22+$AZ22+$AY22 -> 1892.73 | H22: =AG22+$BA22+$AZ22+$AY22 -> 2182.05 | I22: =AH22+$BA22+$AZ22+$AY22 -> 2630.14 | ... Y22: =AX22+$BA22+$AZ22+$AY22 -> 2037.98 | AA22: 1018.24 | AB22: 930.62 | AC22: 800.85 | AD22: 569.91 | AE22: 927.2 | AF22: 1101.9 | AG22: 1391.22 | AH22: 1839.31 | AI22: 2028.71 | AJ22: 2060.64 | AK22: 2057.47 | AL22: 2045.74 | AM22: 2014.51 | AN22: 2023.75 | AO22: 2029.07 | AP22: 2032.83 | AQ22: 2042.29 | AR22: 2080.12 | AS22: 2095.96 | AT22: 2072.28 | AU22: 2061.96 | AV22: 2025.81 | AW22: 1813.32 | AX22: 1247.15 | AY22: 784.22 | AZ22: 6.61
A23: 12 | B23: =AA23+$BA23+$AZ23+$AY23 -> 1893.82 | C23: =AB23+$BA23+$AZ23+$AY23 -> 1768.04 | D23: =AC23+$BA23+$AZ23+$AY23 -> 1718.76 | E23: =AD23+$BA23+$AZ23+$AY23 -> 1690.81 | F23: =AE23+$BA23+$AZ23+$AY23 -> 1713.49 | G23: =AF23+$BA23+$AZ23+$AY23 -> 1777.82 | H23: =AG23+$BA23+$AZ23+$AY23 -> 1894.9 | I23: =AH23+$BA23+$AZ23+$AY23 -> 2013.98 | ... Y23: =AX23+$BA23+$AZ23+$AY23 -> 2076.97 | AA23: 1102.99 | AB23: 977.21 | AC23: 927.93 | AD23: 899.98 | AE23: 922.66 | AF23: 986.99 | AG23: 1104.07 | AH23: 1223.15 | AI23: 1819.51 | AJ23: 1925.14 | AK23: 1940.98 | AL23: 1937.2 | AM23: 1922.13 | AN23: 1905.39 | AO23: 1915.93 | AP23: 1933.98 | AQ23: 1972.67 | AR23: 2039.58 | AS23: 2061.22 | AT23: 2043.48 | AU23: 1993.58 | AV23: 1950.92 | AW23: 1909.08 | AX23: 1286.14 | AY23: 784.22 | AZ23: 6.61
... A41: 30 | B41: =AA41+$BA41+$AZ41+$AY41 -> 1725.58 | C41: =AB41+$BA41+$AZ41+$AY41 -> 1620.44 | D41: =AC41+$BA41+$AZ41+$AY41 -> 1549.27 | E41: =AD41+$BA41+$AZ41+$AY41 -> 1520.44 | F41: =AE41+$BA41+$AZ41+$AY41 -> 1608.98 | G41: =AF41+$BA41+$AZ41+$AY41 -> 1800.44 | H41: =AG41+$BA41+$AZ41+$AY41 -> 1957.98 | I41: =AH41+$BA41+$AZ41+$AY41 -> 2279.58 | ... Y41: =AX41+$BA41+$AZ41+$AY41 -> 1804.78 | AA41: 934.75 | AB41: 829.61 | AC41: 758.44 | AD41: 729.61 | AE41: 818.15 | AF41: 1009.61 | AG41: 1167.15 | AH41: 1488.75 | AI41: 1862.46 | AJ41: 1909.87 | AK41: 1918.29 | AL41: 1897.85 | AM41: 1879.26 | AN41: 1879.17 | AO41: 1876.83 | AP41: 1910.8 | AQ41: 1908.73 | AR41: 1948.11 | AS41: 1922.77 | AT41: 1996.61 | AU41: 1904.71 | AV41: 1872.01 | AW41: 1728.77 | AX41: 1013.95 | AY41: 784.22 | AZ41: 6.61
A42: 31 | B42: =AA42+$BA42+$AZ42+$AY42 -> 0 | C42: =AB42+$BA42+$AZ42+$AY42 -> 0 | D42: =AC42+$BA42+$AZ42+$AY42 -> 0 | E42: =AD42+$BA42+$AZ42+$AY42 -> 0 | F42: =AE42+$BA42+$AZ42+$AY42 -> 0 | G42: =AF42+$BA42+$AZ42+$AY42 -> 0 | H42: =AG42+$BA42+$AZ42+$AY42 -> 0 | I42: =AH42+$BA42+$AZ42+$AY42 -> 0 | ... Y42: =AX42+$BA42+$AZ42+$AY42 -> 0 | AA42: 0 | AB42: 0 | AC42: 0 | AD42: 0 | AE42: 0 | AF42: 0 | AG42: 0 | AH42: 0 | AI42: 0 | AJ42: 0 | AK42: 0 | AL42: 0 | AM42: 0 | AN42: 0 | AO42: 0 | AP42: 0 | AQ42: 0 | AR42: 0 | AS42: 0 | AT42: 0 | AU42: 0 | AV42: 0 | AW42: 0 | AX42: 0 | AY42: 0 | AZ42: 0 | BA42: =IF(AW42>0,BA41,IF(AW42<0,0)) -> FALSE
B43: ПО УРОВНЯМ НАПРЯЖЕНИЯ | AA43: =SUM(AA12:AX42) -> 1106460.9
A44: Дата | B44: Ставка для фактических почасовых объемов покупки электрической энергии, отпущенных на уровне напряжения ВН по договору энергоснабжения | AA44: Структура нерегулируемой цены в соответствии с требованиями п.93 Основных положений функционирования розничных рынков электрической энергии, утвержденных Постановлением Правительства РФ от 04.05.2012 №442
B45: (рублей/МВт·ч без НДС) | AA45: Дифференцированная по часам расчетного периода нерегулируемая цена на электрическую энергию на оптовом рынке, определяемая коммерческим оператором оптового рынка по результатам конкурентного отбора ценовых заявок на сутки вперед , руб./МВт·ч без НДС | AY45: =AY9 -> Сбытовая надбавка | AZ45: Плата за иные услуги, оказание которых является неотъемлемой частью процесса поставки электрической энергии потребителям | BA45: Тарифы на услуги по передаче электрической энергии
B46: 0:00 - 1:00 | C46: 1:00 - 2:00 | D46: 2:00 - 3:00 | E46: 3:00 - 4:00 | F46: 4:00 - 5:00 | G46: 5:00- 6:00 | H46: 6:00 - 7:00 | I46: 7:00- 8:00 | J46: 8:00 - 9:00 | K46: 9:00 - 10:00 | L46: 10:00 - 11:00 | M46: 11:00 - 12:00 | N46: 12:00 - 13:00 | O46: 13:00 - 14:00 | P46: 14:00 - 15:00 | Q46: 15:00 - 16:00 | R46: 16:00 - 17:00 | S46: 17:00 -18:00 | T46: 18:00 - 19:00 | U46: 19:00 - 20:00 | V46: 20:00 - 21:00 | W46: 21:00 - 22:00 | X46: 22:00 - 23:00 | Y46: 23:00 - 24:00 | AA46: 0:00 - 1:00 | AB46: 1:00 - 2:00 | AC46: 2:00 - 3:00 | AD46: 3:00 - 4:00 | AE46: 4:00 - 5:00 | AF46: 5:00- 6:00 | AG46: 6:00 - 7:00 | AH46: 7:00- 8:00 | AI46: 8:00 - 9:00 | AJ46: 9:00 - 10:00 | AK46: 10:00 - 11:00 | AL46: 11:00 - 12:00 | AM46: 12:00 - 13:00 | AN46: 13:00 - 14:00 | AO46: 14:00 - 15:00 | AP46: 15:00 - 16:00 | AQ46: 16:00 - 17:00 | AR46: 17:00 -18:00 | AS46: 18:00 - 19:00 | AT46: 19:00 - 20:00 | AU46: 20:00 - 21:00 | AV46: 21:00 - 22:00 | AW46: 22:00 - 23:00 | AX46: 23:00 - 24:00 | BA46: ВН
A47: 1=2+3+4+5 | AA47: 2 | AY47: 3 | AZ47: 4 | BA47: 5
A48: 1 | B48: =AA48+$BA48+$AZ48+$AY48 -> 3156.82 | C48: =AB48+$BA48+$AZ48+$AY48 -> 3147.74 | D48: =AC48+$BA48+$AZ48+$AY48 -> 3115.56 | E48: =AD48+$BA48+$AZ48+$AY48 -> 2942.66 | F48: =AE48+$BA48+$AZ48+$AY48 -> 3139.88 | G48: =AF48+$BA48+$AZ48+$AY48 -> 3142.99 | H48: =AG48+$BA48+$AZ48+$AY48 -> 3915.38 | I48: =AH48+$BA48+$AZ48+$AY48 -> 4206.2 | ... Y48: =AX48+$BA48+$AZ48+$AY48 -> 3424.76 | AA48: 349.27 | AB48: 340.19 | AC48: 308.01 | AD48: 135.11 | AE48: 332.33 | AF48: 335.44 | AG48: 1107.83 | AH48: 1398.65 | AI48: 1518.93 | AJ48: 1582.11 | AK48: 1582.12 | AL48: 1572.22 | AM48: 1555.08 | AN48: 1552.38 | AO48: 1546 | AP48: 1504.52 | AQ48: 1508.08 | AR48: 1534.03 | AS48: 1846.28 | AT48: 1846.43 | AU48: 1854.04 | AV48: 1476.46 | AW48: 1197.66 | AX48: 617.21 | AY48: 784.22 | AZ48: 6.61 | BA48: 2016.72
A49: 2 | B49: =AA49+$BA49+$AZ49+$AY49 -> 3145.44 | C49: =AB49+$BA49+$AZ49+$AY49 -> 3092.74 | D49: =AC49+$BA49+$AZ49+$AY49 -> 2807.55 | E49: =AD49+$BA49+$AZ49+$AY49 -> 2807.55 | F49: =AE49+$BA49+$AZ49+$AY49 -> 2807.58 | G49: =AF49+$BA49+$AZ49+$AY49 -> 3128.61 | H49: =AG49+$BA49+$AZ49+$AY49 -> 3902.91 | I49: =AH49+$BA49+$AZ49+$AY49 -> 4229.45 | ... Y49: =AX49+$BA49+$AZ49+$AY49 -> 3898.53 | AA49: 337.89 | AB49: 285.19 | AC49: 0 | AD49: 0 | AE49: 0.03 | AF49: 321.06 | AG49: 1095.36 | AH49: 1421.9 | AI49: 1704.75 | AJ49: 1855.01 | AK49: 1858.7 | AL49: 1854.17 | AM49: 1842.36 | AN49: 1843.67 | AO49: 1847.24 | AP49: 1847.73 | AQ49: 1854.78 | AR49: 1913.04 | AS49: 1956.11 | AT49: 1952.65 | AU49: 1902.52 | AV49: 1880.27 | AW49: 1349.75 | AX49: 1090.98 | AY49: 784.22 | AZ49: 6.61 | BA49: 2016.72
A50: 3 | B50: =AA50+$BA50+$AZ50+$AY50 -> 3732.71 | C50: =AB50+$BA50+$AZ50+$AY50 -> 3377.65 | D50: =AC50+$BA50+$AZ50+$AY50 -> 3117.51 | E50: =AD50+$BA50+$AZ50+$AY50 -> 3084.7 | F50: =AE50+$BA50+$AZ50+$AY50 -> 3676.3 | G50: =AF50+$BA50+$AZ50+$AY50 -> 3779.34 | H50: =AG50+$BA50+$AZ50+$AY50 -> 4009.31 | I50: =AH50+$BA50+$AZ50+$AY50 -> 4330.94 | ... Y50: =AX50+$BA50+$AZ50+$AY50 -> 4137.86 | AA50: 925.16 | AB50: 570.1 | AC50: 309.96 | AD50: 277.15 | AE50: 868.75 | AF50: 971.79 | AG50: 1201.76 | AH50: 1523.39 | AI50: 1895.21 | AJ50: 1951.36 | AK50: 1958.83 | AL50: 1927.04 | AM50: 1905.57 | AN50: 1906.07 | AO50: 1907.09 | AP50: 1905.48 | AQ50: 1924.56 | AR50: 1993.7 | AS50: 2038.01 | AT50: 2067.29 | AU50: 2010.66 | AV50: 1983.97 | AW50: 1876.66 | AX50: 1330.31 | AY50: 784.22 | AZ50: 6.61 | BA50: 2016.72
A51: 4 | B51: =AA51+$BA51+$AZ51+$AY51 -> 4077 | C51: =AB51+$BA51+$AZ51+$AY51 -> 3921.84 | D51: =AC51+$BA51+$AZ51+$AY51 -> 3848 | E51: =AD51+$BA51+$AZ51+$AY51 -> 3797.73 | F51: =AE51+$BA51+$AZ51+$AY51 -> 3822.17 | G51: =AF51+$BA51+$AZ51+$AY51 -> 3915.34 | H51: =AG51+$BA51+$AZ51+$AY51 -> 4036.77 | I51: =AH51+$BA51+$AZ51+$AY51 -> 4150.05 | ... Y51: =AX51+$BA51+$AZ51+$AY51 -> 4124.83 | AA51: 1269.45 | AB51: 1114.29 | AC51: 1040.45 | AD51: 990.18 | AE51: 1014.62 | AF51: 1107.79 | AG51: 1229.22 | AH51: 1342.5 | AI51: 1836.93 | AJ51: 1892.68 | AK51: 1909.14 | AL51: 1897.4 | AM51: 1896.12 | AN51: 1882.65 | AO51: 1899.83 | AP51: 1912.37 | AQ51: 1936.21 | AR51: 2032.98 | AS51: 2045.59 | AT51: 2052.76 | AU51: 2037.52 | AV51: 1927.86 | AW51: 1846.79 | AX51: 1317.28 | AY51: 784.22 | AZ51: 6.61 | BA51: 2016.72
A52: 5 | B52: =AA52+$BA52+$AZ52+$AY52 -> 3993.29 | C52: =AB52+$BA52+$AZ52+$AY52 -> 3885.96 | D52: =AC52+$BA52+$AZ52+$AY52 -> 3836.29 | E52: =AD52+$BA52+$AZ52+$AY52 -> 3898.87 | F52: =AE52+$BA52+$AZ52+$AY52 -> 3922.16 | G52: =AF52+$BA52+$AZ52+$AY52 -> 4154.94 | H52: =AG52+$BA52+$AZ52+$AY52 -> 4122.15 | I52: =AH52+$BA52+$AZ52+$AY52 -> 4218.89 | ... Y52: =AX52+$BA52+$AZ52+$AY52 -> 4128.51 | AA52: 1185.74 | AB52: 1078.41 | AC52: 1028.74 | AD52: 1091.32 | AE52: 1114.61 | AF52: 1347.39 | AG52: 1314.6 | AH52: 1411.34 | AI52: 1798.74 | AJ52: 1844.16 | AK52: 1848.94 | AL52: 1851.66 | AM52: 1848.33 | AN52: 1844.77 | AO52: 1849.37 | AP52: 1849.08 | AQ52: 1862.74 | AR52: 1912.05 | AS52: 1921.74 | AT52: 1923.48 | AU52: 1898.74 | AV52: 1862.83 | AW52: 1745.73 | AX52: 1320.96 | AY52: 784.22 | AZ52: 6.61 | BA52: 2016.72
A53: 6 | B53: =AA53+$BA53+$AZ53+$AY53 -> 3911.3 | C53: =AB53+$BA53+$AZ53+$AY53 -> 3840.06 | D53: =AC53+$BA53+$AZ53+$AY53 -> 3785.37 | E53: =AD53+$BA53+$AZ53+$AY53 -> 3745.92 | F53: =AE53+$BA53+$AZ53+$AY53 -> 3754.18 | G53: =AF53+$BA53+$AZ53+$AY53 -> 3795 | H53: =AG53+$BA53+$AZ53+$AY53 -> 3830.69 | I53: =AH53+$BA53+$AZ53+$AY53 -> 3940.06 | ... Y53: =AX53+$BA53+$AZ53+$AY53 -> 4042.67 | AA53: 1103.75 | AB53: 1032.51 | AC53: 977.82 | AD53: 938.37 | AE53: 946.63 | AF53: 987.45 | AG53: 1023.14 | AH53: 1132.51 | AI53: 1327.91 | AJ53: 1789.16 | AK53: 1810.12 | AL53: 1807.68 | AM53: 1784.16 | AN53: 1777.29 | AO53: 1782.27 | AP53: 1788.21 | AQ53: 1811.65 | AR53: 1842.28 | AS53: 1854.35 | AT53: 1842.68 | AU53: 1839 | AV53: 1827.61 | AW53: 1345.49 | AX53: 1235.12 | AY53: 784.22 | AZ53: 6.61 | BA53: 2016.72
A54: 7 | B54: =AA54+$BA54+$AZ54+$AY54 -> 3803.48 | C54: =AB54+$BA54+$AZ54+$AY54 -> 3660.75 | D54: =AC54+$BA54+$AZ54+$AY54 -> 3658.32 | E54: =AD54+$BA54+$AZ54+$AY54 -> 3524.38 | F54: =AE54+$BA54+$AZ54+$AY54 -> 3717.51 | G54: =AF54+$BA54+$AZ54+$AY54 -> 3799.96 | H54: =AG54+$BA54+$AZ54+$AY54 -> 3930.79 | I54: =AH54+$BA54+$AZ54+$AY54 -> 4228.57 | ... Y54: =AX54+$BA54+$AZ54+$AY54 -> 3930.14 | AA54: 995.93 | AB54: 853.2 | AC54: 850.77 | AD54: 716.83 | AE54: 909.96 | AF54: 992.41 | AG54: 1123.24 | AH54: 1421.02 | AI54: 1837.12 | AJ54: 1906.06 | AK54: 1917.2 | AL54: 1898.14 | AM54: 1867.98 | AN54: 1878.65 | AO54: 1871.81 | AP54: 1881 | AQ54: 1897.93 | AR54: 1921.16 | AS54: 1948.46 | AT54: 1958.95 | AU54: 1898.53 | AV54: 1843.91 | AW54: 1355.49 | AX54: 1122.59 | AY54: 784.22 | AZ54: 6.61 | BA54: 2016.72
A55: 8 | B55: =AA55+$BA55+$AZ55+$AY55 -> 3760.12 | C55: =AB55+$BA55+$AZ55+$AY55 -> 3445.74 | D55: =AC55+$BA55+$AZ55+$AY55 -> 3388.74 | E55: =AD55+$BA55+$AZ55+$AY55 -> 3362.06 | F55: =AE55+$BA55+$AZ55+$AY55 -> 3662.2 | G55: =AF55+$BA55+$AZ55+$AY55 -> 3755.78 | H55: =AG55+$BA55+$AZ55+$AY55 -> 3937.23 | I55: =AH55+$BA55+$AZ55+$AY55 -> 4227.46 | ... Y55: =AX55+$BA55+$AZ55+$AY55 -> 3913.44 | AA55: 952.57 | AB55: 638.19 | AC55: 581.19 | AD55: 554.51 | AE55: 854.65 | AF55: 948.23 | AG55: 1129.68 | AH55: 1419.91 | AI55: 1837.37 | AJ55: 1902.29 | AK55: 1896.66 | AL55: 1879.62 | AM55: 1861.46 | AN55: 1874.19 | AO55: 1882.86 | AP55: 1891.57 | AQ55: 1898.59 | AR55: 1904.45 | AS55: 1932.24 | AT55: 1934.6 | AU55: 1876.53 | AV55: 1803.12 | AW55: 1317.19 | AX55: 1105.89 | AY55: 784.22 | AZ55: 6.61 | BA55: 2016.72
A56: 9 | B56: =AA56+$BA56+$AZ56+$AY56 -> 3800.55 | C56: =AB56+$BA56+$AZ56+$AY56 -> 3718.5 | D56: =AC56+$BA56+$AZ56+$AY56 -> 3633.24 | E56: =AD56+$BA56+$AZ56+$AY56 -> 3483.25 | F56: =AE56+$BA56+$AZ56+$AY56 -> 3731.33 | G56: =AF56+$BA56+$AZ56+$AY56 -> 3837.72 | H56: =AG56+$BA56+$AZ56+$AY56 -> 4038.56 | I56: =AH56+$BA56+$AZ56+$AY56 -> 4357.9 | ... Y56: =AX56+$BA56+$AZ56+$AY56 -> 4013.37 | AA56: 993 | AB56: 910.95 | AC56: 825.69 | AD56: 675.7 | AE56: 923.78 | AF56: 1030.17 | AG56: 1231.01 | AH56: 1550.35 | AI56: 1929.98 | AJ56: 2026.54 | AK56: 2025.75 | AL56: 2016.85 | AM56: 2007.32 | AN56: 2002.26 | AO56: 2014.13 | AP56: 2015.64 | AQ56: 2021.95 | AR56: 2057.87 | AS56: 2073.78 | AT56: 2046.37 | AU56: 2029.54 | AV56: 1927.44 | AW56: 1635.09 | AX56: 1205.82 | AY56: 784.22 | AZ56: 6.61 | BA56: 2016.72
A57: 10 | B57: =AA57+$BA57+$AZ57+$AY57 -> 3833.69 | C57: =AB57+$BA57+$AZ57+$AY57 -> 3734.31 | D57: =AC57+$BA57+$AZ57+$AY57 -> 3682.7 | E57: =AD57+$BA57+$AZ57+$AY57 -> 3415.98 | F57: =AE57+$BA57+$AZ57+$AY57 -> 3731.55 | G57: =AF57+$BA57+$AZ57+$AY57 -> 3863.76 | H57: =AG57+$BA57+$AZ57+$AY57 -> 4092.44 | I57: =AH57+$BA57+$AZ57+$AY57 -> 4494.15 | ... Y57: =AX57+$BA57+$AZ57+$AY57 -> 3960.03 | AA57: 1026.14 | AB57: 926.76 | AC57: 875.15 | AD57: 608.43 | AE57: 924 | AF57: 1056.21 | AG57: 1284.89 | AH57: 1686.6 | AI57: 1942.81 | AJ57: 1993.8 | AK57: 2012.75 | AL57: 1997.44 | AM57: 1953.4 | AN57: 1966.9 | AO57: 1985.57 | AP57: 2001.39 | AQ57: 2014.65 | AR57: 2060.86 | AS57: 2079.31 | AT57: 2072.67 | AU57: 2040.51 | AV57: 1958.56 | AW57: 1413.3 | AX57: 1152.48 | AY57: 784.22 | AZ57: 6.61 | BA57: 2016.72
A58: 11 | B58: =AA58+$BA58+$AZ58+$AY58 -> 3825.79 | C58: =AB58+$BA58+$AZ58+$AY58 -> 3738.17 | D58: =AC58+$BA58+$AZ58+$AY58 -> 3608.4 | E58: =AD58+$BA58+$AZ58+$AY58 -> 3377.46 | F58: =AE58+$BA58+$AZ58+$AY58 -> 3734.75 | G58: =AF58+$BA58+$AZ58+$AY58 -> 3909.45 | H58: =AG58+$BA58+$AZ58+$AY58 -> 4198.77 | I58: =AH58+$BA58+$AZ58+$AY58 -> 4646.86 | ... Y58: =AX58+$BA58+$AZ58+$AY58 -> 4054.7 | AA58: 1018.24 | AB58: 930.62 | AC58: 800.85 | AD58: 569.91 | AE58: 927.2 | AF58: 1101.9 | AG58: 1391.22 | AH58: 1839.31 | AI58: 2028.71 | AJ58: 2060.64 | AK58: 2057.47 | AL58: 2045.74 | AM58: 2014.51 | AN58: 2023.75 | AO58: 2029.07 | AP58: 2032.83 | AQ58: 2042.29 | AR58: 2080.12 | AS58: 2095.96 | AT58: 2072.28 | AU58: 2061.96 | AV58: 2025.81 | AW58: 1813.32 | AX58: 1247.15 | AY58: 784.22 | AZ58: 6.61 | BA58: 2016.72
A59: 12 | B59: =AA59+$BA59+$AZ59+$AY59 -> 3910.54 | C59: =AB59+$BA59+$AZ59+$AY59 -> 3784.76 | D59: =AC59+$BA59+$AZ59+$AY59 -> 3735.48 | E59: =AD59+$BA59+$AZ59+$AY59 -> 3707.53 | F59: =AE59+$BA59+$AZ59+$AY59 -> 3730.21 | G59: =AF59+$BA59+$AZ59+$AY59 -> 3794.54 | H59: =AG59+$BA59+$AZ59+$AY59 -> 3911.62 | I59: =AH59+$BA59+$AZ59+$AY59 -> 4030.7 | ... Y59: =AX59+$BA59+$AZ59+$AY59 -> 4093.69 | AA59: 1102.99 | AB59: 977.21 | AC59: 927.93 | AD59: 899.98 | AE59: 922.66 | AF59: 986.99 | AG59: 1104.07 | AH59: 1223.15 | AI59: 1819.51 | AJ59: 1925.14 | AK59: 1940.98 | AL59: 1937.2 | AM59: 1922.13 | AN59: 1905.39 | AO59: 1915.93 | AP59: 1933.98 | AQ59: 1972.67 | AR59: 2039.58 | AS59: 2061.22 | AT59: 2043.48 | AU59: 1993.58 | AV59: 1950.92 | AW59: 1909.08 | AX59: 1286.14 | AY59: 784.22 | AZ59: 6.61 | BA59: 2016.72
... A77: 30 | B77: =AA77+$BA77+$AZ77+$AY77 -> 3742.3 | C77: =AB77+$BA77+$AZ77+$AY77 -> 3637.16 | D77: =AC77+$BA77+$AZ77+$AY77 -> 3565.99 | E77: =AD77+$BA77+$AZ77+$AY77 -> 3537.16 | F77: =AE77+$BA77+$AZ77+$AY77 -> 3625.7 | G77: =AF77+$BA77+$AZ77+$AY77 -> 3817.16 | H77: =AG77+$BA77+$AZ77+$AY77 -> 3974.7 | I77: =AH77+$BA77+$AZ77+$AY77 -> 4296.3 | ... Y77: =AX77+$BA77+$AZ77+$AY77 -> 3821.5 | AA77: 934.75 | AB77: 829.61 | AC77: 758.44 | AD77: 729.61 | AE77: 818.15 | AF77: 1009.61 | AG77: 1167.15 | AH77: 1488.75 | AI77: 1862.46 | AJ77: 1909.87 | AK77: 1918.29 | AL77: 1897.85 | AM77: 1879.26 | AN77: 1879.17 | AO77: 1876.83 | AP77: 1910.8 | AQ77: 1908.73 | AR77: 1948.11 | AS77: 1922.77 | AT77: 1996.61 | AU77: 1904.71 | AV77: 1872.01 | AW77: 1728.77 | AX77: 1013.95 | AY77: 784.22 | AZ77: 6.61 | BA77: 2016.72
A78: 31 | B78: =AA78+$BA78+$AZ78+$AY78 -> 0 | C78: =AB78+$BA78+$AZ78+$AY78 -> 0 | D78: =AC78+$BA78+$AZ78+$AY78 -> 0 | E78: =AD78+$BA78+$AZ78+$AY78 -> 0 | F78: =AE78+$BA78+$AZ78+$AY78 -> 0 | G78: =AF78+$BA78+$AZ78+$AY78 -> 0 | H78: =AG78+$BA78+$AZ78+$AY78 -> 0 | I78: =AH78+$BA78+$AZ78+$AY78 -> 0 | ... Y78: =AX78+$BA78+$AZ78+$AY78 -> 0 | AA78: 0 | AB78: 0 | AC78: 0 | AD78: 0 | AE78: 0 | AF78: 0 | AG78: 0 | AH78: 0 | AI78: 0 | AJ78: 0 | AK78: 0 | AL78: 0 | AM78: 0 | AN78: 0 | AO78: 0 | AP78: 0 | AQ78: 0 | AR78: 0 | AS78: 0 | AT78: 0 | AU78: 0 | AV78: 0 | AW78: 0 | AX78: 0 | AY78: 0 | AZ78: 0
AA79: =SUM(AA48:AX78) -> 1106460.9
A80: Дата | B80: Ставка для фактических почасовых объемов покупки электрической энергии, отпущенных на уровне напряжения ГН по договору энергоснабжения | AA80: Структура нерегулируемой цены в соответствии с требованиями п.93 Основных положений функционирования розничных рынков электрической энергии, утвержденных Постановлением Правительства РФ от 04.05.2012 №442
B81: (рублей/МВт·ч без НДС) | AA81: Дифференцированная по часам расчетного периода нерегулируемая цена на электрическую энергию на оптовом рынке, определяемая коммерческим оператором оптового рынка по результатам конкурентного отбора ценовых заявок на сутки вперед , руб./МВт·ч без НДС | AY81: =AY45 -> Сбытовая надбавка | AZ81: Плата за иные услуги, оказание которых является неотъемлемой частью процесса поставки электрической энергии потребителям (п.9(1) Постановления Правительства РФ от 29.12.2011 г. N 1179) | BA81: =BA45 -> Тарифы на услуги по передаче электрической энергии
B82: 0:00 - 1:00 | C82: 1:00 - 2:00 | D82: 2:00 - 3:00 | E82: 3:00 - 4:00 | F82: 4:00 - 5:00 | G82: 5:00- 6:00 | H82: 6:00 - 7:00 | I82: 7:00- 8:00 | J82: 8:00 - 9:00 | K82: 9:00 - 10:00 | L82: 10:00 - 11:00 | M82: 11:00 - 12:00 | N82: 12:00 - 13:00 | O82: 13:00 - 14:00 | P82: 14:00 - 15:00 | Q82: 15:00 - 16:00 | R82: 16:00 - 17:00 | S82: 17:00 -18:00 | T82: 18:00 - 19:00 | U82: 19:00 - 20:00 | V82: 20:00 - 21:00 | W82: 21:00 - 22:00 | X82: 22:00 - 23:00 | Y82: 23:00 - 24:00 | AA82: 0:00 - 1:00 | AB82: 1:00 - 2:00 | AC82: 2:00 - 3:00 | AD82: 3:00 - 4:00 | AE82: 4:00 - 5:00 | AF82: 5:00- 6:00 | AG82: 6:00 - 7:00 | AH82: 7:00- 8:00 | AI82: 8:00 - 9:00 | AJ82: 9:00 - 10:00 | AK82: 10:00 - 11:00 | AL82: 11:00 - 12:00 | AM82: 12:00 - 13:00 | AN82: 13:00 - 14:00 | AO82: 14:00 - 15:00 | AP82: 15:00 - 16:00 | AQ82: 16:00 - 17:00 | AR82: 17:00 -18:00 | AS82: 18:00 - 19:00 | AT82: 19:00 - 20:00 | AU82: 20:00 - 21:00 | AV82: 21:00 - 22:00 | AW82: 22:00 - 23:00 | AX82: 23:00 - 24:00 | BA82: ГН
A83: 1=2+3+4+5 | AA83: 2 | AY83: 3 | AZ83: 4 | BA83: 5
A84: 1 | B84: =AA84+$BA84+$AZ84+$AY84 -> 1140.1 | C84: =AB84+$BA84+$AZ84+$AY84 -> 1131.02 | D84: =AC84+$BA84+$AZ84+$AY84 -> 1098.84 | E84: =AD84+$BA84+$AZ84+$AY84 -> 925.94 | F84: =AE84+$BA84+$AZ84+$AY84 -> 1123.16 | G84: =AF84+$BA84+$AZ84+$AY84 -> 1126.27 | H84: =AG84+$BA84+$AZ84+$AY84 -> 1898.66 | I84: =AH84+$BA84+$AZ84+$AY84 -> 2189.48 | ... Y84: =AX84+$BA84+$AZ84+$AY84 -> 1408.04 | AA84: 349.27 | AB84: 340.19 | AC84: 308.01 | AD84: 135.11 | AE84: 332.33 | AF84: 335.44 | AG84: 1107.83 | AH84: 1398.65 | AI84: 1518.93 | AJ84: 1582.11 | AK84: 1582.12 | AL84: 1572.22 | AM84: 1555.08 | AN84: 1552.38 | AO84: 1546 | AP84: 1504.52 | AQ84: 1508.08 | AR84: 1534.03 | AS84: 1846.28 | AT84: 1846.43 | AU84: 1854.04 | AV84: 1476.46 | AW84: 1197.66 | AX84: 617.21 | AY84: 784.22 | AZ84: 6.61 | BA84: 0
A85: 2 | B85: =AA85+$BA85+$AZ85+$AY85 -> 1128.72 | C85: =AB85+$BA85+$AZ85+$AY85 -> 1076.02 | D85: =AC85+$BA85+$AZ85+$AY85 -> 790.83 | E85: =AD85+$BA85+$AZ85+$AY85 -> 790.83 | F85: =AE85+$BA85+$AZ85+$AY85 -> 790.86 | G85: =AF85+$BA85+$AZ85+$AY85 -> 1111.89 | H85: =AG85+$BA85+$AZ85+$AY85 -> 1886.19 | I85: =AH85+$BA85+$AZ85+$AY85 -> 2212.73 | ... Y85: =AX85+$BA85+$AZ85+$AY85 -> 1881.81 | AA85: 337.89 | AB85: 285.19 | AC85: 0 | AD85: 0 | AE85: 0.03 | AF85: 321.06 | AG85: 1095.36 | AH85: 1421.9 | AI85: 1704.75 | AJ85: 1855.01 | AK85: 1858.7 | AL85: 1854.17 | AM85: 1842.36 | AN85: 1843.67 | AO85: 1847.24 | AP85: 1847.73 | AQ85: 1854.78 | AR85: 1913.04 | AS85: 1956.11 | AT85: 1952.65 | AU85: 1902.52 | AV85: 1880.27 | AW85: 1349.75 | AX85: 1090.98 | AY85: 784.22 | AZ85: 6.61 | BA85: 0
A86: 3 | B86: =AA86+$BA86+$AZ86+$AY86 -> 1715.99 | C86: =AB86+$BA86+$AZ86+$AY86 -> 1360.93 | D86: =AC86+$BA86+$AZ86+$AY86 -> 1100.79 | E86: =AD86+$BA86+$AZ86+$AY86 -> 1067.98 | F86: =AE86+$BA86+$AZ86+$AY86 -> 1659.58 | G86: =AF86+$BA86+$AZ86+$AY86 -> 1762.62 | H86: =AG86+$BA86+$AZ86+$AY86 -> 1992.59 | I86: =AH86+$BA86+$AZ86+$AY86 -> 2314.22 | ... Y86: =AX86+$BA86+$AZ86+$AY86 -> 2121.14 | AA86: 925.16 | AB86: 570.1 | AC86: 309.96 | AD86: 277.15 | AE86: 868.75 | AF86: 971.79 | AG86: 1201.76 | AH86: 1523.39 | AI86: 1895.21 | AJ86: 1951.36 | AK86: 1958.83 | AL86: 1927.04 | AM86: 1905.57 | AN86: 1906.07 | AO86: 1907.09 | AP86: 1905.48 | AQ86: 1924.56 | AR86: 1993.7 | AS86: 2038.01 | AT86: 2067.29 | AU86: 2010.66 | AV86: 1983.97 | AW86: 1876.66 | AX86: 1330.31 | AY86: 784.22 | AZ86: 6.61 | BA86: 0
A87: 4 | B87: =AA87+$BA87+$AZ87+$AY87 -> 2060.28 | C87: =AB87+$BA87+$AZ87+$AY87 -> 1905.12 | D87: =AC87+$BA87+$AZ87+$AY87 -> 1831.28 | E87: =AD87+$BA87+$AZ87+$AY87 -> 1781.01 | F87: =AE87+$BA87+$AZ87+$AY87 -> 1805.45 | G87: =AF87+$BA87+$AZ87+$AY87 -> 1898.62 | H87: =AG87+$BA87+$AZ87+$AY87 -> 2020.05 | I87: =AH87+$BA87+$AZ87+$AY87 -> 2133.33 | ... Y87: =AX87+$BA87+$AZ87+$AY87 -> 2108.11 | AA87: 1269.45 | AB87: 1114.29 | AC87: 1040.45 | AD87: 990.18 | AE87: 1014.62 | AF87: 1107.79 | AG87: 1229.22 | AH87: 1342.5 | AI87: 1836.93 | AJ87: 1892.68 | AK87: 1909.14 | AL87: 1897.4 | AM87: 1896.12 | AN87: 1882.65 | AO87: 1899.83 | AP87: 1912.37 | AQ87: 1936.21 | AR87: 2032.98 | AS87: 2045.59 | AT87: 2052.76 | AU87: 2037.52 | AV87: 1927.86 | AW87: 1846.79 | AX87: 1317.28 | AY87: 784.22 | AZ87: 6.61 | BA87: 0
A88: 5 | B88: =AA88+$BA88+$AZ88+$AY88 -> 1976.57 | C88: =AB88+$BA88+$AZ88+$AY88 -> 1869.24 | D88: =AC88+$BA88+$AZ88+$AY88 -> 1819.57 | E88: =AD88+$BA88+$AZ88+$AY88 -> 1882.15 | F88: =AE88+$BA88+$AZ88+$AY88 -> 1905.44 | G88: =AF88+$BA88+$AZ88+$AY88 -> 2138.22 | H88: =AG88+$BA88+$AZ88+$AY88 -> 2105.43 | I88: =AH88+$BA88+$AZ88+$AY88 -> 2202.17 | ... Y88: =AX88+$BA88+$AZ88+$AY88 -> 2111.79 | AA88: 1185.74 | AB88: 1078.41 | AC88: 1028.74 | AD88: 1091.32 | AE88: 1114.61 | AF88: 1347.39 | AG88: 1314.6 | AH88: 1411.34 | AI88: 1798.74 | AJ88: 1844.16 | AK88: 1848.94 | AL88: 1851.66 | AM88: 1848.33 | AN88: 1844.77 | AO88: 1849.37 | AP88: 1849.08 | AQ88: 1862.74 | AR88: 1912.05 | AS88: 1921.74 | AT88: 1923.48 | AU88: 1898.74 | AV88: 1862.83 | AW88: 1745.73 | AX88: 1320.96 | AY88: 784.22 | AZ88: 6.61 | BA88: 0
A89: 6 | B89: =AA89+$BA89+$AZ89+$AY89 -> 1894.58 | C89: =AB89+$BA89+$AZ89+$AY89 -> 1823.34 | D89: =AC89+$BA89+$AZ89+$AY89 -> 1768.65 | E89: =AD89+$BA89+$AZ89+$AY89 -> 1729.2 | F89: =AE89+$BA89+$AZ89+$AY89 -> 1737.46 | G89: =AF89+$BA89+$AZ89+$AY89 -> 1778.28 | H89: =AG89+$BA89+$AZ89+$AY89 -> 1813.97 | I89: =AH89+$BA89+$AZ89+$AY89 -> 1923.34 | ... Y89: =AX89+$BA89+$AZ89+$AY89 -> 2025.95 | AA89: 1103.75 | AB89: 1032.51 | AC89: 977.82 | AD89: 938.37 | AE89: 946.63 | AF89: 987.45 | AG89: 1023.14 | AH89: 1132.51 | AI89: 1327.91 | AJ89: 1789.16 | AK89: 1810.12 | AL89: 1807.68 | AM89: 1784.16 | AN89: 1777.29 | AO89: 1782.27 | AP89: 1788.21 | AQ89: 1811.65 | AR89: 1842.28 | AS89: 1854.35 | AT89: 1842.68 | AU89: 1839 | AV89: 1827.61 | AW89: 1345.49 | AX89: 1235.12 | AY89: 784.22 | AZ89: 6.61 | BA89: 0
A90: 7 | B90: =AA90+$BA90+$AZ90+$AY90 -> 1786.76 | C90: =AB90+$BA90+$AZ90+$AY90 -> 1644.03 | D90: =AC90+$BA90+$AZ90+$AY90 -> 1641.6 | E90: =AD90+$BA90+$AZ90+$AY90 -> 1507.66 | F90: =AE90+$BA90+$AZ90+$AY90 -> 1700.79 | G90: =AF90+$BA90+$AZ90+$AY90 -> 1783.24 | H90: =AG90+$BA90+$AZ90+$AY90 -> 1914.07 | I90: =AH90+$BA90+$AZ90+$AY90 -> 2211.85 | ... Y90: =AX90+$BA90+$AZ90+$AY90 -> 1913.42 | AA90: 995.93 | AB90: 853.2 | AC90: 850.77 | AD90: 716.83 | AE90: 909.96 | AF90: 992.41 | AG90: 1123.24 | AH90: 1421.02 | AI90: 1837.12 | AJ90: 1906.06 | AK90: 1917.2 | AL90: 1898.14 | AM90: 1867.98 | AN90: 1878.65 | AO90: 1871.81 | AP90: 1881 | AQ90: 1897.93 | AR90: 1921.16 | AS90: 1948.46 | AT90: 1958.95 | AU90: 1898.53 | AV90: 1843.91 | AW90: 1355.49 | AX90: 1122.59 | AY90: 784.22 | AZ90: 6.61 | BA90: 0
A91: 8 | B91: =AA91+$BA91+$AZ91+$AY91 -> 1743.4 | C91: =AB91+$BA91+$AZ91+$AY91 -> 1429.02 | D91: =AC91+$BA91+$AZ91+$AY91 -> 1372.02 | E91: =AD91+$BA91+$AZ91+$AY91 -> 1345.34 | F91: =AE91+$BA91+$AZ91+$AY91 -> 1645.48 | G91: =AF91+$BA91+$AZ91+$AY91 -> 1739.06 | H91: =AG91+$BA91+$AZ91+$AY91 -> 1920.51 | I91: =AH91+$BA91+$AZ91+$AY91 -> 2210.74 | ... Y91: =AX91+$BA91+$AZ91+$AY91 -> 1896.72 | AA91: 952.57 | AB91: 638.19 | AC91: 581.19 | AD91: 554.51 | AE91: 854.65 | AF91: 948.23 | AG91: 1129.68 | AH91: 1419.91 | AI91: 1837.37 | AJ91: 1902.29 | AK91: 1896.66 | AL91: 1879.62 | AM91: 1861.46 | AN91: 1874.19 | AO91: 1882.86 | AP91: 1891.57 | AQ91: 1898.59 | AR91: 1904.45 | AS91: 1932.24 | AT91: 1934.6 | AU91: 1876.53 | AV91: 1803.12 | AW91: 1317.19 | AX91: 1105.89 | AY91: 784.22 | AZ91: 6.61 | BA91: 0
A92: 9 | B92: =AA92+$BA92+$AZ92+$AY92 -> 1783.83 | C92: =AB92+$BA92+$AZ92+$AY92 -> 1701.78 | D92: =AC92+$BA92+$AZ92+$AY92 -> 1616.52 | E92: =AD92+$BA92+$AZ92+$AY92 -> 1466.53 | F92: =AE92+$BA92+$AZ92+$AY92 -> 1714.61 | G92: =AF92+$BA92+$AZ92+$AY92 -> 1821 | H92: =AG92+$BA92+$AZ92+$AY92 -> 2021.84 | I92: =AH92+$BA92+$AZ92+$AY92 -> 2341.18 | ... Y92: =AX92+$BA92+$AZ92+$AY92 -> 1996.65 | AA92: 993 | AB92: 910.95 | AC92: 825.69 | AD92: 675.7 | AE92: 923.78 | AF92: 1030.17 | AG92: 1231.01 | AH92: 1550.35 | AI92: 1929.98 | AJ92: 2026.54 | AK92: 2025.75 | AL92: 2016.85 | AM92: 2007.32 | AN92: 2002.26 | AO92: 2014.13 | AP92: 2015.64 | AQ92: 2021.95 | AR92: 2057.87 | AS92: 2073.78 | AT92: 2046.37 | AU92: 2029.54 | AV92: 1927.44 | AW92: 1635.09 | AX92: 1205.82 | AY92: 784.22 | AZ92: 6.61 | BA92: 0
A93: 10 | B93: =AA93+$BA93+$AZ93+$AY93 -> 1816.97 | C93: =AB93+$BA93+$AZ93+$AY93 -> 1717.59 | D93: =AC93+$BA93+$AZ93+$AY93 -> 1665.98 | E93: =AD93+$BA93+$AZ93+$AY93 -> 1399.26 | F93: =AE93+$BA93+$AZ93+$AY93 -> 1714.83 | G93: =AF93+$BA93+$AZ93+$AY93 -> 1847.04 | H93: =AG93+$BA93+$AZ93+$AY93 -> 2075.72 | I93: =AH93+$BA93+$AZ93+$AY93 -> 2477.43 | ... Y93: =AX93+$BA93+$AZ93+$AY93 -> 1943.31 | AA93: 1026.14 | AB93: 926.76 | AC93: 875.15 | AD93: 608.43 | AE93: 924 | AF93: 1056.21 | AG93: 1284.89 | AH93: 1686.6 | AI93: 1942.81 | AJ93: 1993.8 | AK93: 2012.75 | AL93: 1997.44 | AM93: 1953.4 | AN93: 1966.9 | AO93: 1985.57 | AP93: 2001.39 | AQ93: 2014.65 | AR93: 2060.86 | AS93: 2079.31 | AT93: 2072.67 | AU93: 2040.51 | AV93: 1958.56 | AW93: 1413.3 | AX93: 1152.48 | AY93: 784.22 | AZ93: 6.61 | BA93: 0
